Workbook

Sheet 0 - Criterios
D3: FORMA | F3: MAPA DE RIESGOS DE GESTIÓN | N3: CÓDIGO | P3: DEST-F-001
D4: ACTIVIDAD | F4: GESTIÓN DE RIESGOS Y OPORTUNIDADES | N4: VERSIÓN | P4: 4
D5: PROCESO | F5: DIRECCIONAMIENTO ESTRATÉGICO | N5: FECHA | P5: 44636
B6: CRITERIOS PARA LA METODOLOGÍA DE ADMINISTRACIÓN DE RIESGOS DE GESTIÓN EN LA AGENCIA NACIONAL DE TIERRAS
B7: La presente Forma se debe usar como instrumento que facilita la sistematización de la información resultante de implementar el procedimiento DEST-P-001 ADMINISTRACIÓN DE RIESGOS DE GESTIÓN, cuyo objetivo es evaluar y tratar los riesgos de gestión que pueden afectar el logro de los objetivos de procesos y planes establecidos por la Dirección General para el cumplimiento de las funciones asignadas a la Agencia Nacional de Tierras.
C9: MAPA DE CALOR | K9: IMPACTO | M9: PROBABILIDAD | O9: NIVEL
C10: Probabilidad | D10: Muy Alta | K10: Catastrófico 100% | M10: Muy Alta 100% | O10: EXTREMO
D11: Alta | K11: Catastrófico 100% | M11: Alta 80% | O11: EXTREMO
D12: Media | K12: Catastrófico 100% | M12: Media 60% | O12: EXTREMO
D13: Baja | K13: Catastrófico 100% | M13: Baja 40% | O13: EXTREMO
D14: Muy Baja | K14: Catastrófico 100% | M14: Muy Baja 20% | O14: EXTREMO
E15: Leve 20% | F15: Menor 40% | G15: Moderado 60% | H15: Mayor 80% | I15: Catastrófico 100% | K15: Mayor 80% | M15: Muy Alta 100% | O15: ALTO
E16: Impacto | K16: Mayor 80% | M16: Alta 80% | O16: ALTO
K17: Mayor 80% | M17: Media 60% | O17: ALTO
C18: CLASIFICACIÓN DE RIESGOS | K18: Mayor 80% | M18: Baja 40% | O18: ALTO
C19: Ejecución y administración de procesos | D19: Pérdidas derivadas de errores en la ejecución y administración de procesos. | K19: Mayor 80% | M19: Muy Baja 20% | O19: ALTO
C20: Relaciones laborales | D20: Pérdidas que surgen de acciones contrarias a las leyes o acuerdos de empleo, salud o seguridad, del pago de demandas por daños personales o de discriminación. | K20: Moderado 60% | M20: Muy Alta 100% | O20: ALTO
C21: Usuarios, productos y prácticas | D21: Fallas negligentes o involuntarias de las obligaciones frente a los usuarios y que impiden satisfacer una obligación profesional frente a éstos. | K21: Moderado 60% | M21: Alta 80% | O21: ALTO
C22: Daños a activos fijos/ eventos externos | D22: Pérdida por daños o extravíos de los activos fijos por desastres naturales u otros riesgos/eventos externos como atentados, vandalismo, orden público. | K22: Moderado 60% | M22: Media 60% | O22: MODERADO
K23: Moderado 60% | M23: Baja 40% | O23: MODERADO
C24: Fraude externo | D24: Pérdida derivada de actos de fraude por personas ajenas a la organización (no participa personal de la entidad). | K24: Moderado 60% | M24: Muy Baja 20% | O24: MODERADO
C25: Fraude interno | D25: Pérdida debido a actos de fraude, actuaciones irregulares, comisión de hechos delictivos abuso de confianza, apropiación indebida, incumplimiento de regulaciones legales o internas de la entidad en las cuales está involucrado por lo menos 1 participante interno de la organización, son realizadas de forma intencional y/o con ánimo de lucro para sí mismo o para terceros. | K25: Menor 40% | M25: Muy Alta 100% | O25: ALTO
K26: Menor 40% | M26: Alta 80% | O26: MODERADO
C27: Fallas tecnológicas | D27: Errores en hardware, software, telecomunicaciones, interrupción de servicios básicos. | K27: Menor 40% | M27: Media 60% | O27: MODERADO
K28: Menor 40% | M28: Baja 40% | O28: MODERADO
K29: Menor 40% | M29: Muy Baja 20% | O29: BAJO
F30: ATRIBUTOS DE EFICIENCIA | K30: Leve 20% | M30: Muy Alta 100% | O30: ALTO
C31: ESTADO PLAN DE ACCIÓN | F31: TIPO DE CONTROLES | G31: PUNTAJE (PESO) | H31: IMPLEMENTACIÓN | I31: PUNTAJE (PESO) | K31: Leve 20% | M31: Alta 80% | O31: MODERADO
C32: En curso | F32: Preventivo | G32: 0.25 | H32: Automático | I32: 0.25 | K32: Leve 20% | M32: Media 60% | O32: MODERADO
C33: Finalizado | F33: Detectivo | G33: 0.15 | H33: Manual | I33: 0.15 | K33: Leve 20% | M33: Baja 40% | O33: BAJO
C34: Incumplido | F34: Correctivo | G34: 0.1 | K34: Leve 20% | M34: Muy Baja 20% | O34: BAJO
C36: Nivel del Mapa de Calor
D37: Extremo | F37: ATRIBUTOS DE INFORMACIÓN | K37: IDENTIFICACIÓN DEL IMPACTO | L37: AFECTACIÓN
D38: Alto | F38: DOCUMENTACIÓN | G38: FRECUENCIA | H38: EVIDENCIA | K38: afectación económica | L38: Probabilidad
D39: Moderado | F39: Documentado | G39: Continua | H39: Con Registro | K39: pérdida reputacional | L39: Impacto
D40: Bajo | F40: Sin Documentar | G40: Aleatoria | H40: Sin Registro
B42: MATRICES PARA VALORACIÓN DEL IMPACTO Y PROBABILIDAD DEL RIESGO DE GESTIÓN
C44: NIVELES PARA CALIFICAR EL IMPACTO | K44: NIVELES PARA CALIFICAR FRECUENCIA (PROBABILIDAD)
C45: Nivel | D45: Afectación Económica | F45: Pérdida Reputacional | K45: Nivel | L45: Probabilidad | M45: Frecuencia de la Acción
C46: Leve 20% | D46: Afectación menor a 10 SMLMV | F46: El riesgo afecta la imagen de algún área de la organización | K46: Muy Baja | L46: 0.2 | M46: La acción que conlleva el riesgo se ejecute como máximo 2 veces por año
C47: Menor 40% | D47: Entre 10 y menor a 50 SMLMV | F47: El riesgo afecta la imagen de la entidad internamente, de conocimiento general nivel interno, de junta directiva y accionas y/o de proveedores | K47: Baja | L47: 0.4 | M47: La acción que conlleva el riesgo se ejecute de 3 a 24 veces por año
C48: Moderado 60% | D48: Entre 50 y menor a 100 SMLMV | F48: El riesgo afecta la imagen de la entidad con algunos usuarios de relevancia frente al de los de los objetivos | K48: Media | L48: 0.6 | M48: La acción que conlleva el riesgo se ejecute de 25 a 500 veces por año
C49: Mayor 80% | D49: Entre 100 y menor a 500 SMLMV | F49: El riesgo afecta la imagen de la entidad con efecto publicitario sosteniendo a nivel de sector administrativo, nivel departamental o municipal | K49: Alta | L49: 0.8 | M49: La acción que conlleva el riesgo se ejecute de mínimo 501 veces al año y máximo 5000 veces por año
C50: Catastrófico 100% | D50: Desde los 500 SMLMV | F50: El riesgo afecta la imagen de la entidad a nivel nacional, con efecto publicitario sostenido a nivel país | K50: Muy Alta | L50: 1 | M50: La acción que conlleva el riesgo se ejecute más de 5000 veces por año
C52: Tratamiento del Riesgo | O52: Anexo 1 . Tipo de solicitud de modificación
C53: Tratamiento | D53: Descripción | H53: Aplicación | O53: INCLUSIÓN
C54: Aceptar | D54: No se adopta ninguna medida que afecte la probabilidad o el impacto del riesgo. (Ningún riesgo de corrupción podrá ser aceptado). | H54: Aplicar para riesgos inherentes y residuales en la zona de calificación de riesgo bajo. | O54: ELIMINACIÓN
C55: Reducir | D55: Se adoptan medidas para reducir la probabilidad o el impacto del riesgo, o ambos; por lo general conlleva a la implementación de controles. | H55: Aplica para riesgos residuales moderados, altos y extremos que pueden ser administrado mediante el diseño de nuevos controles o el fortalecimiento de los controles existentes, de modo que en el futuro el riesgo residual se pueda reevaluar como aceptable. | O55: ACTUALIZACIÓN
C56: Evitar | D56: Se abandonan las actividades que dan lugar al riesgo, es decir, no iniciar o no continuar con la actividad que lo provoca. | H56: Cuando los escenarios de riesgo identificado se consideran demasiado extremos y las actividades no están establecidas por la ley.
C57: Compartir | D57: Se reduce la probabilidad o el impacto del riesgo transfiriendo o compartiendo una parte de este. Los riesgos de corrupción se pueden compartir pero no se puede transferir su responsabilidad. | H57: Cuando es muy difícil reducir el riesgo a un nivel aceptable o se carece de conocimientos necesarios para gestionarlo, este puede ser compartido con otra parte interesada que pueda gestionarlo con más eficacia, generalmente por medio de seguros o de tercerización.

Sheet 1 - Política
C3: FORMA | D3: MAPA DE RIESGOS DE GESTIÓN | F3: CÓDIGO | G3: DEST-F-001
C4: ACTIVIDAD | D4: GESTIÓN DE RIESGOS Y OPORTUNIDADES | F4: VERSIÓN | G4: 4
C5: PROCESO | D5: DIRECCIONAMIENTO ESTRATÉGICO | F5: FECHA | G5: 44636
B6: POLÍTICA DE ADMINISTRACIÓN DE RIESGO
B7: La entidad formaliza la política y los instrumentos metodológicos para lograr una adecuada gestión de sus riesgos, en concordancia a lo establecido en del Modelo Estándar de Control Interno - MECI y el marco legal que lo soporta.
B8: La versión completa de la POLÍTICA DE ADMINISTRACIÓN DEL RIESGO puede ser consulta en la siguiente URL:
B10: Intención global de la Política | C10: La Agencia Nacional de Tierras, está comprometida con la gestión efectiva y transparente de sus actividades y las acciones de control, monitoreo, seguimiento y evaluación necesarias, para mitigar los eventos de riesgos que puedan incumplir su misión y objetivos institucionales, así como la desviación de la gestión pública para beneficio de particulares.
B11: Alineación de la Política con los objetivos estratégicos | C11: La Política de Administración del Riesgo está alineada con la planeación estratégica, identificando los posibles riesgos que pueden impedir el cumplimiento de los objetivos y metas institucionales; esto a su vez le permitirá a la Alta Dirección, reorientar la política y estrategias para la gestión del riesgo, desplegando hacia los procesos, la emisión de lineamientos para identificar en el paso a paso de los procedimientos, los posibles puntos críticos que puedan convertirse en factores de riesgo.
B12: Objetivo | C12: La presente política tiene como finalidad establecer los lineamientos para la Administración de Riesgos en la Agencia Nacional de Tierras, a partir de los cuales se definirán los procedimientos y mecanismos de verificación y evaluación encaminados a la búsqueda de la eficiencia, eficacia y transparencia de los procesos.
B13: Alcance | C13: Esta política cubre los riesgos propios de los procesos y actividades desarrolladas al interior de la ANT, en donde se hace necesario el entendimiento, compromiso y disposición de todas las dependencias y personal de la Entidad, independiente de su nivel jerárquico, función o localización.
B14: Esquema de líneas de defensa | C14: Línea Estratégica: define el marco general para la Administración del riesgo, controla y supervisa su cumplimiento. Está a cargo de la Dirección General, del Comité de Coordinación del Sistema de Control Interno y del Comité Institucional de Gestión y Desempeño, como se describe a continuación: Dirección General: Aprobar la Política de Riesgos de la Entidad y sus modificaciones en el marco de las sesiones del Comité Institucional de Coordinación de Control Interno. Dirigir el Sistema de Control Interno de la Agencia y apoyar el desarrollo y sostenimiento del Sistema Integrado de Gestión Institucional. Comité Institucional de Coordinación de Control Interno: Someter a aprobación del representante legal la política de Administración del Riesgo y hacer seguimiento, en especial a la prevención y detección de fraude y mala conducta; en el marco de la evaluación y fortalecimiento del Sistema de Control Interno. Comité Institucional de Gestión y Desempeño: Aprobar, hacer seguimiento y asegurar la implementación y operación del Modelo Estándar de Control Interno – MECI; en el marco de la administración del Modelo Integrado de Planeación y Gestión – MIPG. Primera línea de defensa: realiza el control y administración del riesgo mediante su identificación, análisis, valoración, monitoreo e implementación de acciones de mejora. Está a cargo de los jefes de oficinas, directores técnicos, subdirectores y líderes de los equipos, procesos, programas y proyectos de la entidad. Dependencias y equipos de trabajo: en los niveles central y territorial (UGT), los funcionarios, contratistas y otros colaboradores son responsables de sus actividades cumpliendo a cabalidad lo establecido en los procedimientos documentados, así como de monitorear, detectar y reportar oportunamente la materialización de sus riesgos. Adicionalmente, los jefes de oficinas, directores técnicos, subdirectores y líderes de los equipos, son responsables de orientar y supervisar la adecuada ejecución de las actividades de control, el desarrollo e implementación de políticas y procedimientos internos, a cargo de sus equipos de trabajo, así mismo asegurar que sean compatibles con las metas y objetivos de la entidad y promover las acciones de mejoramiento correspondientes. Segunda línea de defensa: asegura que los controles y los procesos de gestión de riesgos implementados por la primera línea de defensa estén diseñados apropiadamente y funcionen como se pretende. Está a cargo de los servidores que tienen responsabilidades directas en la administración del riesgo, como el jefe de la Oficina de Planeación, el jefe de la Oficina del Inspector de la Gestión de Tierras, el Subdirector de Sistemas de Información de Tierras, los líderes de planes transversales, los coordinadores de otros sistemas de gestión de la entidad, Comités de contratación, entre otros. Oficina de Planeación: Elaborar la propuesta de la política, establecer el procedimiento y los instrumentos para la Administración del riesgo; coordinar su implementación e informa al menos una vez al año a la Línea estratégica sobre los principales riesgos de la Entidad y los planes de tratamiento adoptados. Oficina Inspector de la Gestión de Tierras: Monitorear el cumplimiento de la estrategia definida para la gestión del riesgo de corrupción, proponer mecanismos de mejora; informa a la Presidencia de la República y a la Dirección General sobre el cumplimiento de la política y del procedimiento de gestión de riesgos y oportunidades enfocado al plan anticorrupción y de atención al ciudadano. Subdirección de Sistemas de Información de Tierras: Monitorear el cumplimiento de los planes y procedimientos definidos para la administración de los riesgos de seguridad de la información, como trabajo preliminar e insumo para la formulación de los Planes Institucionales Transversales: Plan Estratégico de Tecnologías de la Información y las Comunicaciones PETI Plan de Tratamiento de Riesgos de Seguridad y Privacidad de la Información Plan de Seguridad y Privacidad de la Información Tercera línea de defensa: proporciona el aseguramiento de los riesgos basado en la auditoría interna, y su alcance de independencia es más amplio porque sus reportes se dirigen a la Dirección de la ANT y Organismos de Control del Estado. Oficina de Control Interno: ejerciendo un rol de tercera línea de defensa, la Oficina de Control Interno, con independencia verifica y evalúa la funcionalidad, operatividad, alcance y aplicación del modelo de gestión de riesgos.
B15: Procedimiento | C15: La Agencia Nacional de Tierras posee elementos metodológicos como política, procedimientos, formas, instrumentos e instructivos para guiar a sus dependencias en la identificación, análisis y valoración de los riesgos que pueden afectar el desempeño de los procesos y planes; orienta también en el establecimiento y aplicación de controles que funcionan antes, durante o incluso después de finalizadas las tareas operativas cotidianas. La Agencia Nacional de Tierras cuenta con el procedimiento documentado DEST-P-001 ADMINISTRACIÓN DE RIESGOS DE GESTIÓN, cuyo objetivo es determinar los fundamentos y las tareas para facilitar la evaluación y el tratamiento de los riesgos de gestión que pueden afectar el logro de los objetivos de procesos y planes establecidos por la Dirección General para el cumplimiento de las funciones asignadas a la Entidad.
B16: Contexto estratégico de la organización | C16: Para interpretar la actualización de los riesgos de gestión, la Oficina de Planeación ha puesto a disposición de las dependencias el instrumento: DEST-F-001 MAPA DE RIESGOS DE GESTIÓN, que en la hoja No. 2, CONTEXTO, presenta una forma que orienta las reflexiones hacia el contexto específico de la entidad facilitando la identificación de los riesgos y su análisis ajustado a las influencias internas y externas.
B17: Tratamiento de riesgos | C17: Es la respuesta establecida por la primera línea de defensa para la mitigación de los diferentes riesgos, incluyendo aquellos relacionados con la corrupción y seguridad de la información. En lo correspondiente a las categorías de tratamiento del riesgo, la Agencia Nacional de Tierras adoptará los lineamientos metodológicos dispuestos por las autoridades administrativas competentes, los cuales serán confirmados según corresponda en el proceso de formulación o modificación al Mapa de Riesgos. Aceptar, Reducir, Evitar y Compartir
B18: Niveles de aceptación del riesgo | C18: Con relación a los riesgos de gestión, la Agencia Nacional de Tierras acepta solamente los riesgos residuales en el nivel de exposición de riesgo "Bajo". En estos casos, no será necesaria la formulación de acciones preventivas para el diseño o fortalecimiento de controles. Con relación a los riesgos de corrupción en la Agencia Nacional de Tierras, estos se consideran inaceptables, reafirmando el compromiso de “cero tolerancia” frente al fraude y cualquier otro acto de corrupción en concordancia con lo dispuesto en la política de transparencia y anticorrupción de la ANT. Por lo anterior, frente a los riesgos de corrupción se dispone como opción de tratamiento preferente la de “REDUCIR”, implementando actividades de control para mitigar el riesgo disminuyendo su probabilidad, su impacto o ambos.
B19: Niveles para calificar el riesgo, probabilidad e impacto | C19: En lo correspondiente a los niveles para la calificación de los diferentes tipos de riesgos y la valoración de su probabilidad e impacto, la Agencia Nacional de Tierras adoptará los lineamientos metodológicos dispuestos por las autoridades administrativas competentes, los cuales serán informados según corresponda en el proceso de formulación o modificación al Mapa de Riesgos.

Sheet 2 - Contexto
C2: FORMA | D2: MAPA DE RIESGOS DE GESTIÓN | E2: CÓDIGO | F2: DEST-F-001
C3: ACTIVIDAD | D3: GESTIÓN DE RIESGOS Y OPORTUNIDADES | E3: VERSIÓN | F3: 4
C4: PROCESO | D4: DIRECCIONAMIENTO ESTRATÉGICO | E4: FECHA | F4: 44636
B5: CONTEXTO
B6: Como herramienta básica para el análisis del contexto del proceso, se sugiere utilizar las caracterizaciones de estos, donde es posible contar con este panorama.
B7: ANÁLISIS DEL CONTEXTO INSTITUCIONAL
B8: CONTEXTO EXTERNO | C8: POLÍTICOS: cambios de gobierno, legislación, políticas públicas, regulación. | D8: 1. Las ideologías y conceptos en temas de tierras entre las ramas ejecutivas y legislativa del poder público en Colombia 2. Las observaciones y/o comentarios de grupos económicos (gremios, etc.) en las determinaciones que en materia de tierras y de reforma agraria, deba tomar las autoridades legislativas 3. Influencia de actores externos (ciudadanía, grupos políticos, agremiaciones, entre otros) en las determinaciones de la Entidad.
C9: ECONÓMICOS Y FINANCIEROS: disponibilidad de capital, liquidez, mercados financieros, desempleo, competencia. | D9: 1. Presupuesto asignado por parte del Gobierno Nacional, para compras de predios para atender la alta demanda de tierras de las comunidades rurales. 2. La gran inversión que debería asignarse para cubrir gran parte del territorio y hacer presencia institucional (distancias, topografías, medios de transporte, etc.) 3. Concentración en la ejecución de recursos, en ciertas regiones del País, para adjudicación de tierras y proyectos productivos. 4. Influencia de actores externos (ciudadanía, grupos políticos, agremiaciones, entre otros) en la determinación de recursos para la Entidad.
C10: SOCIALES Y CULTURALES: demografía, responsabilidad social, orden público. | D10: 1. Las políticas con Enfoque Diferencial definidas por el Estado 2. Las exigencias de los grupos étnicos y comunidades campesinas en materia de adjudicación de tierras 3. Influencia de actores externos (ciudadanía, grupos políticos, agremiaciones, entre otros) para el cumplimiento de compromisos sociales por parte del Estado
C11: TECNOLÓGICOS: avances en tecnología, acceso a sistemas de información externos, gobierno en línea. | D11: 1. Avances tecnológicos del mercado en material rural para asuntos relacionados con mediciones y demás acciones 2. Las normas que en materia digital ha venido implementando el Estado Colombiano, que favorecen al sector rural colombiano 3. Por mejorar el uso en las herramientas tecnológicas de los pobladores rurales y cobertura de red por parte del Estado
C12: AMBIENTALES: emisiones y residuos, energía, catástrofes naturales, desarrollo sostenible. | D12: 1. Las políticas y normas sobre cambios de uso o usos indebidos a los suelos rurales 2. Las afectaciones al suelo rural por la deforestación, minería ilegal, ganadería no controlada y cultivos ilícitos 3. La aplicación de fungicidas y herbicidas en fumigaciones, sean de tipo legal (prevención de siembras ilícitas) o ilegal (para siembras de cultivos ilícitos), que afectan ostensiblemente el suelo rural.
C13: LEGALES Y REGLAMENTARIOS: Normatividad externa (leyes, decretos, ordenanzas y acuerdos). | D13: 1. Las limitaciones, que de tipo legal, existentes relacionada con los usos del suelo rural. 2. Los frecuentes cambios normativos, en materia de desarrollo rural y de reforma agraria. 3. Prevalencia de intereses personales o de pequeños grupos económicos en materia de legislación rural.
B14: CONTEXTO INTERNO | C14: FINANCIEROS: presupuesto de funcionamiento, recursos de inversión, infraestructura, capacidad instalada. | D14: 1. Presupuesto asignado para compras de predios y poder atender la alta demanda en tierras de las comunidades rurales 2. La gran inversión que debería asignarse para visitar gran parte del territorio nacional y hacer presencia institucional (distancias, topográficas, transporte, etc.) 3. Presupuesto asignado para el funcionamiento de la entidad
C15: PERSONAL: competencia del personal, disponibilidad del personal, seguridad y salud ocupacional. | D15: 1. Variación de funciones según las calidades, cualidades, competencias y experiencia en temas rurales de los funcionarios, contratistas y otros colaboradores 2. La distribución diferenciada de funcionarios, en las dependencias, contratistas y planta, según competencias 3. Capacitaciones frecuentes a funcionarios, contratistas y otros colaboradores sobre el funcionamiento general de la entidad 4. Diferencia en la toma de decisiones objetivas por los funcionarios, contratistas y otros colaboradores 5. Comunicación constante a funcionarios, contratistas y otros colaboradores de la importancia de la Seguridad y Salud en el trabajo 6. Mejorar la asistencia de funcionarios, contratistas y otros colaboradores en jornadas de capacitación, como en eventos masivos que se programan
C16: PROCESOS: capacidad, diseño, ejecución, proveedores, entradas, salidas, gestión del conocimiento. | D16: 1. Mapa de procesos estructurado 2. Caracterizaciones y Procedimientos generados según la necesidad operativa de la Entidad 3. Dispersión entre dependencias en las toma de decisiones, en materia de procesos y procedimientos
C17: TECNOLOGÍA: integridad de datos, disponibilidad de datos y sistemas, desarrollo, producción, mantenimiento de sistemas de información. | D17: 1. Se cuenta con plataformas tecnológicas, ágiles y de fácil acceso, al servicio de los pobladores rurales (FISO) y grupos de interés 2. Mejorar la unificación de los datos tecnológicos para presentar los avances en la gestión institucional entre dependencias 3. Continua capacitación a las dependencias en las fortalezas de las herramientas tecnológicas existentes
C18: ESTRATÉGICOS: direccionamiento estratégico, planeación institucional, liderazgo, trabajo en equipo. | D18: 1. La ANT cuenta con una serie de documentos que definen su estructura legal, contexto y actuación a corto, mediano y largo plazo 2. Sus planes, programas y proyectos son revisados y ajustados con frecuencia, acordes con las exigencias del contexto, sea éste interno o externo 3. Su actuación está orientada a responder las exigencias de los Planes de Desarrollo Nacional, las normatividades de Sector Agricultura, y su propia estructura, misión y visión. 4. Mejorar la coordinación entre dependencias, para el logro de los objetivos de planes, programas y proyectos.
C19: COMUNICACIÓN INTERNA: canales utilizados y su efectividad, flujo de la información necesaria para el desarrollo de las operaciones. | D19: 1. Existencia de varios canales informativos y de comunicación internos que se actualizan con frecuencia 2. Mejorar la fluidez en la información interna por medio de canales informativos y de comunicación 3. Progresar en la coordinación y receptividad entre dependencias, para una comunicación ágil y fluida 4. Se generan nuevas y más ágiles estrategias de comunicación e información.

Sheet 3 - Identificación del Riesgo
C2: FORMA | D2: MAPA DE RIESGOS DE GESTIÓN | N2: CÓDIGO | O2: DEST-F-001
C3: ACTIVIDAD | D3: GESTIÓN DE RIESGOS Y OPORTUNIDADES | N3: VERSIÓN | O3: 4
C4: PROCESO | D4: DIRECCIONAMIENTO ESTRATÉGICO | N4: FECHA | O4: 44636
B5: IDENTIFICACIÓN DEL RIESGO
B6: Definición de Riesgo: Efecto que se causa sobre los objetivos de las entidades, debido a eventos potenciales. (Guía para la administración del riesgo y diseño de controles en entidades públicas -versión 5 -, DAFP)
B7: FICHA DE IDENTIFICACIÓN DEL RIESGO
B8: PROCESO | C8: OBJETIVO DEL PROCESO | D8: DEL PROCESO | E8: ¿CUÁL ES LA ACTIVIDAD O ACTIVIDADES DEL PROCESO EN LA QUE SE IDENTIFICA EL RIESGO? | F8: RESPONSABLE DE LA ACTIVIDAD Responsable del Riesgo Responsable en la coordinación de la actividad y que si es compartida, se coloca el que mayor responsabilidad institucional tiene en su función. Basándose en la caracterización del proceso | G8: NÚMERO DE RIESGO | H8: NOMBRE DEL RIESGO | I8: IMPACTO DEL RIESGO ¿QUÉ? El área de impacto es la consecuencia económica o reputacional a la cual se ve expuesta la organización en caso de materializarse un riesgo. Los impactos que aplican son afectación económica (o presupuestal) y reputacional. Las consecuencias que puede ocasionar a la organización la materialización del riesgo. | J8: DESCRIPCIÓN DEL RIESGO Debe contener todos los detalles que sean necesarios y que sea fácil de entender tanto para el líder del proceso como para personas ajenas al proceso. Se propone una estructura que facilita su redacción y claridad que inicia con la frase "POSIBILIDAD DE" y unir con conectores la redacción ¿CÓMO SUCEDE EL IMPACTO?: ¿qué consecuencia tiene?; Causa inmediata: circunstancia o situación más evidente sobre las cuales se presenta el riesgo, la misma no constituyen la causa principal o base para que se presente el riesgo. ¿PORQUÉ OCURRE? :Causa raíz: es la causa principal o básica, corresponde a las razón (es) por la cual se puede presentar el riesgo, es la base para la definición de los controles en la etapa de valoración del riesgo. | K8: TIPO DE RIESGO Se escoge el tipo de riesgo determinado con la metodología anterior, en caso de ser un nuevo riesgo, escoger el tipo con base a las descripciones presentadas a continuación: Estratégicos: Posibilidad de ocurrencia de eventos que afecten los objetivos estratégicos de la organización pública y por tanto impactan toda la entidad Gerenciales: Posibilidad de ocurrencia de eventos que afecten los procesos gerenciales y/o la alta dirección Operativos: Posibilidad de ocurrencia de eventos que afecten los procesos misionales de la entidad Financieros: Posibilidad de ocurrencia de eventos que afecten los estados financieros y todas aquellas áreas involucradas con el proceso financiero como presupuesto, tesorería, contabilidad, cartera, central de cuentas, costos, etc. Tecnológicos: Posibilidad de ocurrencia de eventos que afecten la totalidad o parte de la infraestructura tecnológica (hardware, software, redes, etc.) de una entidad. De Cumplimiento: Posibilidad de ocurrencia de eventos que afecten la situación jurídica o contractual de la organización debido a su incumplimiento o desacato a la normatividad legal y las obligaciones contractuales De imagen: Posibilidad de ocurrencia de un evento que afecte la imagen, buen nombre o reputación de una organización ante sus clientes y partes interesadas Satisfacción del cliente: Posibilidad de ocurrencia de un servicio o producto afecte la integridad, bienestar o seguridad de un cliente o usuario | L8: OBJETIVO (S) ESTRATÉGICO (S) RELACIONADO (S) Se relaciona el riesgo con el objetivo estratégico del Plan Estratégico Institucional 2022-2025, analizando si el riesgo identificado se puede relacionar con algún de los cinco objetivos específicos, si en caso dado, aplica a más de uno, se escoge el que mayor incidencia tenga: Plan Estratégico Institucional ANT 2022-2025, con los siguientes objetivos específicos: 1. Articular el acceso a tierras y la formalización masiva con la implementación del Catastro Multipropósito. 2. Optimizar la priorización y focalización de las intervenciones en materia de formalización masiva y el acceso a tierras a sujetos de ordenamiento. 3. Mejorar la articulación con los grupos de interés. 4. Mejorar y mantener la cultura corporativa orientada a la creación constante de valor público. 5. Optimizar la plataforma tecnológica, interoperabilidad y gestión de la información. | M8: PLAN DE ACCIÓN Se relaciona el riesgo con el Plan o Planes de Acción del año vigente que tenga incidencia: 1. Implementación del ordenamiento social de la propiedad rural a nivel nacional. 2. Implementación del programa de formalización de tierras y fomento al desarrollo rural para comunidades indígenas a nivel nacional 3. Implementación del programa de formalización de tierras y fomento al desarrollo rural para comunidades negras a nivel nacional 4. Fortalecimiento gestión integral del fondo documental de la agencia nacional de tierras 5. Adecuación y mejoramiento de la infraestructura física de la agencia nacional de tierras a nivel nacional 6. Fortalecimiento del proceso de desarrollo y gestión de la arquitectura empresarial institucional nacional 7. Mejoramiento capacidad de gestión administrativa de la agencia nacional de tierras nacional | N8: CLASIFICACIÓN DEL RIESGO Se escoge la clasificación del riesgo que más incidencia tenga el riesgo identificado: Ejecución y administración de procesos: Pérdidas derivadas de errores en la ejecución y administración de procesos. Relaciones laborales: Pérdidas que surgen de acciones contrarias a las leyes o acuerdos de empleo, salud o seguridad, del pago de demandas por daños personales o de discriminación. Usuarios, productos y prácticas: Fallas negligentes o involuntarias de las obligaciones frente a los usuarios y que impiden satisfacer una obligación profesional frente a éstos. Daños a activos fijos/ eventos externos: Pérdida por daños o extravíos de los activos fijos por desastres naturales u otros riesgos/eventos externos como atentados, vandalismo, orden público. | O8: FECHA DE CREACIÓN O ACTUALIZACIÓN DEL RIESGO
B9: DIRECCIONAMIENTO ESTRATÉGICO | C9: Establecer los lineamientos estratégicos y el esquema de operación de la Agencia Nacional de Tierras, asegurando la disponibilidad de los recursos necesarios para su aplicación | D9: Desde la comprensión del contexto interno y externo, hasta la formulación de Planes, programas y proyectos relacionados con el cumplimiento de las funciones de la entidad | E9: PLANEACIÓN ESTRATÉGICA INSTITUCIONAL | F9: OFICINA DE PLANEACIÓN | G9: R 1 | H9: Aprobar planes no pertinentes a la entidad | I9: Afectación Económica o presupuestal | J9: Posibilidad de afectación económica por multa del ente de control debido al desconocimiento y/o interpretación inadecuada de la política pública para el sector rural, del contexto, del entorno y de la situación de la Agencia y de la normativa vigente relacionada con la Agencia | K9: ESTRATÉGICOS | M9: 6. Fortalecimiento del proceso de desarrollo y gestión de la arquitectura empresarial institucional nacional 7. Mejoramiento capacidad de gestión administrativa de la agencia nacional de tierras nacional | N9: Ejecución y administración de procesos | O9: 44701
B10: DIRECCIONAMIENTO ESTRATÉGICO | C10: Establecer los lineamientos estratégicos y el esquema de operación de la Agencia Nacional de Tierras, asegurando la disponibilidad de los recursos necesarios para su aplicación | D10: Desde la comprensión del contexto interno y externo, hasta la formulación de Planes, programas y proyectos relacionados con el cumplimiento de las funciones de la entidad | E10: PLANEACIÓN ESTRATÉGICA INSTITUCIONAL | F10: OFICINA DE PLANEACIÓN | G10: R 1 | H10: Aprobar planes no pertinentes a la entidad | I10: Afectación Económica o presupuestal | J10: Posibilidad de afectación económica por multa del ente de control debido al desconocimiento y/o interpretación inadecuada de la política pública para el sector rural, del contexto, del entorno y de la situación de la Agencia y de la normativa vigente relacionada con la Agencia | K10: ESTRATÉGICOS | M10: 6. Fortalecimiento del proceso de desarrollo y gestión de la arquitectura empresarial institucional nacional 7. Mejoramiento capacidad de gestión administrativa de la agencia nacional de tierras nacional | N10: Ejecución y administración de procesos | O10: 44701
B11: DIRECCIONAMIENTO ESTRATÉGICO | C11: Establecer los lineamientos estratégicos y el esquema de operación de la Agencia Nacional de Tierras, asegurando la disponibilidad de los recursos necesarios para su aplicación | D11: Desde la comprensión del contexto interno y externo, hasta la formulación de Planes, programas y proyectos relacionados con el cumplimiento de las funciones de la entidad | E11: FORMULACIÓN DE PROYECTOS DE INVERSIÓN | F11: OFICINA DE PLANEACIÓN | G11: R 2 | H11: Inscribir proyectos de inversión no adecuados a las necesidades de la entidad | I11: Afectación Económica o presupuestal | J11: Posibilidad de afectación económica por multa del ente de control debido al desconocimiento de los cambios en las normas y procesos de Min Hacienda y DNP relacionados con la planeación presupuestal, del MADR relacionados con parámetros sectoriales para la presentación de proyectos, desconocimiento del procedimiento y de los instrumentos establecidos en la ANT para la formulación de proyectos de inversión por parte de las dependencias y desarticulación de las metas e indicadores del proyecto con las metas e indicadores del PND y Plan Marco de Implementación | K11: GERENCIALES | M11: 6. Fortalecimiento del proceso de desarrollo y gestión de la arquitectura empresarial institucional nacional 7. Mejoramiento capacidad de gestión administrativa de la agencia nacional de tierras nacional | N11: Ejecución y administración de procesos | O11: 44701
B12: DIRECCIONAMIENTO ESTRATÉGICO | C12: Establecer los lineamientos estratégicos y el esquema de operación de la Agencia Nacional de Tierras, asegurando la disponibilidad de los recursos necesarios para su aplicación | D12: Desde la comprensión del contexto interno y externo, hasta la formulación de Planes, programas y proyectos relacionados con el cumplimiento de las funciones de la entidad | E12: FORMULACIÓN DE PROYECTOS DE INVERSIÓN | F12: OFICINA DE PLANEACIÓN | G12: R 2 | H12: Inscribir proyectos de inversión no adecuados a las necesidades de la entidad | I12: Afectación Económica o presupuestal | J12: Posibilidad de afectación económica por multa del ente de control debido al desconocimiento de los cambios en las normas y procesos de Min Hacienda y DNP relacionados con la planeación presupuestal, del MADR relacionados con parámetros sectoriales para la presentación de proyectos, desconocimiento del procedimiento y de los instrumentos establecidos en la ANT para la formulación de proyectos de inversión por parte de las dependencias y desarticulación de las metas e indicadores del proyecto con las metas e indicadores del PND y Plan Marco de Implementación | K12: GERENCIALES | M12: 6. Fortalecimiento del proceso de desarrollo y gestión de la arquitectura empresarial institucional nacional 7. Mejoramiento capacidad de gestión administrativa de la agencia nacional de tierras nacional | N12: =+N11 -> Ejecución y administración de procesos | O12: 44701
B13: DIRECCIONAMIENTO ESTRATÉGICO | C13: Establecer los lineamientos estratégicos y el esquema de operación de la Agencia Nacional de Tierras, asegurando la disponibilidad de los recursos necesarios para su aplicación | D13: Desde la comprensión del contexto interno y externo, hasta la formulación de Planes, programas y proyectos relacionados con el cumplimiento de las funciones de la entidad | E13: FORMULACIÓN DE PROYECTOS DE INVERSIÓN | F13: OFICINA DE PLANEACIÓN | G13: R 2 | H13: Inscribir proyectos de inversión no adecuados a las necesidades de la entidad | I13: Afectación Económica o presupuestal | J13: Posibilidad de afectación económica por multa del ente de control debido al desconocimiento de los cambios en las normas y procesos de Min Hacienda y DNP relacionados con la planeación presupuestal, del MADR relacionados con parámetros sectoriales para la presentación de proyectos, desconocimiento del procedimiento y de los instrumentos establecidos en la ANT para la formulación de proyectos de inversión por parte de las dependencias y desarticulación de las metas e indicadores del proyecto con las metas e indicadores del PND y Plan Marco de Implementación | K13: GERENCIALES | M13: 6. Fortalecimiento del proceso de desarrollo y gestión de la arquitectura empresarial institucional nacional 7. Mejoramiento capacidad de gestión administrativa de la agencia nacional de tierras nacional | N13: =+N12 -> Ejecución y administración de procesos | O13: 44701
B14: DIRECCIONAMIENTO ESTRATÉGICO | C14: Establecer los lineamientos estratégicos y el esquema de operación de la Agencia Nacional de Tierras, asegurando la disponibilidad de los recursos necesarios para su aplicación | D14: Desde la comprensión del contexto interno y externo, hasta la formulación de Planes, programas y proyectos relacionados con el cumplimiento de las funciones de la entidad | E14: FORMULACIÓN DEL PLAN DE ACCIÓN ANUAL | F14: OFICINA DE PLANEACIÓN | G14: R 3 | H14: Planeación inoportuna de cada vigencia | I14: Pérdida Reputacional | J14: Posibilidad de pérdida reputacional en la imagen institucional por falta de coordinación de la Oficina de Planeación con los responsables de la planeación en cada dependencia, generando documentación de referencia desactualizada, herramientas tecnológicas inadecuadas y diferencia en las interpretaciones de lineamientos; transmitiéndose en el retraso de las metas, compromisos institucionales y la ejecución de los proyectos | K14: GERENCIALES | M14: 6. Fortalecimiento del proceso de desarrollo y gestión de la arquitectura empresarial institucional nacional 7. Mejoramiento capacidad de gestión administrativa de la agencia nacional de tierras nacional | N14: Ejecución y administración de procesos | O14: 44701
B15: DIRECCIONAMIENTO ESTRATÉGICO | C15: Establecer los lineamientos estratégicos y el esquema de operación de la Agencia Nacional de Tierras, asegurando la disponibilidad de los recursos necesarios para su aplicación | D15: Desde la comprensión del contexto interno y externo, hasta la formulación de Planes, programas y proyectos relacionados con el cumplimiento de las funciones de la entidad | E15: FORMULACIÓN DEL PLAN DE ACCIÓN ANUAL | F15: OFICINA DE PLANEACIÓN | G15: R 3 | H15: Planeación inoportuna de cada vigencia | I15: Pérdida Reputacional | J15: Posibilidad de pérdida reputacional en la imagen institucional por falta de coordinación de la Oficina de Planeación con los responsables de la planeación en cada dependencia, generando documentación de referencia desactualizada, herramientas tecnológicas inadecuadas y diferencia en las interpretaciones de lineamientos; transmitiéndose en el retraso de las metas, compromisos institucionales y la ejecución de los proyectos | K15: GERENCIALES | M15: 6. Fortalecimiento del proceso de desarrollo y gestión de la arquitectura empresarial institucional nacional 7. Mejoramiento capacidad de gestión administrativa de la agencia nacional de tierras nacional | N15: =+N14 -> Ejecución y administración de procesos | O15: 44701
B16: DIRECCIONAMIENTO ESTRATÉGICO | C16: Establecer los lineamientos estratégicos y el esquema de operación de la Agencia Nacional de Tierras, asegurando la disponibilidad de los recursos necesarios para su aplicación | D16: Desde la comprensión del contexto interno y externo, hasta la formulación de Planes, programas y proyectos relacionados con el cumplimiento de las funciones de la entidad | E16: ADMINISTRACIÓN DE INDICADORES | F16: OFICINA DE PLANEACIÓN | G16: R 4 | H16: Reporte de información no pertinente a las necesidades de la Dirección General | I16: Pérdida Reputacional | J16: Posibilidad de pérdida reputacional en la imagen institucional debido al desconocimiento de las dependencias en la metodología, roles, responsabilidades y los criterios explícitos para reporte de indicadores, y además tener los Sistemas de información no unificados | K16: GERENCIALES | L16: 5. Optimizar la plataforma tecnológica, interoperabilidad y gestión de la información. | M16: 6. Fortalecimiento del proceso de desarrollo y gestión de la arquitectura empresarial institucional nacional 7. Mejoramiento capacidad de gestión administrativa de la agencia nacional de tierras nacional | N16: Ejecución y administración de procesos | O16: 44701
B17: DIRECCIONAMIENTO ESTRATÉGICO | C17: Establecer los lineamientos estratégicos y el esquema de operación de la Agencia Nacional de Tierras, asegurando la disponibilidad de los recursos necesarios para su aplicación | D17: Desde la comprensión del contexto interno y externo, hasta la formulación de Planes, programas y proyectos relacionados con el cumplimiento de las funciones de la entidad | E17: ADMINISTRACIÓN DE INDICADORES | F17: OFICINA DE PLANEACIÓN | G17: R 4 | H17: Reporte de información no pertinente a las necesidades de la Dirección General | I17: Pérdida Reputacional | J17: Posibilidad de pérdida reputacional en la imagen institucional debido al desconocimiento de las dependencias en la metodología, roles, responsabilidades y los criterios explícitos para reporte de indicadores, y además tener los Sistemas de información no unificados | K17: GERENCIALES | L17: 5. Optimizar la plataforma tecnológica, interoperabilidad y gestión de la información. | M17: 6. Fortalecimiento del proceso de desarrollo y gestión de la arquitectura empresarial institucional nacional 7. Mejoramiento capacidad de gestión administrativa de la agencia nacional de tierras nacional | N17: =+N16 -> Ejecución y administración de procesos | O17: 44701
B18: DIRECCIONAMIENTO ESTRATÉGICO | C18: Establecer los lineamientos estratégicos y el esquema de operación de la Agencia Nacional de Tierras, asegurando la disponibilidad de los recursos necesarios para su aplicación | D18: Desde la comprensión del contexto interno y externo, hasta la formulación de Planes, programas y proyectos relacionados con el cumplimiento de las funciones de la entidad | E18: GESTIÓN DE RIESGOS Y OPORTUNIDADES PLANEACIÓN DE PROCESOS | F18: OFICINA DE PLANEACIÓN | G18: R 5 | H18: Planeación y gestión de procesos con inadecuada valoración de riesgos y oportunidades | I18: Pérdida Reputacional | J18: Posibilidad de pérdida reputacional en la imagen institucional por la inadecuada identificación y control de riesgos que afectan los procesos de la entidad | K18: GERENCIALES | M18: 6. Fortalecimiento del proceso de desarrollo y gestión de la arquitectura empresarial institucional nacional 7. Mejoramiento capacidad de gestión administrativa de la agencia nacional de tierras nacional | N18: Ejecución y administración de procesos | O18: 44701
B19: DIRECCIONAMIENTO ESTRATÉGICO | C19: Establecer los lineamientos estratégicos y el esquema de operación de la Agencia Nacional de Tierras, asegurando la disponibilidad de los recursos necesarios para su aplicación | D19: Desde la comprensión del contexto interno y externo, hasta la formulación de Planes, programas y proyectos relacionados con el cumplimiento de las funciones de la entidad | E19: GESTIÓN DE RIESGOS Y OPORTUNIDADES PLANEACIÓN DE PROCESOS | F19: OFICINA DE PLANEACIÓN | G19: R 5 | H19: Planeación y gestión de procesos con inadecuada valoración de riesgos y oportunidades | I19: Pérdida Reputacional | J19: Posibilidad de pérdida reputacional en la imagen institucional por la inadecuada identificación y control de riesgos que afectan los procesos de la entidad | K19: GERENCIALES | M19: 6. Fortalecimiento del proceso de desarrollo y gestión de la arquitectura empresarial institucional nacional 7. Mejoramiento capacidad de gestión administrativa de la agencia nacional de tierras nacional | N19: Ejecución y administración de procesos | O19: 44701
B20: COMUNICACIÓN Y GESTIÓN CON GRUPOS DE INTERÉS | C20: Establecer lineamientos para la comunicación y coordinación intra e interinstitucional, que proporcione a los grupos de interés información veraz, objetiva y oportuna de la misión, s y gestión de la Agencia Nacional de Tierras | D20: Desde la formulación de lineamientos de comunicación interna y externa, hasta la articulación con los grupos de interés y organismos de control | E20: GESTIÓN DE LA COMUNICACIÓN INTERNA Y EXTERNA. | F20: DIRECCIÓN GENERAL (EQUIPO DE COMUNICACIONES) | G20: R 6 | H20: Dar información imprecisa o errónea a la ciudadanía a través de cualquier medio de comunicación por parte de personas autorizadas y NO autorizadas | I20: Pérdida Reputacional | J20: Posibilidad de pérdida reputacional en la credibilidad y mala imagen institucional por deficiencia en la información interna y externa de la entidad | K20: DE IMAGEN O REPUTACIONAL | L20: 3. Mejorar la articulación con los grupos de interés. | M20: 6. Fortalecimiento del proceso de desarrollo y gestión de la arquitectura empresarial institucional nacional 7. Mejoramiento capacidad de gestión administrativa de la agencia nacional de tierras nacional | N20: Usuarios, productos y prácticas | O20: 44701
B21: COMUNICACIÓN Y GESTIÓN CON GRUPOS DE INTERÉS | C21: Establecer lineamientos para la comunicación y coordinación intra e interinstitucional, que proporcione a los grupos de interés información veraz, objetiva y oportuna de la misión, s y gestión de la Agencia Nacional de Tierras | D21: Desde la formulación de lineamientos de comunicación interna y externa, hasta la articulación con los grupos de interés y organismos de control | E21: GESTIÓN DE LA COMUNICACIÓN INTERNA Y EXTERNA. | F21: DIRECCIÓN GENERAL (EQUIPO DE COMUNICACIONES) | G21: R 6 | H21: Dar información imprecisa o errónea a la ciudadanía a través de cualquier medio de comunicación por parte de personas autorizadas y NO autorizadas | I21: Pérdida Reputacional | J21: Posibilidad de pérdida reputacional en la credibilidad y mala imagen institucional por deficiencia en la información interna y externa de la entidad | K21: DE IMAGEN O REPUTACIONAL | L21: 3. Mejorar la articulación con los grupos de interés. | M21: 6. Fortalecimiento del proceso de desarrollo y gestión de la arquitectura empresarial institucional nacional 7. Mejoramiento capacidad de gestión administrativa de la agencia nacional de tierras nacional | N21: Usuarios, productos y prácticas | O21: 44701
B22: COMUNICACIÓN Y GESTIÓN CON GRUPOS DE INTERÉS | C22: Establecer lineamientos para la comunicación y coordinación intra e interinstitucional, que proporcione a los grupos de interés información veraz, objetiva y oportuna de la misión, s y gestión de la Agencia Nacional de Tierras | D22: Desde la formulación de lineamientos de comunicación interna y externa, hasta la articulación con los grupos de interés y organismos de control | E22: GESTIÓN DE LA COMUNICACIÓN INTERNA Y EXTERNA. | F22: DIRECCIÓN GENERAL (EQUIPO DE COMUNICACIONES) | G22: R 6 | H22: Dar información imprecisa o errónea a la ciudadanía a través de cualquier medio de comunicación por parte de personas autorizadas y NO autorizadas | I22: Pérdida Reputacional | J22: Posibilidad de pérdida reputacional en la credibilidad y mala imagen institucional por deficiencia en la información interna y externa de la entidad | K22: DE IMAGEN O REPUTACIONAL | L22: 3. Mejorar la articulación con los grupos de interés. | M22: 6. Fortalecimiento del proceso de desarrollo y gestión de la arquitectura empresarial institucional nacional 7. Mejoramiento capacidad de gestión administrativa de la agencia nacional de tierras nacional | N22: Usuarios, productos y prácticas | O22: 44701
B23: COMUNICACIÓN Y GESTIÓN CON GRUPOS DE INTERÉS | C23: Establecer lineamientos para la comunicación y coordinación intra e interinstitucional, que proporcione a los grupos de interés información veraz, objetiva y oportuna de la misión, s y gestión de la Agencia Nacional de Tierras | D23: Desde la formulación de lineamientos de comunicación interna y externa, hasta la articulación con los grupos de interés y organismos de control | E23: GESTIÓN DE LA COMUNICACIÓN INTERNA Y EXTERNA. | F23: DIRECCIÓN GENERAL (EQUIPO DE COMUNICACIONES) | G23: R 7 | H23: Inadecuada utilización de la imagen institucional | I23: Pérdida Reputacional | J23: Posibilidad de pérdida reputacional en la imagen institucional por el manejo inadecuado de la imagen institucional (símbolos, nombre, colores, manual de imagen, entre otros) | K23: DE IMAGEN O REPUTACIONAL | L23: 4. Mejorar y mantener la cultura corporativa orientada a la creación constante de valor público. | M23: 6. Fortalecimiento del proceso de desarrollo y gestión de la arquitectura empresarial institucional nacional 7. Mejoramiento capacidad de gestión administrativa de la agencia nacional de tierras nacional | N23: Usuarios, productos y prácticas | O23: 44701
B24: COMUNICACIÓN Y GESTIÓN CON GRUPOS DE INTERÉS | C24: Establecer lineamientos para la comunicación y coordinación intra e interinstitucional, que proporcione a los grupos de interés información veraz, objetiva y oportuna de la misión, s y gestión de la Agencia Nacional de Tierras | D24: Desde la formulación de lineamientos de comunicación interna y externa, hasta la articulación con los grupos de interés y organismos de control | E24: GESTIÓN DE LA COMUNICACIÓN INTERNA Y EXTERNA. | F24: DIRECCIÓN GENERAL (EQUIPO DE COMUNICACIONES) | G24: R 7 | H24: Inadecuada utilización de la imagen institucional | I24: Pérdida Reputacional | J24: Posibilidad de pérdida reputacional en la imagen institucional por el manejo inadecuado de la imagen institucional (símbolos, nombre, colores, manual de imagen, entre otros) | K24: DE IMAGEN O REPUTACIONAL | L24: 4. Mejorar y mantener la cultura corporativa orientada a la creación constante de valor público. | M24: 6. Fortalecimiento del proceso de desarrollo y gestión de la arquitectura empresarial institucional nacional 7. Mejoramiento capacidad de gestión administrativa de la agencia nacional de tierras nacional | N24: Usuarios, productos y prácticas | O24: 44701
B25: COMUNICACIÓN Y GESTIÓN CON GRUPOS DE INTERÉS | C25: Los canales de comunicación no son efectivos La población campesina y de los grupos étnicos no tiene acceso a la información de la agencia por medios electrónicos | D25: Desde la formulación de lineamientos de comunicación interna y externa, hasta la articulación con los grupos de interés y organismos de control | E25: GESTIÓN DE LA COMUNICACIÓN INTERNA Y EXTERNA. | F25: DIRECCIÓN GENERAL (EQUIPO DE COMUNICACIONES) | G25: R 8 | H25: Información de la ANT no llega al público objetivo | I25: Pérdida Reputacional | J25: Posibilidad de pérdida reputacional en la imagen institucional en los grupo de interés por que los canales de comunicación no son efectivos y su es limitado | K25: DE IMAGEN O REPUTACIONAL | L25: 3. Mejorar la articulación con los grupos de interés. | M25: 6. Fortalecimiento del proceso de desarrollo y gestión de la arquitectura empresarial institucional nacional 7. Mejoramiento capacidad de gestión administrativa de la agencia nacional de tierras nacional | N25: Usuarios, productos y prácticas | O25: 44701
B26: COMUNICACIÓN Y GESTIÓN CON GRUPOS DE INTERÉS | C26: Los canales de comunicación no son efectivos La población campesina y de los grupos étnicos no tiene acceso a la información de la agencia por medios electrónicos | D26: Desde la formulación de lineamientos de comunicación interna y externa, hasta la articulación con los grupos de interés y organismos de control | E26: GESTIÓN DE LA COMUNICACIÓN INTERNA Y EXTERNA. | F26: DIRECCIÓN GENERAL (EQUIPO DE COMUNICACIONES) | G26: R 8 | H26: Información de la ANT no llega al público objetivo | I26: Pérdida Reputacional | J26: Posibilidad de pérdida reputacional en la imagen institucional en los grupo de interés por que los canales de comunicación no son efectivos y su es limitado | K26: DE IMAGEN O REPUTACIONAL | L26: 3. Mejorar la articulación con los grupos de interés. | M26: 6. Fortalecimiento del proceso de desarrollo y gestión de la arquitectura empresarial institucional nacional 7. Mejoramiento capacidad de gestión administrativa de la agencia nacional de tierras nacional | N26: Usuarios, productos y prácticas | O26: 44701
B27: COMUNICACIÓN Y GESTIÓN CON GRUPOS DE INTERÉS | C27: Los canales de comunicación no son efectivos La población campesina y de los grupos étnicos no tiene acceso a la información de la agencia por medios electrónicos | D27: Desde la formulación de lineamientos de comunicación interna y externa, hasta la articulación con los grupos de interés y organismos de control | E27: GESTIÓN DE LA COMUNICACIÓN INTERNA Y EXTERNA. | F27: DIRECCIÓN GENERAL (EQUIPO DE COMUNICACIONES) | G27: R 8 | H27: Información de la ANT no llega al público objetivo | I27: Pérdida Reputacional | J27: Posibilidad de pérdida reputacional en la imagen institucional en los grupo de interés por que los canales de comunicación no son efectivos y su es limitado | K27: DE IMAGEN O REPUTACIONAL | L27: 3. Mejorar la articulación con los grupos de interés. | M27: 6. Fortalecimiento del proceso de desarrollo y gestión de la arquitectura empresarial institucional nacional 7. Mejoramiento capacidad de gestión administrativa de la agencia nacional de tierras nacional | N27: Usuarios, productos y prácticas | O27: 44701
B28: COMUNICACIÓN Y GESTIÓN CON GRUPOS DE INTERÉS | C28: Establecer lineamientos para la comunicación y coordinación intra e interinstitucional, que proporcione a los grupos de interés información veraz, objetiva y oportuna de la misión, s y gestión de la Agencia Nacional de Tierras | D28: Desde la formulación de lineamientos de comunicación interna y externa, hasta la articulación con los grupos de interés y organismos de control | E28: GESTIÓN PARA LA TRANSPARENCIA | F28: OFICINA DEL INSPECTOR DE LA GESTIÓN DE TIERRAS | G28: R 9 | H28: Omitir la gestión y/o respuesta a las denuncias por posibles hechos de corrupción | I28: Pérdida Reputacional | J28: Posibilidad de pérdida reputacional en la imagen institucional por el desconocimiento en el registro, gestión y tramite de denuncias | K28: OPERATIVOS | L28: 3. Mejorar la articulación con los grupos de interés. | M28: 7. Mejoramiento capacidad de gestión administrativa de la agencia nacional de tierras nacional | N28: Usuarios, productos y prácticas | O28: 44701
B29: COMUNICACIÓN Y GESTIÓN CON GRUPOS DE INTERÉS | C29: Establecer lineamientos para la comunicación y coordinación intra e interinstitucional, que proporcione a los grupos de interés información veraz, objetiva y oportuna de la misión, s y gestión de la Agencia Nacional de Tierras | D29: Desde la formulación de lineamientos de comunicación interna y externa, hasta la articulación con los grupos de interés y organismos de control | E29: GESTIÓN PARA LA TRANSPARENCIA | F29: OFICINA DEL INSPECTOR DE LA GESTIÓN DE TIERRAS | G29: R 9 | H29: Omitir la gestión y/o respuesta a las denuncias por posibles hechos de corrupción | I29: Pérdida Reputacional | J29: Posibilidad de pérdida reputacional en la imagen institucional por el desconocimiento en el registro, gestión y tramite de denuncias | K29: OPERATIVOS | L29: 3. Mejorar la articulación con los grupos de interés. | M29: 7. Mejoramiento capacidad de gestión administrativa de la agencia nacional de tierras nacional | N29: Usuarios, productos y prácticas | O29: 44701
B30: INTELIGENCIA DE LA INFORMACIÓN | C30: Definir e implementar políticas, lineamientos, modelos y estándares de gestión, manejo, control y análisis de la Información, asegurando su confiabilidad y alineación de los s estratégicos de TI con los s estratégicos institucionales y sectoriales para el logro del ordenamiento social de la propiedad rural | D30: Desde el entendimiento estratégico (planes de acción GEL e Institucional PETIC), la definición, diseño e implementación de arquitectura de TIC en sus diferentes dominios, hasta el análisis de información y producción de conocimiento, el control de la información documentada, el esquema de gobierno de TIC (políticas lineamientos, diseño de servicios, seguridad de la información) y monitoreo y control de TIC | E30: CONTROL DE LA INFORMACIÓN DOCUMENTADA | F30: OFICINA DE PLANEACIÓN | G30: R 10 | H30: Aprobación y publicación de información documentada no pertinente a los Procesos de la entidad | I30: Pérdida Reputacional | J30: Posibilidad de pérdida reputacional en la imagen institucional debido al desconocimiento del procedimiento establecido para controlar la aprobación, actualización y publicación de la información documentada oficial de la entidad, dispuesta para apoyar la operación de los procesos | K30: GERENCIALES | L30: 4. Mejorar y mantener la cultura corporativa orientada a la creación constante de valor público. | M30: 6. Fortalecimiento del proceso de desarrollo y gestión de la arquitectura empresarial institucional nacional 7. Mejoramiento capacidad de gestión administrativa de la agencia nacional de tierras nacional | N30: Ejecución y administración de procesos | O30: 44701
B31: INTELIGENCIA DE LA INFORMACIÓN | C31: Definir e implementar políticas, lineamientos, modelos y estándares de gestión, manejo, control y análisis de la Información, asegurando su confiabilidad y alineación de los s estratégicos de TI con los s estratégicos institucionales y sectoriales para el logro del ordenamiento social de la propiedad rural | D31: Desde el entendimiento estratégico (planes de acción GEL e Institucional PETIC), la definición, diseño e implementación de arquitectura de TIC en sus diferentes dominios, hasta el análisis de información y producción de conocimiento, el control de la información documentada, el esquema de gobierno de TIC (políticas lineamientos, diseño de servicios, seguridad de la información) y monitoreo y control de TIC | E31: CONTROL DE LA INFORMACIÓN DOCUMENTADA | F31: OFICINA DE PLANEACIÓN | G31: R 10 | H31: Aprobación y publicación de información documentada no pertinente a los Procesos de la entidad | I31: Pérdida Reputacional | J31: Posibilidad de pérdida reputacional en la imagen institucional debido al desconocimiento del procedimiento establecido para controlar la aprobación, actualización y publicación de la información documentada oficial de la entidad, dispuesta para apoyar la operación de los procesos | K31: GERENCIALES | L31: 4. Mejorar y mantener la cultura corporativa orientada a la creación constante de valor público. | M31: 6. Fortalecimiento del proceso de desarrollo y gestión de la arquitectura empresarial institucional nacional 7. Mejoramiento capacidad de gestión administrativa de la agencia nacional de tierras nacional | N31: =+N30 -> Ejecución y administración de procesos | O31: 44701
B32: INTELIGENCIA DE LA INFORMACIÓN | C32: Definir e implementar políticas, lineamientos, modelos y estándares de gestión, manejo, control y análisis de la Información, asegurando su confiabilidad y alineación de los s estratégicos de TI con los s estratégicos institucionales y sectoriales para el logro del ordenamiento social de la propiedad rural | D32: Desde el entendimiento estratégico (planes de acción GEL e Institucional PETIC), la definición, diseño e implementación de arquitectura de TIC en sus diferentes dominios, hasta el análisis de información y producción de conocimiento, el control de la información documentada, el esquema de gobierno de TIC (políticas lineamientos, diseño de servicios, seguridad de la información) y monitoreo y control de TIC | E32: GESTIÓN DEL CONOCIMIENTO | F32: DIRECCIÓN GENERAL / GESTIÓN DEL CONOCIMIENTO | G32: R 11 | H32: Fuga parcial o completa del conocimiento tácito o explicito de la Entidad | I32: Pérdida Reputacional | J32: Posibilidad de pérdida reputacional en la desaparición del conocimiento organizacional por falta de mecanismos que permitan retener el conocimiento tácito y explícito tanto individual como grupal u organizacional | K32: ESTRATÉGICOS | L32: 4. Mejorar y mantener la cultura corporativa orientada a la creación constante de valor público. | M32: 6. Fortalecimiento del proceso de desarrollo y gestión de la arquitectura empresarial institucional nacional 7. Mejoramiento capacidad de gestión administrativa de la agencia nacional de tierras nacional | N32: Ejecución y administración de procesos | O32: 44701
B33: INTELIGENCIA DE LA INFORMACIÓN | C33: Definir e implementar políticas, lineamientos, modelos y estándares de gestión, manejo, control y análisis de la Información, asegurando su confiabilidad y alineación de los s estratégicos de TI con los s estratégicos institucionales y sectoriales para el logro del ordenamiento social de la propiedad rural | D33: Desde el entendimiento estratégico (planes de acción GEL e Institucional PETIC), la definición, diseño e implementación de arquitectura de TIC en sus diferentes dominios, hasta el análisis de información y producción de conocimiento, el control de la información documentada, el esquema de gobierno de TIC (políticas lineamientos, diseño de servicios, seguridad de la información) y monitoreo y control de TIC | E33: GESTIÓN DEL CONOCIMIENTO | F33: DIRECCIÓN GENERAL / GESTIÓN DEL CONOCIMIENTO | G33: R 11 | H33: Fuga parcial o completa del conocimiento tácito o explicito de la Entidad | I33: Pérdida Reputacional | J33: Posibilidad de pérdida reputacional en la desaparición del conocimiento organizacional por falta de mecanismos que permitan retener el conocimiento tácito y explícito tanto individual como grupal u organizacional | K33: ESTRATÉGICOS | L33: 4. Mejorar y mantener la cultura corporativa orientada a la creación constante de valor público. | M33: 6. Fortalecimiento del proceso de desarrollo y gestión de la arquitectura empresarial institucional nacional 7. Mejoramiento capacidad de gestión administrativa de la agencia nacional de tierras nacional | N33: =+N32 -> Ejecución y administración de procesos | O33: 44701
B34: INTELIGENCIA DE LA INFORMACIÓN | C34: Definir e implementar políticas, lineamientos, modelos y estándares de gestión, manejo, control y análisis de la Información, asegurando su confiabilidad y alineación de los s estratégicos de TI con los s estratégicos institucionales y sectoriales para el logro del ordenamiento social de la propiedad rural | D34: Desde el entendimiento estratégico (planes de acción GEL e Institucional PETI), la definición, diseño e implementación de arquitectura de TIC en sus diferentes dominios, hasta el análisis de información y producción de conocimiento, el control de la información documentada, el esquema de gobierno de TIC (políticas lineamientos, diseño de servicios, seguridad de la información) y monitoreo y control de TIC | E34: ESTRATEGIA DE TIC | F34: SUBDIRECCIÓN DE SISTEMAS DE INFORMACIÓN DE TIERRAS | G34: R 12 | H34: Incumplimiento en la implementación del PETI | I34: Afectación Económica o presupuestal | J34: Posibilidad de afectación económica en los costos de la ejecución de las actividades de la política de gobierno digital y arquitectura de TI de la entidad por una ejecución inadecuada debido a inconsistencias presupuestales en la planeación de los proyectos PETI | K34: ESTRATÉGICOS | L34: 5. Optimizar la plataforma tecnológica, interoperabilidad y gestión de la información. | M34: 1. Implementación del ordenamiento social de la propiedad rural a nivel nacional. 6. Fortalecimiento del proceso de desarrollo y gestión de la arquitectura empresarial institucional nacional 7. Mejoramiento capacidad de gestión administrativa de la agencia nacional de tierras nacional | N34: Ejecución y administración de procesos | O34: 44701
B35: INTELIGENCIA DE LA INFORMACIÓN | C35: Definir e implementar políticas, lineamientos, modelos y estándares de gestión, manejo, control y análisis de la Información, asegurando su confiabilidad y alineación de los s estratégicos de TI con los s estratégicos institucionales y sectoriales para el logro del ordenamiento social de la propiedad rural | D35: Desde el entendimiento estratégico (planes de acción GEL e Institucional PETI), la definición, diseño e implementación de arquitectura de TIC en sus diferentes dominios, hasta el análisis de información y producción de conocimiento, el control de la información documentada, el esquema de gobierno de TIC (políticas lineamientos, diseño de servicios, seguridad de la información) y monitoreo y control de TIC | E35: ESTRATEGIA DE TIC | F35: SUBDIRECCIÓN DE SISTEMAS DE INFORMACIÓN DE TIERRAS | G35: R 12 | H35: Incumplimiento en la implementación del PETI | I35: Afectación Económica o presupuestal | J35: Posibilidad de afectación económica en los costos de la ejecución de las actividades de la política de gobierno digital y arquitectura de TI de la entidad por una ejecución inadecuada debido a inconsistencias presupuestales en la planeación de los proyectos PETI | K35: ESTRATÉGICOS | L35: 5. Optimizar la plataforma tecnológica, interoperabilidad y gestión de la información. | M35: 1. Implementación del ordenamiento social de la propiedad rural a nivel nacional. 6. Fortalecimiento del proceso de desarrollo y gestión de la arquitectura empresarial institucional nacional 7. Mejoramiento capacidad de gestión administrativa de la agencia nacional de tierras nacional | N35: Ejecución y administración de procesos | O35: 44701
B36: INTELIGENCIA DE LA INFORMACIÓN | C36: Definir e implementar políticas, lineamientos, modelos y estándares de gestión, manejo, control y análisis de la Información, asegurando su confiabilidad y alineación de los s estratégicos de TI con los s estratégicos institucionales y sectoriales para el logro del ordenamiento social de la propiedad rural | D36: Desde el entendimiento estratégico (planes de acción GEL e Institucional PETI), la definición, diseño e implementación de arquitectura de TIC en sus diferentes dominios, hasta el análisis de información y producción de conocimiento, el control de la información documentada, el esquema de gobierno de TIC (políticas lineamientos, diseño de servicios, seguridad de la información) y monitoreo y control de TIC | E36: ARQUITECTURA DE TI | F36: SUBDIRECCIÓN DE SISTEMAS DE INFORMACIÓN DE TIERRAS | G36: R 13 | H36: Definición y evolución de la arquitectura empresarial de TI que no responda a las necesidades de la entidad | I36: Pérdida Reputacional | J36: Posibilidad de pérdida reputacional en la imagen institucional para los usuarios dado el incumplimiento en la misión y visión, afectando la prestación de los servicios debido a un diagnóstico equivocado e incompleto de las necesidades de la entidad y su entorno | K36: ESTRATÉGICOS | L36: 5. Optimizar la plataforma tecnológica, interoperabilidad y gestión de la información. | M36: 1. Implementación del ordenamiento social de la propiedad rural a nivel nacional. 6. Fortalecimiento del proceso de desarrollo y gestión de la arquitectura empresarial institucional nacional 7. Mejoramiento capacidad de gestión administrativa de la agencia nacional de tierras nacional | N36: Ejecución y administración de procesos | O36: 44701
B37: INTELIGENCIA DE LA INFORMACIÓN | C37: Definir e implementar políticas, lineamientos, modelos y estándares de gestión, manejo, control y análisis de la Información, asegurando su confiabilidad y alineación de los s estratégicos de TI con los s estratégicos institucionales y sectoriales para el logro del ordenamiento social de la propiedad rural | D37: Desde el entendimiento estratégico (planes de acción GEL e Institucional PETI), la definición, diseño e implementación de arquitectura de TIC en sus diferentes dominios, hasta el análisis de información y producción de conocimiento, el control de la información documentada, el esquema de gobierno de TIC (políticas lineamientos, diseño de servicios, seguridad de la información) y monitoreo y control de TIC | E37: ARQUITECTURA DE TI | F37: SUBDIRECCIÓN DE SISTEMAS DE INFORMACIÓN DE TIERRAS | G37: R 13 | H37: Definición y evolución de la arquitectura empresarial de TI que no responda a las necesidades de la entidad | I37: Pérdida Reputacional | J37: Posibilidad de pérdida reputacional en la imagen institucional para los usuarios dado el incumplimiento en la misión y visión, afectando la prestación de los servicios debido a un diagnóstico equivocado e incompleto de las necesidades de la entidad y su entorno | K37: ESTRATÉGICOS | L37: 5. Optimizar la plataforma tecnológica, interoperabilidad y gestión de la información. | M37: 1. Implementación del ordenamiento social de la propiedad rural a nivel nacional. 6. Fortalecimiento del proceso de desarrollo y gestión de la arquitectura empresarial institucional nacional 7. Mejoramiento capacidad de gestión administrativa de la agencia nacional de tierras nacional | N37: Ejecución y administración de procesos | O37: 44701
B38: INTELIGENCIA DE LA INFORMACIÓN | C38: Definir e implementar políticas, lineamientos, modelos y estándares de gestión, manejo, control y análisis de la Información, asegurando su confiabilidad y alineación de los s estratégicos de TI con los s estratégicos institucionales y sectoriales para el logro del ordenamiento social de la propiedad rural | D38: Desde el entendimiento estratégico (planes de acción GEL e Institucional PETI), la definición, diseño e implementación de arquitectura de TIC en sus diferentes dominios, hasta el análisis de información y producción de conocimiento, el control de la información documentada, el esquema de gobierno de TIC (políticas lineamientos, diseño de servicios, seguridad de la información) y monitoreo y control de TIC | E38: ARQUITECTURA DE TI | F38: SUBDIRECCIÓN DE SISTEMAS DE INFORMACIÓN DE TIERRAS | G38: R 13 | H38: Definición y evolución de la arquitectura empresarial de TI que no responda a las necesidades de la entidad | I38: Pérdida Reputacional | J38: Posibilidad de pérdida reputacional en la imagen institucional para los usuarios dado el incumplimiento en la misión y visión, afectando la prestación de los servicios debido a un diagnóstico equivocado e incompleto de las necesidades de la entidad y su entorno | K38: ESTRATÉGICOS | L38: 5. Optimizar la plataforma tecnológica, interoperabilidad y gestión de la información. | M38: 1. Implementación del ordenamiento social de la propiedad rural a nivel nacional. 6. Fortalecimiento del proceso de desarrollo y gestión de la arquitectura empresarial institucional nacional 7. Mejoramiento capacidad de gestión administrativa de la agencia nacional de tierras nacional | N38: Ejecución y administración de procesos | O38: 44701
B39: INTELIGENCIA DE LA INFORMACIÓN | C39: Definir e implementar políticas, lineamientos, modelos y estándares de gestión, manejo, control y análisis de la Información, asegurando su confiabilidad y alineación de los s estratégicos de TI con los s estratégicos institucionales y sectoriales para el logro del ordenamiento social de la propiedad rural | D39: Desde el entendimiento estratégico (planes de acción GEL e Institucional PETI), la definición, diseño e implementación de arquitectura de TIC en sus diferentes dominios, hasta el análisis de información y producción de conocimiento, el control de la información documentada, el esquema de gobierno de TIC (políticas lineamientos, diseño de servicios, seguridad de la información) y monitoreo y control de TIC | E39: GOBIERNO DE TIC | F39: SUBDIRECCIÓN DE SISTEMAS DE INFORMACIÓN DE TIERRAS | G39: R 14 | H39: Incumplimiento en la implementación del Modelo de Seguridad y Privacidad de la información de la estrategia de Gobierno Digital | I39: Pérdida Reputacional | J39: Posibilidad de pérdida reputacional en la imagen institucional debido a la inadecuada priorización de las tareas necesarias para planificar e implementar el componente de seguridad digital de la estrategia de gobierno digital | K39: ESTRATÉGICOS | L39: 5. Optimizar la plataforma tecnológica, interoperabilidad y gestión de la información. | M39: 1. Implementación del ordenamiento social de la propiedad rural a nivel nacional. 6. Fortalecimiento del proceso de desarrollo y gestión de la arquitectura empresarial institucional nacional 7. Mejoramiento capacidad de gestión administrativa de la agencia nacional de tierras nacional | N39: Ejecución y administración de procesos | O39: 44701
B40: INTELIGENCIA DE LA INFORMACIÓN | C40: Definir e implementar políticas, lineamientos, modelos y estándares de gestión, manejo, control y análisis de la Información, asegurando su confiabilidad y alineación de los s estratégicos de TI con los s estratégicos institucionales y sectoriales para el logro del ordenamiento social de la propiedad rural | D40: Desde el entendimiento estratégico (planes de acción GEL e Institucional PETI), la definición, diseño e implementación de arquitectura de TIC en sus diferentes dominios, hasta el análisis de información y producción de conocimiento, el control de la información documentada, el esquema de gobierno de TIC (políticas lineamientos, diseño de servicios, seguridad de la información) y monitoreo y control de TIC | E40: GOBIERNO DE TIC | F40: SUBDIRECCIÓN DE SISTEMAS DE INFORMACIÓN DE TIERRAS | G40: R 14 | H40: Incumplimiento en la implementación del Modelo de Seguridad y Privacidad de la información de la estrategia de Gobierno Digital | I40: Pérdida Reputacional | J40: Posibilidad de pérdida reputacional en la imagen institucional debido a la inadecuada priorización de las tareas necesarias para planificar e implementar el componente de seguridad digital de la estrategia de gobierno digital | K40: ESTRATÉGICOS | L40: 5. Optimizar la plataforma tecnológica, interoperabilidad y gestión de la información. | M40: 1. Implementación del ordenamiento social de la propiedad rural a nivel nacional. 6. Fortalecimiento del proceso de desarrollo y gestión de la arquitectura empresarial institucional nacional 7. Mejoramiento capacidad de gestión administrativa de la agencia nacional de tierras nacional | N40: Ejecución y administración de procesos | O40: 44701
B41: GESTIÓN DEL MODELO DE ATENCIÓN | C41: Asegurar la atención al ciudadano, mediante los modelos de atención por oferta, demanda y descongestión, que permita detectar las necesidades de ordenamiento social de la propiedad rural | D41: Inicia con la recepción del rezago documental y finaliza con la identificación y respuesta de las Peticiones, Quejas, Reclamos, Denuncias y Felicitaciones que recibe la Agencia Nacional de Tierras | E41: PROGRAMACIÓN DE MUNICIPIOS A INTERVENIR MEDIANTE EL MODELO DE OFERTA. | F41: DIRECCIÓN DE GESTIÓN DEL ORDENAMIENTO SOCIAL DE LA PROPIEDAD | G41: R 15 | H41: Programar municipios que posteriormente presenten limitantes para su intervención | I41: Afectación Económica o presupuestal | J41: Posibilidad de afectación económica en los sobrecostos de la operación debido a las Inconsistencias de la información considerada para la programación de los municipios frente a la situación real del territorio | K41: OPERATIVOS | L41: 1. Articular el acceso a tierras y la formalización masiva con la implementación del Catastro Multipropósito. | M41: 1. Implementación del ordenamiento social de la propiedad rural a nivel nacional. | N41: Ejecución y administración de procesos | O41: 44701
B42: GESTIÓN DEL MODELO DE ATENCIÓN | C42: Asegurar la atención al ciudadano, mediante los modelos de atención por oferta, demanda y descongestión, que permita detectar las necesidades de ordenamiento social de la propiedad rural | D42: Inicia con la recepción del rezago documental y finaliza con la identificación y respuesta de las Peticiones, Quejas, Reclamos, Denuncias y Felicitaciones que recibe la Agencia Nacional de Tierras | E42: PROGRAMACIÓN DE MUNICIPIOS A INTERVENIR MEDIANTE EL MODELO DE OFERTA. | F42: DIRECCIÓN DE GESTIÓN DEL ORDENAMIENTO SOCIAL DE LA PROPIEDAD | G42: R 15 | H42: Programar municipios que posteriormente presenten limitantes para su intervención | I42: Afectación Económica o presupuestal | J42: Posibilidad de afectación económica en los sobrecostos de la operación debido a las Inconsistencias de la información considerada para la programación de los municipios frente a la situación real del territorio | K42: OPERATIVOS | L42: 1. Articular el acceso a tierras y la formalización masiva con la implementación del Catastro Multipropósito. | M42: 1. Implementación del ordenamiento social de la propiedad rural a nivel nacional. | N42: Ejecución y administración de procesos | O42: 44701
B43: GESTIÓN DEL MODELO DE ATENCIÓN | C43: Asegurar la atención al ciudadano, mediante los modelos de atención por oferta, demanda y descongestión, que permita detectar las necesidades de ordenamiento social de la propiedad rural | D43: Inicia con la recepción del rezago documental y finaliza con la identificación y respuesta de las Peticiones, Quejas, Reclamos, Denuncias y Felicitaciones que recibe la Agencia Nacional de Tierras | E43: GESTIONAR LAS PETICIONES QUEJAS, SUGERENCIAS, RECLAMOS, DENUNCIAS Y FELICITACIONES | F43: SECRETARÍA GENERAL | G43: R 16 | H43: Respuesta inoportuna a las PQRSD | I43: Pérdida Reputacional | J43: Posibilidad de pérdida reputacional en la credibilidad de la imagen institucional y/o por acciones legales contra la Agencia Nacional de Tierras debido al alto volumen de PQRSD que recibe la Entidad y los tiempos destinados para la revisión y consolidación de la información para dar respuesta | K43: DE CUMPLIMIENTO | L43: 3. Mejorar la articulación con los grupos de interés. | M43: 7. Mejoramiento capacidad de gestión administrativa de la agencia nacional de tierras nacional | N43: Usuarios, productos y prácticas | O43: 44701
B44: GESTIÓN DEL MODELO DE ATENCIÓN | C44: Asegurar la atención al ciudadano, mediante los modelos de atención por oferta, demanda y descongestión, que permita detectar las necesidades de ordenamiento social de la propiedad rural | D44: Inicia con la recepción del rezago documental y finaliza con la identificación y respuesta de las Peticiones, Quejas, Reclamos, Denuncias y Felicitaciones que recibe la Agencia Nacional de Tierras | E44: GESTIONAR LAS PETICIONES QUEJAS, SUGERENCIAS, RECLAMOS, DENUNCIAS Y FELICITACIONES | F44: SECRETARÍA GENERAL | G44: R 16 | H44: Respuesta inoportuna a las PQRSD | I44: Pérdida Reputacional | J44: Posibilidad de pérdida reputacional en la credibilidad de la imagen institucional y/o por acciones legales contra la Agencia Nacional de Tierras debido al alto volumen de PQRSD que recibe la Entidad y los tiempos destinados para la revisión y consolidación de la información para dar respuesta | K44: DE CUMPLIMIENTO | L44: 3. Mejorar la articulación con los grupos de interés. | M44: 7. Mejoramiento capacidad de gestión administrativa de la agencia nacional de tierras nacional | N44: Usuarios, productos y prácticas | O44: 44701
B45: GESTIÓN DEL MODELO DE ATENCIÓN | C45: Asegurar la atención al ciudadano, mediante los modelos de atención por oferta, demanda y descongestión, que permita detectar las necesidades de ordenamiento social de la propiedad rural | D45: Inicia con la recepción del rezago documental y finaliza con la identificación y respuesta de las Peticiones, Quejas, Reclamos, Denuncias y Felicitaciones que recibe la Agencia Nacional de Tierras | E45: GESTIONAR LAS PETICIONES QUEJAS, SUGERENCIAS, RECLAMOS, DENUNCIAS Y FELICITACIONES | F45: SECRETARÍA GENERAL | G45: R 16 | H45: Respuesta inoportuna a las PQRSD | I45: Pérdida Reputacional | J45: Posibilidad de pérdida reputacional en la credibilidad de la imagen institucional y/o por acciones legales contra la Agencia Nacional de Tierras debido al alto volumen de PQRSD que recibe la Entidad y los tiempos destinados para la revisión y consolidación de la información para dar respuesta | K45: DE CUMPLIMIENTO | L45: 3. Mejorar la articulación con los grupos de interés. | M45: 7. Mejoramiento capacidad de gestión administrativa de la agencia nacional de tierras nacional | N45: Usuarios, productos y prácticas | O45: 44701
... B133: ADQUISICIÓN DE BIENES Y SERVICIOS | C133: Adelantar la adquisición de bienes y/o servicios de la Agencia a través de los mecanismos definidos para la selección, elaboración, celebración, formalización, ejecución, terminación y/o liquidación de los contratos | D133: Desde la verificación de los documentos de liquidación, hasta la liquidación del contrato | E133: GESTIÓN CONTRACTUAL | F133: GRUPO CONTRATOS | G133: R 51 | H133: Configuración del contrato realidad. | I133: Afectación Económica o presupuestal | J133: Posibilidad de afectación económica por costos en liquidación de contrato y pago de prestaciones de ley debido a demandas o reclamaciones judiciales por la constitución de dependencia, subordinación y horarios de la labor por parte del supervisor del contrato | K133: DE CUMPLIMIENTO | L133: 4. Mejorar y mantener la cultura corporativa orientada a la creación constante de valor público. | M133: 7. Mejoramiento capacidad de gestión administrativa de la agencia nacional de tierras nacional | N133: Relaciones laborales | O133: 44701
B134: ADMINISTRACIÓN DE BIENES Y SERVICIOS | C134: Administrar los recursos e información financiera con base en las necesidades de las dependencias de la Agencia y organismos estatales requirentes, a través de mecanismos de dirección, registro, ejecución, control y seguimiento de los recursos | D134: Desde la recepción de los bienes y servicios, hasta la disposición final de los bienes y el recibido a satisfacción de los servicios | E134: CONTROL DE INVENTARIO, PLANTA Y EQUIPOS FALTANTE O PÉRDIDA DE INVENTARIOS MANTENIMIENTO DE BIENES Y SERVICIOS | F134: SUBDIRECCIÓN ADMINISTRATIVA Y FINANCIERA | G134: R 52 | H134: Perdidas o daños en los bienes de la Entidad | I134: Afectación Económica o presupuestal | J134: Posibilidad de afectación económica por generar incertidumbre en los estados financieros y/o posible apertura a procesos disciplinarios y/o sancionatorios debido falta de control y lineamientos en el manejo de los bienes de la Entidad | K134: OPERATIVOS | M134: 5. Adecuación y mejoramiento de la infraestructura física de la agencia nacional de tierras a nivel nacional | N134: Ejecución y administración de procesos | O134: 44701
B135: ADMINISTRACIÓN DE BIENES Y SERVICIOS | C135: Administrar los recursos e información financiera con base en las necesidades de las dependencias de la Agencia y organismos estatales requirentes, a través de mecanismos de dirección, registro, ejecución, control y seguimiento de los recursos | D135: Desde la recepción de los bienes y servicios, hasta la disposición final de los bienes y el recibido a satisfacción de los servicios | E135: CONTROL DE INVENTARIO, PLANTA Y EQUIPOS FALTANTE O PÉRDIDA DE INVENTARIOS MANTENIMIENTO DE BIENES Y SERVICIOS | F135: SUBDIRECCIÓN ADMINISTRATIVA Y FINANCIERA | G135: R 52 | H135: Perdidas o daños en los bienes de la Entidad | I135: Afectación Económica o presupuestal | J135: Posibilidad de afectación económica por generar incertidumbre en los estados financieros y/o posible apertura a procesos disciplinarios y/o sancionatorios debido falta de control y lineamientos en el manejo de los bienes de la Entidad | K135: OPERATIVOS | M135: 5. Adecuación y mejoramiento de la infraestructura física de la agencia nacional de tierras a nivel nacional | N135: Ejecución y administración de procesos | O135: 44701
B136: ADMINISTRACIÓN DE BIENES Y SERVICIOS | C136: Administrar los recursos e información financiera con base en las necesidades de las dependencias de la Agencia y organismos estatales requirentes, a través de mecanismos de dirección, registro, ejecución, control y seguimiento de los recursos | D136: Desde la recepción de los bienes y servicios, hasta la disposición final de los bienes y el recibido a satisfacción de los servicios | E136: CONTROL DE INVENTARIO, PLANTA Y EQUIPOS FALTANTE O PÉRDIDA DE INVENTARIOS MANTENIMIENTO DE BIENES Y SERVICIOS | F136: SUBDIRECCIÓN ADMINISTRATIVA Y FINANCIERA | G136: R 52 | H136: Perdidas o daños en los bienes de la Entidad | I136: Afectación Económica o presupuestal | J136: Posibilidad de afectación económica por generar incertidumbre en los estados financieros y/o posible apertura a procesos disciplinarios y/o sancionatorios debido falta de control y lineamientos en el manejo de los bienes de la Entidad | K136: OPERATIVOS | M136: 5. Adecuación y mejoramiento de la infraestructura física de la agencia nacional de tierras a nivel nacional | N136: Ejecución y administración de procesos | O136: 44701
B137: ADMINISTRACIÓN DE BIENES Y SERVICIOS | C137: Administrar los recursos e información financiera con base en las necesidades de las dependencias de la Agencia y organismos estatales requirentes, a través de mecanismos de dirección, registro, ejecución, control y seguimiento de los recursos | D137: Desde la recepción de los bienes y servicios, hasta la disposición final de los bienes y el recibido a satisfacción de los servicios | E137: ADMINISTRACIÓN DE BIENES Y SERVICIOS GENERALES PARA EL FUNCIONAMIENTO DE LA ENTIDAD MANTENIMIENTO DE BIENES Y SERVICIOS | F137: SUBDIRECCIÓN ADMINISTRATIVA Y FINANCIERA | G137: R 53 | H137: Incumplimiento en la aplicación de los mantenimientos preventivos a los bienes de la Entidad | I137: Afectación Económica o presupuestal | J137: Posibilidad de afectación económica por sobrecostos en mantenimientos debido a la falta de control en la implementación de mantenimientos de acuerdo a sus fichas técnicas | K137: OPERATIVOS | M137: 5. Adecuación y mejoramiento de la infraestructura física de la agencia nacional de tierras a nivel nacional | N137: Ejecución y administración de procesos | O137: 44701
B138: ADMINISTRACIÓN DE BIENES Y SERVICIOS | C138: Administrar los recursos e información financiera con base en las necesidades de las dependencias de la Agencia y organismos estatales requirentes, a través de mecanismos de dirección, registro, ejecución, control y seguimiento de los recursos | D138: Desde la recepción de los bienes y servicios, hasta la disposición final de los bienes y el recibido a satisfacción de los servicios | E138: ADMINISTRACIÓN DE BIENES Y SERVICIOS GENERALES PARA EL FUNCIONAMIENTO DE LA ENTIDAD MANTENIMIENTO DE BIENES Y SERVICIOS | F138: SUBDIRECCIÓN ADMINISTRATIVA Y FINANCIERA | G138: R 53 | H138: Incumplimiento en la aplicación de los mantenimientos preventivos a los bienes de la Entidad | I138: Afectación Económica o presupuestal | J138: Posibilidad de afectación económica por sobrecostos en mantenimientos debido a la falta de control en la implementación de mantenimientos de acuerdo a sus fichas técnicas | K138: OPERATIVOS | M138: 5. Adecuación y mejoramiento de la infraestructura física de la agencia nacional de tierras a nivel nacional | N138: Ejecución y administración de procesos | O138: 44701
B139: ADMINISTRACIÓN DE BIENES Y SERVICIOS | C139: Administrar los recursos e información financiera con base en las necesidades de las dependencias de la Agencia y organismos estatales requirentes, a través de mecanismos de dirección, registro, ejecución, control y seguimiento de los recursos | D139: Desde la recepción de los bienes y servicios, hasta la disposición final de los bienes y el recibido a satisfacción de los servicios | E139: GESTIÓN DE VIÁTICOS Y/O GASTOS DE VIAJE Y PERMANENCIA | F139: SUBDIRECCIÓN ADMINISTRATIVA Y FINANCIERA | G139: R 54 | H139: Legalización de comisión o viáticos sin el cumplimiento de requisitos | I139: Afectación Económica o presupuestal | J139: Posibilidad de afectación económica por sobrecostos en la legalización de comisión o viáticos debido a la falta de criterios aplicables a la autorización, legalización y pago de desplazamientos, incluyendo la desactualización de la tabla de Viáticos en el sistema SIIF - Nación | K139: OPERATIVOS | M139: 7. Mejoramiento capacidad de gestión administrativa de la agencia nacional de tierras nacional | N139: Ejecución y administración de procesos | O139: 44701
B140: ADMINISTRACIÓN DE BIENES Y SERVICIOS | C140: Administrar los recursos e información financiera con base en las necesidades de las dependencias de la Agencia y organismos estatales requirentes, a través de mecanismos de dirección, registro, ejecución, control y seguimiento de los recursos | D140: Desde la recepción de los bienes y servicios, hasta la disposición final de los bienes y el recibido a satisfacción de los servicios | E140: GESTIÓN DE VIÁTICOS Y/O GASTOS DE VIAJE Y PERMANENCIA | F140: SUBDIRECCIÓN ADMINISTRATIVA Y FINANCIERA | G140: R 54 | H140: Legalización de comisión o viáticos sin el cumplimiento de requisitos | I140: Afectación Económica o presupuestal | J140: Posibilidad de afectación económica por sobrecostos en la legalización de comisión o viáticos debido a la falta de criterios aplicables a la autorización, legalización y pago de desplazamientos, incluyendo la desactualización de la tabla de Viáticos en el sistema SIIF - Nación | K140: OPERATIVOS | M140: 7. Mejoramiento capacidad de gestión administrativa de la agencia nacional de tierras nacional | N140: Ejecución y administración de procesos | O140: 44701
B141: ADMINISTRACIÓN DE BIENES Y SERVICIOS | C141: Administrar los recursos e información financiera con base en las necesidades de las dependencias de la Agencia y organismos estatales requirentes, a través de mecanismos de dirección, registro, ejecución, control y seguimiento de los recursos | D141: Desde la recepción de los bienes y servicios, hasta la disposición final de los bienes y el recibido a satisfacción de los servicios | E141: GESTIÓN DE VIÁTICOS Y/O GASTOS DE VIAJE Y PERMANENCIA | F141: SUBDIRECCIÓN ADMINISTRATIVA Y FINANCIERA | G141: R 54 | H141: Legalización de comisión o viáticos sin el cumplimiento de requisitos | I141: Afectación Económica o presupuestal | J141: Posibilidad de afectación económica por sobrecostos en la legalización de comisión o viáticos debido a la falta de criterios aplicables a la autorización, legalización y pago de desplazamientos, incluyendo la desactualización de la tabla de Viáticos en el sistema SIIF - Nación | K141: OPERATIVOS | M141: 7. Mejoramiento capacidad de gestión administrativa de la agencia nacional de tierras nacional | N141: Ejecución y administración de procesos | O141: 44701
B142: ADMINISTRACIÓN DE BIENES Y SERVICIOS | C142: Gestionar la Administración y mantenimiento de bienes y servicios necesarios para la ejecución de los procesos de la entidad | D142: Desde la recepción de los bienes y servicios, hasta la disposición final de los bienes y el recibido a satisfacción de los servicios | E142: GESTIÓN DOCUMENTAL | F142: SUBDIRECCIÓN ADMINISTRATIVA Y FINANCIERA | G142: R 55 | H142: Pérdida o daño en la documentación de la Agencia | I142: Pérdida Reputacional | J142: Posibilidad de pérdida reputacional en la imagen institucional ante los grupos de interés debido a la falta de control para los lineamientos de manejo y de conservación en documentos | K142: OPERATIVOS | L142: 3. Mejorar la articulación con los grupos de interés. | M142: 4. Fortalecimiento gestión integral del fondo documental de la agencia nacional de tierras | N142: Ejecución y administración de procesos | O142: 44701
B143: ADMINISTRACIÓN DE BIENES Y SERVICIOS | C143: Gestionar la Administración y mantenimiento de bienes y servicios necesarios para la ejecución de los procesos de la entidad | D143: Desde la recepción de los bienes y servicios, hasta la disposición final de los bienes y el recibido a satisfacción de los servicios | E143: GESTIÓN DOCUMENTAL | F143: SUBDIRECCIÓN ADMINISTRATIVA Y FINANCIERA | G143: R 55 | H143: Pérdida o daño en la documentación de la Agencia | I143: Pérdida Reputacional | J143: Posibilidad de pérdida reputacional en la imagen institucional ante los grupos de interés debido a la falta de control para los lineamientos de manejo y de conservación en documentos | K143: OPERATIVOS | L143: 3. Mejorar la articulación con los grupos de interés. | M143: 4. Fortalecimiento gestión integral del fondo documental de la agencia nacional de tierras | N143: Ejecución y administración de procesos | O143: 44701
B144: ADMINISTRACIÓN DE BIENES Y SERVICIOS | C144: Gestionar la Administración y mantenimiento de bienes y servicios necesarios para la ejecución de los procesos de la entidad | D144: Desde la recepción de los bienes y servicios, hasta la disposición final de los bienes y el recibido a satisfacción de los servicios | E144: GESTIÓN DOCUMENTAL | F144: SUBDIRECCIÓN ADMINISTRATIVA Y FINANCIERA | G144: R 55 | H144: Pérdida o daño en la documentación de la Agencia | I144: Pérdida Reputacional | J144: Posibilidad de pérdida reputacional en la imagen institucional ante los grupos de interés debido a la falta de control para los lineamientos de manejo y de conservación en documentos | K144: OPERATIVOS | L144: 3. Mejorar la articulación con los grupos de interés. | M144: 4. Fortalecimiento gestión integral del fondo documental de la agencia nacional de tierras | N144: Ejecución y administración de procesos | O144: 44701
B145: ADMINISTRACIÓN DE BIENES Y SERVICIOS | C145: Gestionar la Administración y mantenimiento de bienes y servicios necesarios para la ejecución de los procesos de la entidad | D145: Desde la recepción de los bienes y servicios, hasta la disposición final de los bienes y el recibido a satisfacción de los servicios | E145: GESTIÓN DOCUMENTAL | F145: SUBDIRECCIÓN ADMINISTRATIVA Y FINANCIERA | G145: R 55 | H145: Pérdida o daño en la documentación de la Agencia | I145: Pérdida Reputacional | J145: Posibilidad de pérdida reputacional en la imagen institucional ante los grupos de interés debido a la falta de control para los lineamientos de manejo y de conservación en documentos | K145: OPERATIVOS | L145: 3. Mejorar la articulación con los grupos de interés. | M145: 4. Fortalecimiento gestión integral del fondo documental de la agencia nacional de tierras | N145: Ejecución y administración de procesos | O145: 44701
B146: ADMINISTRACIÓN DE BIENES Y SERVICIOS | C146: Gestionar la Administración y mantenimiento de bienes y servicios necesarios para la ejecución de los procesos de la entidad | D146: Desde la recepción de los bienes y servicios, hasta la disposición final de los bienes y el recibido a satisfacción de los servicios | E146: GESTIÓN DOCUMENTAL | F146: SUBDIRECCIÓN ADMINISTRATIVA Y FINANCIERA | G146: R 56 | H146: Asignación incorrecta de comunicaciones oficiales recibidas (documentos) en el momento de la radicación. | I146: Pérdida Reputacional | J146: Posibilidad de pérdida reputacional derivando en la acciones jurídicas en contra de la entidad debido a los vencimientos de términos por recibir información de entrada no cumple con las características que se requieren para ser clasificada y asignada correctamente y la constante rotación de personal en la Subdirección Administrativa y Financiera - Gestión Documental | K146: OPERATIVOS | L146: 3. Mejorar la articulación con los grupos de interés. | M146: 4. Fortalecimiento gestión integral del fondo documental de la agencia nacional de tierras | N146: Usuarios, productos y prácticas | O146: 44701
B147: ADMINISTRACIÓN DE BIENES Y SERVICIOS | C147: Gestionar la Administración y mantenimiento de bienes y servicios necesarios para la ejecución de los procesos de la entidad | D147: Desde la recepción de los bienes y servicios, hasta la disposición final de los bienes y el recibido a satisfacción de los servicios | E147: GESTIÓN DOCUMENTAL | F147: SUBDIRECCIÓN ADMINISTRATIVA Y FINANCIERA | G147: R 56 | H147: Asignación incorrecta de comunicaciones oficiales recibidas (documentos) en el momento de la radicación. | I147: Pérdida Reputacional | J147: Posibilidad de pérdida reputacional derivando en la acciones jurídicas en contra de la entidad debido a los vencimientos de términos por recibir información de entrada no cumple con las características que se requieren para ser clasificada y asignada correctamente y la constante rotación de personal en la Subdirección Administrativa y Financiera - Gestión Documental | K147: OPERATIVOS | L147: 3. Mejorar la articulación con los grupos de interés. | M147: 4. Fortalecimiento gestión integral del fondo documental de la agencia nacional de tierras | N147: Usuarios, productos y prácticas | O147: 44701
B148: ADMINISTRACIÓN DE BIENES Y SERVICIOS | C148: Gestionar la Administración y mantenimiento de bienes y servicios necesarios para la ejecución de los procesos de la entidad | D148: Desde la recepción de los bienes y servicios, hasta la disposición final de los bienes y el recibido a satisfacción de los servicios | E148: GESTIÓN DOCUMENTAL | F148: SUBDIRECCIÓN ADMINISTRATIVA Y FINANCIERA | G148: R 56 | H148: Asignación incorrecta de comunicaciones oficiales recibidas (documentos) en el momento de la radicación. | I148: Pérdida Reputacional | J148: Posibilidad de pérdida reputacional derivando en la acciones jurídicas en contra de la entidad debido a los vencimientos de términos por recibir información de entrada no cumple con las características que se requieren para ser clasificada y asignada correctamente y la constante rotación de personal en la Subdirección Administrativa y Financiera - Gestión Documental | K148: OPERATIVOS | L148: 3. Mejorar la articulación con los grupos de interés. | M148: 4. Fortalecimiento gestión integral del fondo documental de la agencia nacional de tierras | N148: Usuarios, productos y prácticas | O148: 44701
B149: ADMINISTRACIÓN DE BIENES Y SERVICIOS | C149: Gestionar la Administración y mantenimiento de bienes y servicios necesarios para la ejecución de los procesos de la entidad | D149: Desde la recepción de los bienes y servicios, hasta la disposición final de los bienes y el recibido a satisfacción de los servicios | E149: GESTIÓN DOCUMENTAL | F149: SUBDIRECCIÓN ADMINISTRATIVA Y FINANCIERA | G149: R 57 | H149: Demoras en la respuesta a solicitudes internas de documentos en atención de los requerimientos de expedientes por parte de las dependencias | I149: Pérdida Reputacional | J149: Posibilidad de pérdida reputacional derivando en acciones jurídicas en contra de la entidad debido a los vencimientos de términos debido a personal insuficiente para atender la alta demanda y la inexactitud o complejidad de la solicitud del expediente o información por parte de la dependencia | K149: OPERATIVOS | L149: 3. Mejorar la articulación con los grupos de interés. | M149: 4. Fortalecimiento gestión integral del fondo documental de la agencia nacional de tierras | N149: Usuarios, productos y prácticas | O149: 44701
B150: ADMINISTRACIÓN DE BIENES Y SERVICIOS | C150: Gestionar la Administración y mantenimiento de bienes y servicios necesarios para la ejecución de los procesos de la entidad | D150: Desde la recepción de los bienes y servicios, hasta la disposición final de los bienes y el recibido a satisfacción de los servicios | E150: GESTIÓN DOCUMENTAL | F150: SUBDIRECCIÓN ADMINISTRATIVA Y FINANCIERA | G150: R 57 | H150: Demoras en la respuesta a solicitudes internas de documentos en atención de los requerimientos de expedientes por parte de las dependencias | I150: Pérdida Reputacional | J150: Posibilidad de pérdida reputacional derivando en acciones jurídicas en contra de la entidad debido a los vencimientos de términos debido a personal insuficiente para atender la alta demanda y la inexactitud o complejidad de la solicitud del expediente o información por parte de la dependencia | K150: OPERATIVOS | L150: 3. Mejorar la articulación con los grupos de interés. | M150: 4. Fortalecimiento gestión integral del fondo documental de la agencia nacional de tierras | N150: Usuarios, productos y prácticas | O150: 44701
B151: ADMINISTRACIÓN DE BIENES Y SERVICIOS | C151: Administrar los recursos e información financiera con base en las necesidades de las dependencias de la Agencia y organismos estatales requirentes, a través de mecanismos de dirección, registro, ejecución, control y seguimiento de los recursos | D151: Desde la recepción de los bienes y servicios, hasta la disposición final de los bienes y el recibido a satisfacción de los servicios | E151: GESTIÓN AMBIENTAL | F151: SUBDIRECCIÓN ADMINISTRATIVA Y FINANCIERA | G151: R 58 | H151: Incumplimiento del Plan de Gestión Integral de Residuos Peligrosos (PGIRESPEL) | I151: Afectación Económica o presupuestal | J151: Posibilidad de afectación económica por sanciones legales por entes de control debido al desconocimiento en la normatividad ambiental aplicable | K151: OPERATIVOS | M151: 5. Adecuación y mejoramiento de la infraestructura física de la agencia nacional de tierras a nivel nacional | N151: Ejecución y administración de procesos | O151: 44701
B152: ADMINISTRACIÓN DE BIENES Y SERVICIOS | C152: Administrar los recursos e información financiera con base en las necesidades de las dependencias de la Agencia y organismos estatales requirentes, a través de mecanismos de dirección, registro, ejecución, control y seguimiento de los recursos | D152: Desde la recepción de los bienes y servicios, hasta la disposición final de los bienes y el recibido a satisfacción de los servicios | E152: GESTIÓN AMBIENTAL | F152: SUBDIRECCIÓN ADMINISTRATIVA Y FINANCIERA | G152: R 58 | H152: Incumplimiento del Plan de Gestión Integral de Residuos Peligrosos (PGIRESPEL) | I152: Afectación Económica o presupuestal | J152: Posibilidad de afectación económica por sanciones legales por entes de control debido al desconocimiento en la normatividad ambiental aplicable | K152: OPERATIVOS | M152: 5. Adecuación y mejoramiento de la infraestructura física de la agencia nacional de tierras a nivel nacional | N152: Ejecución y administración de procesos | O152: 44701
B153: ADMINISTRACIÓN DE BIENES Y SERVICIOS | C153: Administrar los recursos e información financiera con base en las necesidades de las dependencias de la Agencia y organismos estatales requirentes, a través de mecanismos de dirección, registro, ejecución, control y seguimiento de los recursos | D153: Desde la recepción de los bienes y servicios, hasta la disposición final de los bienes y el recibido a satisfacción de los servicios | E153: GESTIÓN AMBIENTAL | F153: SUBDIRECCIÓN ADMINISTRATIVA Y FINANCIERA | G153: R 59 | H153: Incumplimiento de requisitos y trámites legales ambientales en la adquisición de bienes y servicios | I153: Afectación Económica o presupuestal | J153: Posibilidad de afectación económica por sanciones legales por entes de control debido al desconocimiento e incumplimiento de la normatividad ambiental aplicable | K153: DE CUMPLIMIENTO | M153: 5. Adecuación y mejoramiento de la infraestructura física de la agencia nacional de tierras a nivel nacional | N153: Ejecución y administración de procesos | O153: 44701
B154: ADMINISTRACIÓN DE BIENES Y SERVICIOS | C154: Administrar los recursos e información financiera con base en las necesidades de las dependencias de la Agencia y organismos estatales requirentes, a través de mecanismos de dirección, registro, ejecución, control y seguimiento de los recursos | D154: Desde la recepción de los bienes y servicios, hasta la disposición final de los bienes y el recibido a satisfacción de los servicios | E154: GESTIÓN AMBIENTAL | F154: SUBDIRECCIÓN ADMINISTRATIVA Y FINANCIERA | G154: R 59 | H154: Incumplimiento de requisitos y trámites legales ambientales en la adquisición de bienes y servicios | I154: Afectación Económica o presupuestal | J154: Posibilidad de afectación económica por sanciones legales por entes de control debido al desconocimiento e incumplimiento de la normatividad ambiental aplicable | K154: DE CUMPLIMIENTO | M154: 5. Adecuación y mejoramiento de la infraestructura física de la agencia nacional de tierras a nivel nacional | N154: Ejecución y administración de procesos | O154: 44701
B155: ADMINISTRACIÓN DE BIENES Y SERVICIOS | C155: Administrar los recursos e información financiera con base en las necesidades de las dependencias de la Agencia y organismos estatales requirentes, a través de mecanismos de dirección, registro, ejecución, control y seguimiento de los recursos | D155: Desde la recepción de los bienes y servicios, hasta la disposición final de los bienes y el recibido a satisfacción de los servicios | E155: GESTIÓN AMBIENTAL | F155: SUBDIRECCIÓN ADMINISTRATIVA Y FINANCIERA | G155: R 60 | H155: Desactualización del Sistema de Gestión Ambiental con requisitos legales ambientales | I155: Afectación Económica o presupuestal | J155: Posibilidad de afectación económica por sanciones legales por entes de control debido al desconocimiento de la normatividad ambiental y la insuficiencia de recursos físicos, financieros y de talento humanos | K155: DE CUMPLIMIENTO | M155: 5. Adecuación y mejoramiento de la infraestructura física de la agencia nacional de tierras a nivel nacional | N155: Ejecución y administración de procesos | O155: 44701
B156: ADMINISTRACIÓN DE BIENES Y SERVICIOS | C156: Administrar los recursos e información financiera con base en las necesidades de las dependencias de la Agencia y organismos estatales requirentes, a través de mecanismos de dirección, registro, ejecución, control y seguimiento de los recursos | D156: Desde la recepción de los bienes y servicios, hasta la disposición final de los bienes y el recibido a satisfacción de los servicios | E156: GESTIÓN AMBIENTAL | F156: SUBDIRECCIÓN ADMINISTRATIVA Y FINANCIERA | G156: R 60 | H156: Desactualización del Sistema de Gestión Ambiental con requisitos legales ambientales | I156: Afectación Económica o presupuestal | J156: Posibilidad de afectación económica por sanciones legales por entes de control debido al desconocimiento de la normatividad ambiental y la insuficiencia de recursos físicos, financieros y de talento humanos | K156: DE CUMPLIMIENTO | M156: 5. Adecuación y mejoramiento de la infraestructura física de la agencia nacional de tierras a nivel nacional | N156: Ejecución y administración de procesos | O156: 44701
B157: ADMINISTRACIÓN DE BIENES Y SERVICIOS | C157: Administrar los recursos e información financiera con base en las necesidades de las dependencias de la Agencia y organismos estatales requirentes, a través de mecanismos de dirección, registro, ejecución, control y seguimiento de los recursos | D157: Desde la recepción de los bienes y servicios, hasta la disposición final de los bienes y el recibido a satisfacción de los servicios | E157: GESTIÓN AMBIENTAL | F157: SUBDIRECCIÓN ADMINISTRATIVA Y FINANCIERA | G157: R 61 | H157: Disposición de residuos ordinarios sin cumplir las prácticas establecidas en la entidad | I157: Afectación Económica o presupuestal | J157: Posibilidad de afectación económica por sanciones legales por entes de control debido a la disposición incorrecta para los residuos ordinarios de acuerdo con las prácticas establecidas en la entidad | K157: OPERATIVOS | M157: 5. Adecuación y mejoramiento de la infraestructura física de la agencia nacional de tierras a nivel nacional | N157: Ejecución y administración de procesos | O157: 44701
B158: ADMINISTRACIÓN DE BIENES Y SERVICIOS | C158: Administrar los recursos e información financiera con base en las necesidades de las dependencias de la Agencia y organismos estatales requirentes, a través de mecanismos de dirección, registro, ejecución, control y seguimiento de los recursos | D158: Desde la recepción de los bienes y servicios, hasta la disposición final de los bienes y el recibido a satisfacción de los servicios | E158: GESTIÓN AMBIENTAL | F158: SUBDIRECCIÓN ADMINISTRATIVA Y FINANCIERA | G158: R 61 | H158: Disposición de residuos ordinarios sin cumplir las prácticas establecidas en la entidad | I158: Afectación Económica o presupuestal | J158: Posibilidad de afectación económica por sanciones legales por entes de control debido a la disposición incorrecta para los residuos ordinarios de acuerdo con las prácticas establecidas en la entidad | K158: OPERATIVOS | M158: 5. Adecuación y mejoramiento de la infraestructura física de la agencia nacional de tierras a nivel nacional | N158: Ejecución y administración de procesos | O158: 44701
B159: GESTIÓN FINANCIERA | C159: Administrar los recursos e información financiera con base en las necesidades de las dependencias de la Agencia y organismos estatales requirentes, a través de mecanismos de dirección, registro, ejecución, control y seguimiento de los recursos | D159: Desde la elaboración del anteproyecto de presupuesto de la ANT, hasta la presentación de los estados financieros | E159: GESTIÓN DE EGRESOS GESTIÓN CONTABLE | F159: SUBDIRECCIÓN ADMINISTRATIVA Y FINANCIERA | G159: R 62 | H159: Registro de gastos y pagos sin cumplimiento de requisitos legales | I159: Afectación Económica o presupuestal | J159: Posibilidad de afectación económica por sanciones penales, disciplinarias, fiscales y administrativa debido a la falta de verificación en los requisitos de los supervisores y/o área técnica que solicita el trámite y/o deficiencia en la planeación para la ejecución frente a los tiempos requeridos en el trámite financiero por parte de las áreas ejecutoras | K159: FINANCIEROS | M159: 7. Mejoramiento capacidad de gestión administrativa de la agencia nacional de tierras nacional | N159: Ejecución y administración de procesos | O159: 44701
B160: GESTIÓN FINANCIERA | C160: Administrar los recursos e información financiera con base en las necesidades de las dependencias de la Agencia y organismos estatales requirentes, a través de mecanismos de dirección, registro, ejecución, control y seguimiento de los recursos | D160: Desde la elaboración del anteproyecto de presupuesto de la ANT, hasta la presentación de los estados financieros | E160: GESTIÓN DE EGRESOS GESTIÓN CONTABLE | F160: SUBDIRECCIÓN ADMINISTRATIVA Y FINANCIERA | G160: R 62 | H160: Registro de gastos y pagos sin cumplimiento de requisitos legales | I160: Afectación Económica o presupuestal | J160: Posibilidad de afectación económica por sanciones penales, disciplinarias, fiscales y administrativa debido a la falta de verificación en los requisitos de los supervisores y/o área técnica que solicita el trámite y/o deficiencia en la planeación para la ejecución frente a los tiempos requeridos en el trámite financiero por parte de las áreas ejecutoras | K160: FINANCIEROS | M160: 7. Mejoramiento capacidad de gestión administrativa de la agencia nacional de tierras nacional | N160: Ejecución y administración de procesos | O160: 44701
B161: GESTIÓN FINANCIERA | C161: Administrar los recursos e información financiera con base en las necesidades de las dependencias de la Agencia y organismos estatales requirentes, a través de mecanismos de dirección, registro, ejecución, control y seguimiento de los recursos | D161: Desde la elaboración del anteproyecto de presupuesto de la ANT, hasta la presentación de los estados financieros | E161: FORMULACIÓN, ELABORACIÓN Y PRESENTACIÓN DEL ANTEPROYECTO DE PRESUPUESTO DE LA ANT DESAGREGACIÓN Y ADMINISTRACIÓN DEL PRESUPUESTO GESTIÓN DE EGRESOS GESTIÓN CONTABLE | F161: SUBDIRECCIÓN ADMINISTRATIVA Y FINANCIERA | G161: R 63 | H161: Programación del PAC que no corresponde a las necesidades reales | I161: Afectación Económica o presupuestal | J161: Posibilidad de afectación económica por sanción del Ministerio de Hacienda debido al el envío inoportuno y/o inexacto de las solicitudes de pago a la Subdirección Administrativa y Financiera por parte de los supervisores de los contratos | K161: FINANCIEROS | M161: 7. Mejoramiento capacidad de gestión administrativa de la agencia nacional de tierras nacional | N161: Ejecución y administración de procesos | O161: 44701
B162: GESTIÓN FINANCIERA | C162: Administrar los recursos e información financiera con base en las necesidades de las dependencias de la Agencia y organismos estatales requirentes, a través de mecanismos de dirección, registro, ejecución, control y seguimiento de los recursos | D162: Desde la elaboración del anteproyecto de presupuesto de la ANT, hasta la presentación de los estados financieros | E162: FORMULACIÓN, ELABORACIÓN Y PRESENTACIÓN DEL ANTEPROYECTO DE PRESUPUESTO DE LA ANT DESAGREGACIÓN Y ADMINISTRACIÓN DEL PRESUPUESTO GESTIÓN DE EGRESOS GESTIÓN CONTABLE | F162: SUBDIRECCIÓN ADMINISTRATIVA Y FINANCIERA | G162: R 63 | H162: Programación del PAC que no corresponde a las necesidades reales | I162: Afectación Económica o presupuestal | J162: Posibilidad de afectación económica por sanción del Ministerio de Hacienda debido al el envío inoportuno y/o inexacto de las solicitudes de pago a la Subdirección Administrativa y Financiera por parte de los supervisores de los contratos | K162: FINANCIEROS | M162: 7. Mejoramiento capacidad de gestión administrativa de la agencia nacional de tierras nacional | N162: Ejecución y administración de procesos | O162: 44701
... B177: SEGUIMIENTO, EVALUACIÓN Y MEJORA | C177: Analizar la información proveniente de la retroalimentación del desempeño de procesos, planes, programas y proyectos, para la toma de decisiones y formulación de nuevas acciones orientadas a elevar el nivel de cumplimiento, transparencia y mejora institucional | D177: Desde el reporte y análisis de información y datos, la determinación de las causas probables de los incumplimientos y tendencias negativas hasta la formulación de acciones correctivas, preventivas y de mejora | E177: SEGUIMIENTO Y EVALUACIÓN A LA EJECUCIÓN PRESUPUESTAL | F177: OFICINA DE PLANEACIÓN | G177: R 70 | H177: Incumplimiento y no conformidad de reportes e informes de avance de planes de acción y proyectos de inversión | I177: Pérdida Reputacional | J177: Posibilidad de pérdida reputacional en la imagen institucional debido a la omisión de la tarea referente al reporte de ejecución presupuestal y físico de proyectos de inversión, del procedimiento SEYM-P-006 SEGUIMIENTO A LA EJECUCIÓN PRESUPUESTAL Y DE METAS | K177: OPERATIVOS | M177: 6. Fortalecimiento del proceso de desarrollo y gestión de la arquitectura empresarial institucional nacional 7. Mejoramiento capacidad de gestión administrativa de la agencia nacional de tierras nacional | N177: Ejecución y administración de procesos | O177: 44701
B178: SEGUIMIENTO, EVALUACIÓN Y MEJORA | C178: Analizar la información proveniente de la retroalimentación del desempeño de procesos, planes, programas y proyectos, para la toma de decisiones y formulación de nuevas acciones orientadas a elevar el nivel de cumplimiento, transparencia y mejora institucional | D178: Desde el reporte y análisis de información y datos, la determinación de las causas probables de los incumplimientos y tendencias negativas hasta la formulación de acciones correctivas, preventivas y de mejora | E178: SEGUIMIENTO Y EVALUACIÓN A LA EJECUCIÓN PRESUPUESTAL | F178: OFICINA DE PLANEACIÓN | G178: R 70 | H178: Incumplimiento y no conformidad de reportes e informes de avance de planes de acción y proyectos de inversión | I178: Pérdida Reputacional | J178: Posibilidad de pérdida reputacional en la imagen institucional debido a la omisión de la tarea referente al reporte de ejecución presupuestal y físico de proyectos de inversión, del procedimiento SEYM-P-006 SEGUIMIENTO A LA EJECUCIÓN PRESUPUESTAL Y DE METAS | K178: OPERATIVOS | M178: 6. Fortalecimiento del proceso de desarrollo y gestión de la arquitectura empresarial institucional nacional 7. Mejoramiento capacidad de gestión administrativa de la agencia nacional de tierras nacional | N178: =+N177 -> Ejecución y administración de procesos | O178: 44701
B179: SEGUIMIENTO, EVALUACIÓN Y MEJORA | C179: Analizar la información proveniente de la retroalimentación del desempeño de procesos, planes, programas y proyectos, para la toma de decisiones y formulación de nuevas acciones orientadas a elevar el nivel de cumplimiento, transparencia y mejora institucional | D179: Desde el reporte y análisis de información y datos, la determinación de las causas probables de los incumplimientos y tendencias negativas hasta la formulación de acciones correctivas, preventivas y de mejora | E179: LIBERACIÓN DE PRODUCTOS Y SERVICIOS, Y CONTROL DE SALIDAS NO CONFORMES | F179: OFICINA DE PLANEACIÓN | G179: R 71 | H179: Liberación de productos no conformes con los requisitos | I179: Pérdida Reputacional | J179: Posibilidad de pérdida reputacional en la imagen institucional por el desconocimiento de cambios normativos, requisitos y/o lineamientos para el desarrollo de productos y/o salidas | K179: SATISFACCIÓN DEL CLIENTE | M179: 6. Fortalecimiento del proceso de desarrollo y gestión de la arquitectura empresarial institucional nacional 7. Mejoramiento capacidad de gestión administrativa de la agencia nacional de tierras nacional | N179: Usuarios, productos y prácticas | O179: 44701
B180: SEGUIMIENTO, EVALUACIÓN Y MEJORA | C180: Analizar la información proveniente de la retroalimentación del desempeño de procesos, planes, programas y proyectos, para la toma de decisiones y formulación de nuevas acciones orientadas a elevar el nivel de cumplimiento, transparencia y mejora institucional | D180: Desde el reporte y análisis de información y datos, la determinación de las causas probables de los incumplimientos y tendencias negativas hasta la formulación de acciones correctivas, preventivas y de mejora | E180: LIBERACIÓN DE PRODUCTOS Y SERVICIOS, Y CONTROL DE SALIDAS NO CONFORMES | F180: OFICINA DE PLANEACIÓN | G180: R 71 | H180: Liberación de productos no conformes con los requisitos | I180: Pérdida Reputacional | J180: Posibilidad de pérdida reputacional en la imagen institucional por el desconocimiento de cambios normativos, requisitos y/o lineamientos para el desarrollo de productos y/o salidas | K180: SATISFACCIÓN DEL CLIENTE | M180: 6. Fortalecimiento del proceso de desarrollo y gestión de la arquitectura empresarial institucional nacional 7. Mejoramiento capacidad de gestión administrativa de la agencia nacional de tierras nacional | N180: =+N179 -> Usuarios, productos y prácticas | O180: 44701
B181: SEGUIMIENTO, EVALUACIÓN Y MEJORA | C181: Analizar la información proveniente de la retroalimentación del desempeño de procesos, planes, programas y proyectos, para la toma de decisiones y formulación de nuevas acciones orientadas a elevar el nivel de cumplimiento, transparencia y mejora institucional | D181: Desde el reporte y análisis de información y datos, la determinación de las causas probables de los incumplimientos y tendencias negativas hasta la formulación de acciones correctivas, preventivas y de mejora | E181: LIBERACIÓN DE PRODUCTOS Y SERVICIOS, Y CONTROL DE SALIDAS NO CONFORMES | F181: OFICINA DE PLANEACIÓN | G181: R 72 | H181: Incumplimiento en la ejecución de los planes y proyectos Institucionales | I181: Pérdida Reputacional | J181: Posibilidad de pérdida reputacional en la imagen institucional por la inadecuada asignación de recursos físicos, humanos, técnicos, tecnológicos o financieros para el desarrollo del portafolio de productos y/o servicios y cumplimiento de los tiempos de entrega de los productos | K181: ESTRATÉGICOS | M181: 6. Fortalecimiento del proceso de desarrollo y gestión de la arquitectura empresarial institucional nacional 7. Mejoramiento capacidad de gestión administrativa de la agencia nacional de tierras nacional | N181: Usuarios, productos y prácticas | O181: 44701
B182: SEGUIMIENTO, EVALUACIÓN Y MEJORA | C182: Analizar la información proveniente de la retroalimentación del desempeño de procesos, planes, programas y proyectos, para la toma de decisiones y formulación de nuevas acciones orientadas a elevar el nivel de cumplimiento, transparencia y mejora institucional | D182: Desde el reporte y análisis de información y datos, la determinación de las causas probables de los incumplimientos y tendencias negativas hasta la formulación de acciones correctivas, preventivas y de mejora | E182: LIBERACIÓN DE PRODUCTOS Y SERVICIOS, Y CONTROL DE SALIDAS NO CONFORMES | F182: OFICINA DE PLANEACIÓN | G182: R 72 | H182: Incumplimiento en la ejecución de los planes y proyectos Institucionales | I182: Pérdida Reputacional | J182: Posibilidad de pérdida reputacional en la imagen institucional por la inadecuada asignación de recursos físicos, humanos, técnicos, tecnológicos o financieros para el desarrollo del portafolio de productos y/o servicios y cumplimiento de los tiempos de entrega de los productos | K182: ESTRATÉGICOS | M182: 6. Fortalecimiento del proceso de desarrollo y gestión de la arquitectura empresarial institucional nacional 7. Mejoramiento capacidad de gestión administrativa de la agencia nacional de tierras nacional | N182: =+N181 -> Usuarios, productos y prácticas | O182: 44701
B183: SEGUIMIENTO, EVALUACIÓN Y MEJORA | C183: Analizar la información proveniente de la retroalimentación del desempeño de procesos, planes, programas y proyectos, para la toma de decisiones y formulación de nuevas acciones orientadas a elevar el nivel de cumplimiento, transparencia y mejora institucional | D183: Desde el reporte y análisis de información y datos, la determinación de las causas probables de los incumplimientos y tendencias negativas hasta la formulación de acciones correctivas, preventivas y de mejora | E183: AUDITORÍA INTERNA: ASEGURAMIENTO Y CONSULTA | F183: OFICINA DE CONTROL INTERNO | G183: R 73 | H183: Incumplimiento del Plan Anual de Auditoría Interna | I183: Pérdida Reputacional | J183: Posibilidad de pérdida reputacional en la credibilidad y confianza de las partes interesadas y organismos de control por falta de competencias y capacitaciones al personal de la entidad con respecto al trabajo en esta | K183: OPERATIVOS | L183: 4. Mejorar y mantener la cultura corporativa orientada a la creación constante de valor público. | M183: 7. Mejoramiento capacidad de gestión administrativa de la agencia nacional de tierras nacional | N183: Usuarios, productos y prácticas | O183: 44701
B184: SEGUIMIENTO, EVALUACIÓN Y MEJORA | C184: Analizar la información proveniente de la retroalimentación del desempeño de procesos, planes, programas y proyectos, para la toma de decisiones y formulación de nuevas acciones orientadas a elevar el nivel de cumplimiento, transparencia y mejora institucional | D184: Desde el reporte y análisis de información y datos, la determinación de las causas probables de los incumplimientos y tendencias negativas hasta la formulación de acciones correctivas, preventivas y de mejora | E184: AUDITORÍA INTERNA: ASEGURAMIENTO Y CONSULTA | F184: OFICINA DE CONTROL INTERNO | G184: R 73 | H184: Incumplimiento del Plan Anual de Auditoría Interna | I184: Pérdida Reputacional | J184: Posibilidad de pérdida reputacional en la credibilidad y confianza de las partes interesadas y organismos de control por falta de competencias y capacitaciones al personal de la entidad con respecto al trabajo en esta | K184: OPERATIVOS | L184: 4. Mejorar y mantener la cultura corporativa orientada a la creación constante de valor público. | M184: 7. Mejoramiento capacidad de gestión administrativa de la agencia nacional de tierras nacional | N184: Usuarios, productos y prácticas | O184: 44701
B185: SEGUIMIENTO, EVALUACIÓN Y MEJORA | C185: Analizar la información proveniente de la retroalimentación del desempeño de procesos, planes, programas y proyectos, para la toma de decisiones y formulación de nuevas acciones orientadas a elevar el nivel de cumplimiento, transparencia y mejora institucional | D185: Desde el reporte y análisis de información y datos, la determinación de las causas probables de los incumplimientos y tendencias negativas hasta la formulación de acciones correctivas, preventivas y de mejora | E185: AUDITORÍA INTERNA: ASEGURAMIENTO Y CONSULTA | F185: OFICINA DE CONTROL INTERNO | G185: R 73 | H185: Incumplimiento del Plan Anual de Auditoría Interna | I185: Pérdida Reputacional | J185: Posibilidad de pérdida reputacional en la credibilidad y confianza de las partes interesadas y organismos de control por falta de competencias y capacitaciones al personal de la entidad con respecto al trabajo en esta | K185: OPERATIVOS | L185: 4. Mejorar y mantener la cultura corporativa orientada a la creación constante de valor público. | M185: 7. Mejoramiento capacidad de gestión administrativa de la agencia nacional de tierras nacional | N185: Usuarios, productos y prácticas | O185: 44701
B186: SEGUIMIENTO, EVALUACIÓN Y MEJORA | C186: Analizar la información proveniente de la retroalimentación del desempeño de procesos, planes, programas y proyectos, para la toma de decisiones y formulación de nuevas acciones orientadas a elevar el nivel de cumplimiento, transparencia y mejora institucional | D186: Desde el reporte y análisis de información y datos, la determinación de las causas probables de los incumplimientos y tendencias negativas hasta la formulación de acciones correctivas, preventivas y de mejora | E186: AUDITORÍA INTERNA: ASEGURAMIENTO Y CONSULTA | F186: OFICINA DE CONTROL INTERNO | G186: R 73 | H186: Incumplimiento del Plan Anual de Auditoría Interna | I186: Pérdida Reputacional | J186: Posibilidad de pérdida reputacional en la credibilidad y confianza de las partes interesadas y organismos de control por falta de competencias y capacitaciones al personal de la entidad con respecto al trabajo en esta | K186: OPERATIVOS | L186: 4. Mejorar y mantener la cultura corporativa orientada a la creación constante de valor público. | M186: 7. Mejoramiento capacidad de gestión administrativa de la agencia nacional de tierras nacional | N186: Usuarios, productos y prácticas | O186: 44701
B187: SEGUIMIENTO, EVALUACIÓN Y MEJORA | C187: Analizar la información proveniente de la retroalimentación del desempeño de procesos, planes, programas y proyectos, para la toma de decisiones y formulación de nuevas acciones orientadas a elevar el nivel de cumplimiento, transparencia y mejora institucional | D187: Desde el reporte y análisis de información y datos, la determinación de las causas probables de los incumplimientos y tendencias negativas hasta la formulación de acciones correctivas, preventivas y de mejora | E187: CONSOLIDACIÓN Y SEGUIMIENTO A PLANES DE MEJORAMIENTO | F187: OFICINA DE CONTROL INTERNO | G187: R 74 | H187: Incumplimiento en la ejecución del cronograma de monitoreo de los planes de mejoramiento | I187: Pérdida Reputacional | J187: Posibilidad de pérdida reputacional en el deterioro de la imagen institucional y la posible exposición de sanciones para la entidad y/o servidores públicos por posibles coyunturas en los procesos de la entidad que no permiten realizar seguimiento y/o cumplimiento a los planes de mejoramiento establecidos | K187: OPERATIVOS | L187: 4. Mejorar y mantener la cultura corporativa orientada a la creación constante de valor público. | M187: 7. Mejoramiento capacidad de gestión administrativa de la agencia nacional de tierras nacional | N187: Ejecución y administración de procesos | O187: 44701
B188: SEGUIMIENTO, EVALUACIÓN Y MEJORA | C188: Analizar la información proveniente de la retroalimentación del desempeño de procesos, planes, programas y proyectos, para la toma de decisiones y formulación de nuevas acciones orientadas a elevar el nivel de cumplimiento, transparencia y mejora institucional | D188: Desde el reporte y análisis de información y datos, la determinación de las causas probables de los incumplimientos y tendencias negativas hasta la formulación de acciones correctivas, preventivas y de mejora | E188: CONSOLIDACIÓN Y SEGUIMIENTO A PLANES DE MEJORAMIENTO | F188: OFICINA DE CONTROL INTERNO | G188: R 74 | H188: Incumplimiento en la ejecución del cronograma de monitoreo de los planes de mejoramiento | I188: Pérdida Reputacional | J188: Posibilidad de pérdida reputacional en el deterioro de la imagen institucional y la posible exposición de sanciones para la entidad y/o servidores públicos por posibles coyunturas en los procesos de la entidad que no permiten realizar seguimiento y/o cumplimiento a los planes de mejoramiento establecidos | K188: OPERATIVOS | L188: 4. Mejorar y mantener la cultura corporativa orientada a la creación constante de valor público. | M188: 7. Mejoramiento capacidad de gestión administrativa de la agencia nacional de tierras nacional | N188: Ejecución y administración de procesos | O188: 44701
B189: SEGUIMIENTO, EVALUACIÓN Y MEJORA | C189: Analizar la información proveniente de la retroalimentación del desempeño de procesos, planes, programas y proyectos, para la toma de decisiones y formulación de nuevas acciones orientadas a elevar el nivel de cumplimiento, transparencia y mejora institucional | D189: Desde el reporte y análisis de información y datos, la determinación de las causas probables de los incumplimientos y tendencias negativas hasta la formulación de acciones correctivas, preventivas y de mejora | E189: CONSOLIDACIÓN Y SEGUIMIENTO A PLANES DE MEJORAMIENTO | F189: OFICINA DE CONTROL INTERNO | G189: R 74 | H189: Incumplimiento en la ejecución del cronograma de monitoreo de los planes de mejoramiento | I189: Pérdida Reputacional | J189: Posibilidad de pérdida reputacional en el deterioro de la imagen institucional y la posible exposición de sanciones para la entidad y/o servidores públicos por posibles coyunturas en los procesos de la entidad que no permiten realizar seguimiento y/o cumplimiento a los planes de mejoramiento establecidos | K189: OPERATIVOS | L189: 4. Mejorar y mantener la cultura corporativa orientada a la creación constante de valor público. | M189: 7. Mejoramiento capacidad de gestión administrativa de la agencia nacional de tierras nacional | N189: Ejecución y administración de procesos | O189: 44701

Sheet 4 - Valor del Riesgo Inherente
C2: FORMA | D2: MAPA DE RIESGOS DE GESTIÓN | L2: CÓDIGO | N2: DEST-F-001
C3: ACTIVIDAD | D3: GESTIÓN DE RIESGOS Y OPORTUNIDADES | L3: VERSIÓN | N3: 4
C4: PROCESO | D4: DIRECCIONAMIENTO ESTRATÉGICO | L4: FECHA | N4: 44636
B5: VALORACIÓN DEL RIESGO INHERENTE
B6: Análisis de riesgos: en este punto se busca establecer la probabilidad de ocurrencia del riesgo y sus consecuencias o impacto. se busca determinar la zona de riesgo inicial (RIESGO INHERENTE).
B7: FICHA DE VALORACIÓN DEL RIESGO INHERENTE
B8: PROCESO | C8: RESPONSABLE DE LA ACTIVIDAD Responsable del Riesgo Responsable en la coordinación de la actividad y que si es compartida, se coloca el que mayor responsabilidad institucional tiene en su función. Basándose en la caracterización del proceso | D8: NÚMERO DE RIESGO | E8: NOMBRE DEL RIESGO | F8: IMPACTO DEL RIESGO | G8: DESCRIPCIÓN DEL RIESGO Debe contener todos los detalles que sean necesarios y que sea fácil de entender tanto para el líder del proceso como para personas ajenas al proceso. Se propone una estructura que facilita su redacción y claridad que inicia con la frase "POSIBILIDAD DE" | H8: ANÁLISIS DEL RIESGO INHERENTE Valoración que realiza el responsable del riesgo, señalando: 1. Frecuencia con la cual se realiza la acción por año 2. Señalando el criterio de impacto Si el impacto identificado para el riesgo es "Afectación económica", debe señalar en valores económicos Si el impacto identificado para el riesgo es "Reputacional", debe señalan en valores cualitativos Cuando en la columna N OPCIÓN DE MANEJO (tratamiento), aparezca el termino - ACEPTAR -, el responsable del riesgo tiene la OPCIÓN de crear control para fortalecer el proceso y mitigar de forma más adecuada la materialización del riesgo
H9: Frecuencia con la cual se realiza la acción por año Número de veces que se pasa por el punto de riesgo en el periodo de 1 año | I9: Probabilidad Inherente | J9: Porcentaje (%) | K9: Criterios de impacto 1. Si el impacto del riesgo es Afectación económica, debe seleccionar algún criterio que hace referencia 2. Si el impacto del riesgo es Pérdida Reputacional, debe seleccionar algún criterio que hace referencia | L9: Impacto Inherente | M9: Porcentaje (%) | N9: Zona de Riesgo Inherente (Exposición en Mapa de Calor Inherente) | O9: OPCIÓN DE MANEJO Tratamiento
B10: =+'3 - Identificación del Riesgo'!B9 -> DIRECCIONAMIENTO ESTRATÉGICO | C10: =+'3 - Identificación del Riesgo'!F9 -> OFICINA DE PLANEACIÓN | D10: =+'3 - Identificación del Riesgo'!G9 -> R 1 | E10: =+'3 - Identificación del Riesgo'!H9 -> Aprobar planes no pertinentes a la entidad | F10: =+'3 - Identificación del Riesgo'!I9 -> Afectación Económica o presupuestal | G10: =+'3 - Identificación del Riesgo'!J9 -> Posibilidad de afectación económica por multa del ente de control debido al desconocimiento y/o interpretación inadecuada de la política pública para el sector rural, del contexto, del entorno y de la situación de la Agencia y de la normativa vigente relacionada con la Agencia | H10: 1 | I10: =IF(H10<=0,"",IF(H10<=2,"Muy Baja",IF(H10<=24,"Baja",IF(H10<=500,"Media",IF(H10<=5000,"Alta","Muy Alta"))))) -> Muy Baja | J10: =IF(I10="","",IF(I10="Muy Baja",0.2,IF(I10="Baja",0.4,IF(I10="Media",0.6,IF(I10="Alta",0.8,IF(I10="Muy Alta",1,)))))) -> 0.2 | K10: Desde los 500 SMLMV | L10: =IF(OR(K10=[1]Datos!$A$23,K10=[1]Datos!$B$23),"Leve",IF(OR(K10=[1]Datos!$A$24,K10=[1]Datos!$B$24),"Menor",IF(OR(K10=[1]Datos!$A$25,K10=[1]Datos!$B$25),"Moderado",IF(OR(K10=[1]Datos!$A$26,K10=[1]Datos!$B$26),"Mayor",IF(OR(K10=[1]Datos!$A$27,K10=[1]Datos!$B$27),"Catastrófico",""))))) -> Catastrófico | M10: =IF(L10="","",IF(L10="Leve",0.2,IF(L10="Menor",0.4,IF(L10="Moderado",0.6,IF(L10="Mayor",0.8,IF(L10="Catastrófico",1,)))))) -> 1 | N10: =IF(OR(AND(I10="Muy Baja",L10="Leve"),AND(I10="Muy Baja",L10="Menor"),AND(I10="Baja",L10="Leve")),"Bajo",IF(OR(AND(I10="Muy baja",L10="Moderado"),AND(I10="Baja",L10="Menor"),AND(I10="Baja",L10="Moderado"),AND(I10="Media",L10="Leve"),AND(I10="Media",L10="Menor"),AND(I10="Media",L10="Moderado"),AND(I10="Alta",L10="Leve"),AND(I10="Alta",L10="Menor")),"Moderado",IF(OR(AND(I10="Muy Baja",L10="Mayor"),AND(I10="Baja",L10="Mayor"),AND(I10="Media",L10="Mayor"),AND(I10="Alta",L10="Moderado"),AND(I10="Alta",L10="Mayor"),AND(I10="Muy Alta",L10="Leve"),AND(I10="Muy Alta",L10="Menor"),AND(I10="Muy Alta",L10="Moderado"),AND(I10="Muy Alta",L10="Mayor")),"Alto",IF(OR(AND(I10="Muy Baja",L10="Catastrófico"),AND(I10="Baja",L10="Catastrófico"),AND(I10="Media",L10="Catastrófico"),AND(I10="Alta",L10="Catastrófico"),AND(I10="Muy Alta",L10="Catastrófico")),"Extremo","")))) -> Extremo | O10: =_xlfn.IFS(N10="Bajo","Aceptar",N10="Moderado","Reducir",N10="Alto","Reducir",N10="Extremo","Reducir") -> Reducir
B11: =+'3 - Identificación del Riesgo'!B10 -> DIRECCIONAMIENTO ESTRATÉGICO | C11: =+'3 - Identificación del Riesgo'!F10 -> OFICINA DE PLANEACIÓN | D11: =+'3 - Identificación del Riesgo'!G10 -> R 1 | E11: =+'3 - Identificación del Riesgo'!H10 -> Aprobar planes no pertinentes a la entidad | F11: =+'3 - Identificación del Riesgo'!I10 -> Afectación Económica o presupuestal | G11: =+'3 - Identificación del Riesgo'!J10 -> Posibilidad de afectación económica por multa del ente de control debido al desconocimiento y/o interpretación inadecuada de la política pública para el sector rural, del contexto, del entorno y de la situación de la Agencia y de la normativa vigente relacionada con la Agencia | H11: 1 | I11: =IF(H11<=0,"",IF(H11<=2,"Muy Baja",IF(H11<=24,"Baja",IF(H11<=500,"Media",IF(H11<=5000,"Alta","Muy Alta"))))) -> Muy Baja | J11: =IF(I11="","",IF(I11="Muy Baja",0.2,IF(I11="Baja",0.4,IF(I11="Media",0.6,IF(I11="Alta",0.8,IF(I11="Muy Alta",1,)))))) -> 0.2 | K11: Desde los 500 SMLMV | L11: =IF(OR(K11=[1]Datos!$A$23,K11=[1]Datos!$B$23),"Leve",IF(OR(K11=[1]Datos!$A$24,K11=[1]Datos!$B$24),"Menor",IF(OR(K11=[1]Datos!$A$25,K11=[1]Datos!$B$25),"Moderado",IF(OR(K11=[1]Datos!$A$26,K11=[1]Datos!$B$26),"Mayor",IF(OR(K11=[1]Datos!$A$27,K11=[1]Datos!$B$27),"Catastrófico",""))))) -> Catastrófico | M11: =IF(L11="","",IF(L11="Leve",0.2,IF(L11="Menor",0.4,IF(L11="Moderado",0.6,IF(L11="Mayor",0.8,IF(L11="Catastrófico",1,)))))) -> 1 | N11: =IF(OR(AND(I11="Muy Baja",L11="Leve"),AND(I11="Muy Baja",L11="Menor"),AND(I11="Baja",L11="Leve")),"Bajo",IF(OR(AND(I11="Muy baja",L11="Moderado"),AND(I11="Baja",L11="Menor"),AND(I11="Baja",L11="Moderado"),AND(I11="Media",L11="Leve"),AND(I11="Media",L11="Menor"),AND(I11="Media",L11="Moderado"),AND(I11="Alta",L11="Leve"),AND(I11="Alta",L11="Menor")),"Moderado",IF(OR(AND(I11="Muy Baja",L11="Mayor"),AND(I11="Baja",L11="Mayor"),AND(I11="Media",L11="Mayor"),AND(I11="Alta",L11="Moderado"),AND(I11="Alta",L11="Mayor"),AND(I11="Muy Alta",L11="Leve"),AND(I11="Muy Alta",L11="Menor"),AND(I11="Muy Alta",L11="Moderado"),AND(I11="Muy Alta",L11="Mayor")),"Alto",IF(OR(AND(I11="Muy Baja",L11="Catastrófico"),AND(I11="Baja",L11="Catastrófico"),AND(I11="Media",L11="Catastrófico"),AND(I11="Alta",L11="Catastrófico"),AND(I11="Muy Alta",L11="Catastrófico")),"Extremo","")))) -> Extremo | O11: =_xlfn.IFS(N11="Bajo","Aceptar",N11="Moderado","Reducir",N11="Alto","Reducir",N11="Extremo","Reducir") -> Reducir
B12: =+'3 - Identificación del Riesgo'!B11 -> DIRECCIONAMIENTO ESTRATÉGICO | C12: =+'3 - Identificación del Riesgo'!F11 -> OFICINA DE PLANEACIÓN | D12: =+'3 - Identificación del Riesgo'!G11 -> R 2 | E12: =+'3 - Identificación del Riesgo'!H11 -> Inscribir proyectos de inversión no adecuados a las necesidades de la entidad | F12: =+'3 - Identificación del Riesgo'!I11 -> Afectación Económica o presupuestal | G12: =+'3 - Identificación del Riesgo'!J11 -> Posibilidad de afectación económica por multa del ente de control debido al desconocimiento de los cambios en las normas y procesos de Min Hacienda y DNP relacionados con la planeación presupuestal, del MADR relacionados con parámetros sectoriales para la presentación de proyectos, desconocimiento del procedimiento y de los instrumentos establecidos en la ANT para la formulación de proyectos de inversión por parte de las dependencias y desarticulación de las metas e indicadores del proyecto con las metas e indicadores del PND y Plan Marco de Implementación | H12: 1 | I12: =IF(H12<=0,"",IF(H12<=2,"Muy Baja",IF(H12<=24,"Baja",IF(H12<=500,"Media",IF(H12<=5000,"Alta","Muy Alta"))))) -> Muy Baja | J12: =IF(I12="","",IF(I12="Muy Baja",0.2,IF(I12="Baja",0.4,IF(I12="Media",0.6,IF(I12="Alta",0.8,IF(I12="Muy Alta",1,)))))) -> 0.2 | K12: Desde los 500 SMLMV | L12: =IF(OR(K12=[1]Datos!$A$23,K12=[1]Datos!$B$23),"Leve",IF(OR(K12=[1]Datos!$A$24,K12=[1]Datos!$B$24),"Menor",IF(OR(K12=[1]Datos!$A$25,K12=[1]Datos!$B$25),"Moderado",IF(OR(K12=[1]Datos!$A$26,K12=[1]Datos!$B$26),"Mayor",IF(OR(K12=[1]Datos!$A$27,K12=[1]Datos!$B$27),"Catastrófico",""))))) -> Catastrófico | M12: =IF(L12="","",IF(L12="Leve",0.2,IF(L12="Menor",0.4,IF(L12="Moderado",0.6,IF(L12="Mayor",0.8,IF(L12="Catastrófico",1,)))))) -> 1 | N12: =IF(OR(AND(I12="Muy Baja",L12="Leve"),AND(I12="Muy Baja",L12="Menor"),AND(I12="Baja",L12="Leve")),"Bajo",IF(OR(AND(I12="Muy baja",L12="Moderado"),AND(I12="Baja",L12="Menor"),AND(I12="Baja",L12="Moderado"),AND(I12="Media",L12="Leve"),AND(I12="Media",L12="Menor"),AND(I12="Media",L12="Moderado"),AND(I12="Alta",L12="Leve"),AND(I12="Alta",L12="Menor")),"Moderado",IF(OR(AND(I12="Muy Baja",L12="Mayor"),AND(I12="Baja",L12="Mayor"),AND(I12="Media",L12="Mayor"),AND(I12="Alta",L12="Moderado"),AND(I12="Alta",L12="Mayor"),AND(I12="Muy Alta",L12="Leve"),AND(I12="Muy Alta",L12="Menor"),AND(I12="Muy Alta",L12="Moderado"),AND(I12="Muy Alta",L12="Mayor")),"Alto",IF(OR(AND(I12="Muy Baja",L12="Catastrófico"),AND(I12="Baja",L12="Catastrófico"),AND(I12="Media",L12="Catastrófico"),AND(I12="Alta",L12="Catastrófico"),AND(I12="Muy Alta",L12="Catastrófico")),"Extremo","")))) -> Extremo | O12: =_xlfn.IFS(N12="Bajo","Aceptar",N12="Moderado","Reducir",N12="Alto","Reducir",N12="Extremo","Reducir") -> Reducir
B13: =+'3 - Identificación del Riesgo'!B12 -> DIRECCIONAMIENTO ESTRATÉGICO | C13: =+'3 - Identificación del Riesgo'!F12 -> OFICINA DE PLANEACIÓN | D13: =+'3 - Identificación del Riesgo'!G12 -> R 2 | E13: =+'3 - Identificación del Riesgo'!H12 -> Inscribir proyectos de inversión no adecuados a las necesidades de la entidad | F13: =+'3 - Identificación del Riesgo'!I12 -> Afectación Económica o presupuestal | G13: =+'3 - Identificación del Riesgo'!J12 -> Posibilidad de afectación económica por multa del ente de control debido al desconocimiento de los cambios en las normas y procesos de Min Hacienda y DNP relacionados con la planeación presupuestal, del MADR relacionados con parámetros sectoriales para la presentación de proyectos, desconocimiento del procedimiento y de los instrumentos establecidos en la ANT para la formulación de proyectos de inversión por parte de las dependencias y desarticulación de las metas e indicadores del proyecto con las metas e indicadores del PND y Plan Marco de Implementación | H13: =+H12 -> 1 | I13: =IF(H13<=0,"",IF(H13<=2,"Muy Baja",IF(H13<=24,"Baja",IF(H13<=500,"Media",IF(H13<=5000,"Alta","Muy Alta"))))) -> Muy Baja | J13: =IF(I13="","",IF(I13="Muy Baja",0.2,IF(I13="Baja",0.4,IF(I13="Media",0.6,IF(I13="Alta",0.8,IF(I13="Muy Alta",1,)))))) -> 0.2 | K13: =+K12 -> Desde los 500 SMLMV | L13: =IF(OR(K13=[1]Datos!$A$23,K13=[1]Datos!$B$23),"Leve",IF(OR(K13=[1]Datos!$A$24,K13=[1]Datos!$B$24),"Menor",IF(OR(K13=[1]Datos!$A$25,K13=[1]Datos!$B$25),"Moderado",IF(OR(K13=[1]Datos!$A$26,K13=[1]Datos!$B$26),"Mayor",IF(OR(K13=[1]Datos!$A$27,K13=[1]Datos!$B$27),"Catastrófico",""))))) -> Catastrófico | M13: =IF(L13="","",IF(L13="Leve",0.2,IF(L13="Menor",0.4,IF(L13="Moderado",0.6,IF(L13="Mayor",0.8,IF(L13="Catastrófico",1,)))))) -> 1 | N13: =IF(OR(AND(I13="Muy Baja",L13="Leve"),AND(I13="Muy Baja",L13="Menor"),AND(I13="Baja",L13="Leve")),"Bajo",IF(OR(AND(I13="Muy baja",L13="Moderado"),AND(I13="Baja",L13="Menor"),AND(I13="Baja",L13="Moderado"),AND(I13="Media",L13="Leve"),AND(I13="Media",L13="Menor"),AND(I13="Media",L13="Moderado"),AND(I13="Alta",L13="Leve"),AND(I13="Alta",L13="Menor")),"Moderado",IF(OR(AND(I13="Muy Baja",L13="Mayor"),AND(I13="Baja",L13="Mayor"),AND(I13="Media",L13="Mayor"),AND(I13="Alta",L13="Moderado"),AND(I13="Alta",L13="Mayor"),AND(I13="Muy Alta",L13="Leve"),AND(I13="Muy Alta",L13="Menor"),AND(I13="Muy Alta",L13="Moderado"),AND(I13="Muy Alta",L13="Mayor")),"Alto",IF(OR(AND(I13="Muy Baja",L13="Catastrófico"),AND(I13="Baja",L13="Catastrófico"),AND(I13="Media",L13="Catastrófico"),AND(I13="Alta",L13="Catastrófico"),AND(I13="Muy Alta",L13="Catastrófico")),"Extremo","")))) -> Extremo | O13: =_xlfn.IFS(N13="Bajo","Aceptar",N13="Moderado","Reducir",N13="Alto","Reducir",N13="Extremo","Reducir") -> Reducir
B14: =+'3 - Identificación del Riesgo'!B13 -> DIRECCIONAMIENTO ESTRATÉGICO | C14: =+'3 - Identificación del Riesgo'!F13 -> OFICINA DE PLANEACIÓN | D14: =+'3 - Identificación del Riesgo'!G13 -> R 2 | E14: =+'3 - Identificación del Riesgo'!H13 -> Inscribir proyectos de inversión no adecuados a las necesidades de la entidad | F14: =+'3 - Identificación del Riesgo'!I13 -> Afectación Económica o presupuestal | G14: =+'3 - Identificación del Riesgo'!J13 -> Posibilidad de afectación económica por multa del ente de control debido al desconocimiento de los cambios en las normas y procesos de Min Hacienda y DNP relacionados con la planeación presupuestal, del MADR relacionados con parámetros sectoriales para la presentación de proyectos, desconocimiento del procedimiento y de los instrumentos establecidos en la ANT para la formulación de proyectos de inversión por parte de las dependencias y desarticulación de las metas e indicadores del proyecto con las metas e indicadores del PND y Plan Marco de Implementación | H14: =+H13 -> 1 | I14: =IF(H14<=0,"",IF(H14<=2,"Muy Baja",IF(H14<=24,"Baja",IF(H14<=500,"Media",IF(H14<=5000,"Alta","Muy Alta"))))) -> Muy Baja | J14: =IF(I14="","",IF(I14="Muy Baja",0.2,IF(I14="Baja",0.4,IF(I14="Media",0.6,IF(I14="Alta",0.8,IF(I14="Muy Alta",1,)))))) -> 0.2 | K14: =+K13 -> Desde los 500 SMLMV | L14: =IF(OR(K14=[1]Datos!$A$23,K14=[1]Datos!$B$23),"Leve",IF(OR(K14=[1]Datos!$A$24,K14=[1]Datos!$B$24),"Menor",IF(OR(K14=[1]Datos!$A$25,K14=[1]Datos!$B$25),"Moderado",IF(OR(K14=[1]Datos!$A$26,K14=[1]Datos!$B$26),"Mayor",IF(OR(K14=[1]Datos!$A$27,K14=[1]Datos!$B$27),"Catastrófico",""))))) -> Catastrófico | M14: =IF(L14="","",IF(L14="Leve",0.2,IF(L14="Menor",0.4,IF(L14="Moderado",0.6,IF(L14="Mayor",0.8,IF(L14="Catastrófico",1,)))))) -> 1 | N14: =IF(OR(AND(I14="Muy Baja",L14="Leve"),AND(I14="Muy Baja",L14="Menor"),AND(I14="Baja",L14="Leve")),"Bajo",IF(OR(AND(I14="Muy baja",L14="Moderado"),AND(I14="Baja",L14="Menor"),AND(I14="Baja",L14="Moderado"),AND(I14="Media",L14="Leve"),AND(I14="Media",L14="Menor"),AND(I14="Media",L14="Moderado"),AND(I14="Alta",L14="Leve"),AND(I14="Alta",L14="Menor")),"Moderado",IF(OR(AND(I14="Muy Baja",L14="Mayor"),AND(I14="Baja",L14="Mayor"),AND(I14="Media",L14="Mayor"),AND(I14="Alta",L14="Moderado"),AND(I14="Alta",L14="Mayor"),AND(I14="Muy Alta",L14="Leve"),AND(I14="Muy Alta",L14="Menor"),AND(I14="Muy Alta",L14="Moderado"),AND(I14="Muy Alta",L14="Mayor")),"Alto",IF(OR(AND(I14="Muy Baja",L14="Catastrófico"),AND(I14="Baja",L14="Catastrófico"),AND(I14="Media",L14="Catastrófico"),AND(I14="Alta",L14="Catastrófico"),AND(I14="Muy Alta",L14="Catastrófico")),"Extremo","")))) -> Extremo | O14: =_xlfn.IFS(N14="Bajo","Aceptar",N14="Moderado","Reducir",N14="Alto","Reducir",N14="Extremo","Reducir") -> Reducir
B15: =+'3 - Identificación del Riesgo'!B14 -> DIRECCIONAMIENTO ESTRATÉGICO | C15: =+'3 - Identificación del Riesgo'!F14 -> OFICINA DE PLANEACIÓN | D15: =+'3 - Identificación del Riesgo'!G14 -> R 3 | E15: =+'3 - Identificación del Riesgo'!H14 -> Planeación inoportuna de cada vigencia | F15: =+'3 - Identificación del Riesgo'!I14 -> Pérdida Reputacional | G15: =+'3 - Identificación del Riesgo'!J14 -> Posibilidad de pérdida reputacional en la imagen institucional por falta de coordinación de la Oficina de Planeación con los responsables de la planeación en cada dependencia, generando documentación de referencia desactualizada, herramientas tecnológicas inadecuadas y diferencia en las interpretaciones de lineamientos; transmitiéndose en el retraso de las metas, compromisos institucionales y la ejecución de los proyectos | H15: 1 | I15: =IF(H15<=0,"",IF(H15<=2,"Muy Baja",IF(H15<=24,"Baja",IF(H15<=500,"Media",IF(H15<=5000,"Alta","Muy Alta"))))) -> Muy Baja | J15: =IF(I15="","",IF(I15="Muy Baja",0.2,IF(I15="Baja",0.4,IF(I15="Media",0.6,IF(I15="Alta",0.8,IF(I15="Muy Alta",1,)))))) -> 0.2 | K15: El riesgo afecta la imagen de la entidad con algunos usuarios de relevancia frente al logro de los objetivos | L15: =IF(OR(K15=[1]Datos!$A$23,K15=[1]Datos!$B$23),"Leve",IF(OR(K15=[1]Datos!$A$24,K15=[1]Datos!$B$24),"Menor",IF(OR(K15=[1]Datos!$A$25,K15=[1]Datos!$B$25),"Moderado",IF(OR(K15=[1]Datos!$A$26,K15=[1]Datos!$B$26),"Mayor",IF(OR(K15=[1]Datos!$A$27,K15=[1]Datos!$B$27),"Catastrófico",""))))) -> Moderado | M15: =IF(L15="","",IF(L15="Leve",0.2,IF(L15="Menor",0.4,IF(L15="Moderado",0.6,IF(L15="Mayor",0.8,IF(L15="Catastrófico",1,)))))) -> 0.6 | N15: =IF(OR(AND(I15="Muy Baja",L15="Leve"),AND(I15="Muy Baja",L15="Menor"),AND(I15="Baja",L15="Leve")),"Bajo",IF(OR(AND(I15="Muy baja",L15="Moderado"),AND(I15="Baja",L15="Menor"),AND(I15="Baja",L15="Moderado"),AND(I15="Media",L15="Leve"),AND(I15="Media",L15="Menor"),AND(I15="Media",L15="Moderado"),AND(I15="Alta",L15="Leve"),AND(I15="Alta",L15="Menor")),"Moderado",IF(OR(AND(I15="Muy Baja",L15="Mayor"),AND(I15="Baja",L15="Mayor"),AND(I15="Media",L15="Mayor"),AND(I15="Alta",L15="Moderado"),AND(I15="Alta",L15="Mayor"),AND(I15="Muy Alta",L15="Leve"),AND(I15="Muy Alta",L15="Menor"),AND(I15="Muy Alta",L15="Moderado"),AND(I15="Muy Alta",L15="Mayor")),"Alto",IF(OR(AND(I15="Muy Baja",L15="Catastrófico"),AND(I15="Baja",L15="Catastrófico"),AND(I15="Media",L15="Catastrófico"),AND(I15="Alta",L15="Catastrófico"),AND(I15="Muy Alta",L15="Catastrófico")),"Extremo","")))) -> Moderado | O15: =_xlfn.IFS(N15="Bajo","Aceptar",N15="Moderado","Reducir",N15="Alto","Reducir",N15="Extremo","Reducir") -> Reducir
B16: =+'3 - Identificación del Riesgo'!B15 -> DIRECCIONAMIENTO ESTRATÉGICO | C16: =+'3 - Identificación del Riesgo'!F15 -> OFICINA DE PLANEACIÓN | D16: =+'3 - Identificación del Riesgo'!G15 -> R 3 | E16: =+'3 - Identificación del Riesgo'!H15 -> Planeación inoportuna de cada vigencia | F16: =+'3 - Identificación del Riesgo'!I15 -> Pérdida Reputacional | G16: =+'3 - Identificación del Riesgo'!J15 -> Posibilidad de pérdida reputacional en la imagen institucional por falta de coordinación de la Oficina de Planeación con los responsables de la planeación en cada dependencia, generando documentación de referencia desactualizada, herramientas tecnológicas inadecuadas y diferencia en las interpretaciones de lineamientos; transmitiéndose en el retraso de las metas, compromisos institucionales y la ejecución de los proyectos | H16: 1 | I16: =IF(H16<=0,"",IF(H16<=2,"Muy Baja",IF(H16<=24,"Baja",IF(H16<=500,"Media",IF(H16<=5000,"Alta","Muy Alta"))))) -> Muy Baja | J16: =IF(I16="","",IF(I16="Muy Baja",0.2,IF(I16="Baja",0.4,IF(I16="Media",0.6,IF(I16="Alta",0.8,IF(I16="Muy Alta",1,)))))) -> 0.2 | K16: El riesgo afecta la imagen de la entidad con algunos usuarios de relevancia frente al logro de los objetivos | L16: =IF(OR(K16=[1]Datos!$A$23,K16=[1]Datos!$B$23),"Leve",IF(OR(K16=[1]Datos!$A$24,K16=[1]Datos!$B$24),"Menor",IF(OR(K16=[1]Datos!$A$25,K16=[1]Datos!$B$25),"Moderado",IF(OR(K16=[1]Datos!$A$26,K16=[1]Datos!$B$26),"Mayor",IF(OR(K16=[1]Datos!$A$27,K16=[1]Datos!$B$27),"Catastrófico",""))))) -> Moderado | M16: =IF(L16="","",IF(L16="Leve",0.2,IF(L16="Menor",0.4,IF(L16="Moderado",0.6,IF(L16="Mayor",0.8,IF(L16="Catastrófico",1,)))))) -> 0.6 | N16: =IF(OR(AND(I16="Muy Baja",L16="Leve"),AND(I16="Muy Baja",L16="Menor"),AND(I16="Baja",L16="Leve")),"Bajo",IF(OR(AND(I16="Muy baja",L16="Moderado"),AND(I16="Baja",L16="Menor"),AND(I16="Baja",L16="Moderado"),AND(I16="Media",L16="Leve"),AND(I16="Media",L16="Menor"),AND(I16="Media",L16="Moderado"),AND(I16="Alta",L16="Leve"),AND(I16="Alta",L16="Menor")),"Moderado",IF(OR(AND(I16="Muy Baja",L16="Mayor"),AND(I16="Baja",L16="Mayor"),AND(I16="Media",L16="Mayor"),AND(I16="Alta",L16="Moderado"),AND(I16="Alta",L16="Mayor"),AND(I16="Muy Alta",L16="Leve"),AND(I16="Muy Alta",L16="Menor"),AND(I16="Muy Alta",L16="Moderado"),AND(I16="Muy Alta",L16="Mayor")),"Alto",IF(OR(AND(I16="Muy Baja",L16="Catastrófico"),AND(I16="Baja",L16="Catastrófico"),AND(I16="Media",L16="Catastrófico"),AND(I16="Alta",L16="Catastrófico"),AND(I16="Muy Alta",L16="Catastrófico")),"Extremo","")))) -> Moderado | O16: =_xlfn.IFS(N16="Bajo","Aceptar",N16="Moderado","Reducir",N16="Alto","Reducir",N16="Extremo","Reducir") -> Reducir
B17: =+'3 - Identificación del Riesgo'!B16 -> DIRECCIONAMIENTO ESTRATÉGICO | C17: =+'3 - Identificación del Riesgo'!F16 -> OFICINA DE PLANEACIÓN | D17: =+'3 - Identificación del Riesgo'!G16 -> R 4 | E17: =+'3 - Identificación del Riesgo'!H16 -> Reporte de información no pertinente a las necesidades de la Dirección General | F17: =+'3 - Identificación del Riesgo'!I16 -> Pérdida Reputacional | G17: =+'3 - Identificación del Riesgo'!J16 -> Posibilidad de pérdida reputacional en la imagen institucional debido al desconocimiento de las dependencias en la metodología, roles, responsabilidades y los criterios explícitos para reporte de indicadores, y además tener los Sistemas de información no unificados | H17: 365 | I17: =IF(H17<=0,"",IF(H17<=2,"Muy Baja",IF(H17<=24,"Baja",IF(H17<=500,"Media",IF(H17<=5000,"Alta","Muy Alta"))))) -> Media | J17: =IF(I17="","",IF(I17="Muy Baja",0.2,IF(I17="Baja",0.4,IF(I17="Media",0.6,IF(I17="Alta",0.8,IF(I17="Muy Alta",1,)))))) -> 0.6 | K17: El riesgo afecta la imagen de la entidad con algunos usuarios de relevancia frente al logro de los objetivos | L17: =IF(OR(K17=[1]Datos!$A$23,K17=[1]Datos!$B$23),"Leve",IF(OR(K17=[1]Datos!$A$24,K17=[1]Datos!$B$24),"Menor",IF(OR(K17=[1]Datos!$A$25,K17=[1]Datos!$B$25),"Moderado",IF(OR(K17=[1]Datos!$A$26,K17=[1]Datos!$B$26),"Mayor",IF(OR(K17=[1]Datos!$A$27,K17=[1]Datos!$B$27),"Catastrófico",""))))) -> Moderado | M17: =IF(L17="","",IF(L17="Leve",0.2,IF(L17="Menor",0.4,IF(L17="Moderado",0.6,IF(L17="Mayor",0.8,IF(L17="Catastrófico",1,)))))) -> 0.6 | N17: =IF(OR(AND(I17="Muy Baja",L17="Leve"),AND(I17="Muy Baja",L17="Menor"),AND(I17="Baja",L17="Leve")),"Bajo",IF(OR(AND(I17="Muy baja",L17="Moderado"),AND(I17="Baja",L17="Menor"),AND(I17="Baja",L17="Moderado"),AND(I17="Media",L17="Leve"),AND(I17="Media",L17="Menor"),AND(I17="Media",L17="Moderado"),AND(I17="Alta",L17="Leve"),AND(I17="Alta",L17="Menor")),"Moderado",IF(OR(AND(I17="Muy Baja",L17="Mayor"),AND(I17="Baja",L17="Mayor"),AND(I17="Media",L17="Mayor"),AND(I17="Alta",L17="Moderado"),AND(I17="Alta",L17="Mayor"),AND(I17="Muy Alta",L17="Leve"),AND(I17="Muy Alta",L17="Menor"),AND(I17="Muy Alta",L17="Moderado"),AND(I17="Muy Alta",L17="Mayor")),"Alto",IF(OR(AND(I17="Muy Baja",L17="Catastrófico"),AND(I17="Baja",L17="Catastrófico"),AND(I17="Media",L17="Catastrófico"),AND(I17="Alta",L17="Catastrófico"),AND(I17="Muy Alta",L17="Catastrófico")),"Extremo","")))) -> Moderado | O17: =_xlfn.IFS(N17="Bajo","Aceptar",N17="Moderado","Reducir",N17="Alto","Reducir",N17="Extremo","Reducir") -> Reducir
B18: =+'3 - Identificación del Riesgo'!B17 -> DIRECCIONAMIENTO ESTRATÉGICO | C18: =+'3 - Identificación del Riesgo'!F17 -> OFICINA DE PLANEACIÓN | D18: =+'3 - Identificación del Riesgo'!G17 -> R 4 | E18: =+'3 - Identificación del Riesgo'!H17 -> Reporte de información no pertinente a las necesidades de la Dirección General | F18: =+'3 - Identificación del Riesgo'!I17 -> Pérdida Reputacional | G18: =+'3 - Identificación del Riesgo'!J17 -> Posibilidad de pérdida reputacional en la imagen institucional debido al desconocimiento de las dependencias en la metodología, roles, responsabilidades y los criterios explícitos para reporte de indicadores, y además tener los Sistemas de información no unificados | H18: 365 | I18: =IF(H18<=0,"",IF(H18<=2,"Muy Baja",IF(H18<=24,"Baja",IF(H18<=500,"Media",IF(H18<=5000,"Alta","Muy Alta"))))) -> Media | J18: =IF(I18="","",IF(I18="Muy Baja",0.2,IF(I18="Baja",0.4,IF(I18="Media",0.6,IF(I18="Alta",0.8,IF(I18="Muy Alta",1,)))))) -> 0.6 | K18: El riesgo afecta la imagen de la entidad con algunos usuarios de relevancia frente al logro de los objetivos | L18: =IF(OR(K18=[1]Datos!$A$23,K18=[1]Datos!$B$23),"Leve",IF(OR(K18=[1]Datos!$A$24,K18=[1]Datos!$B$24),"Menor",IF(OR(K18=[1]Datos!$A$25,K18=[1]Datos!$B$25),"Moderado",IF(OR(K18=[1]Datos!$A$26,K18=[1]Datos!$B$26),"Mayor",IF(OR(K18=[1]Datos!$A$27,K18=[1]Datos!$B$27),"Catastrófico",""))))) -> Moderado | M18: =IF(L18="","",IF(L18="Leve",0.2,IF(L18="Menor",0.4,IF(L18="Moderado",0.6,IF(L18="Mayor",0.8,IF(L18="Catastrófico",1,)))))) -> 0.6 | N18: =IF(OR(AND(I18="Muy Baja",L18="Leve"),AND(I18="Muy Baja",L18="Menor"),AND(I18="Baja",L18="Leve")),"Bajo",IF(OR(AND(I18="Muy baja",L18="Moderado"),AND(I18="Baja",L18="Menor"),AND(I18="Baja",L18="Moderado"),AND(I18="Media",L18="Leve"),AND(I18="Media",L18="Menor"),AND(I18="Media",L18="Moderado"),AND(I18="Alta",L18="Leve"),AND(I18="Alta",L18="Menor")),"Moderado",IF(OR(AND(I18="Muy Baja",L18="Mayor"),AND(I18="Baja",L18="Mayor"),AND(I18="Media",L18="Mayor"),AND(I18="Alta",L18="Moderado"),AND(I18="Alta",L18="Mayor"),AND(I18="Muy Alta",L18="Leve"),AND(I18="Muy Alta",L18="Menor"),AND(I18="Muy Alta",L18="Moderado"),AND(I18="Muy Alta",L18="Mayor")),"Alto",IF(OR(AND(I18="Muy Baja",L18="Catastrófico"),AND(I18="Baja",L18="Catastrófico"),AND(I18="Media",L18="Catastrófico"),AND(I18="Alta",L18="Catastrófico"),AND(I18="Muy Alta",L18="Catastrófico")),"Extremo","")))) -> Moderado | O18: =_xlfn.IFS(N18="Bajo","Aceptar",N18="Moderado","Reducir",N18="Alto","Reducir",N18="Extremo","Reducir") -> Reducir
B19: =+'3 - Identificación del Riesgo'!B18 -> DIRECCIONAMIENTO ESTRATÉGICO | C19: =+'3 - Identificación del Riesgo'!F18 -> OFICINA DE PLANEACIÓN | D19: =+'3 - Identificación del Riesgo'!G18 -> R 5 | E19: =+'3 - Identificación del Riesgo'!H18 -> Planeación y gestión de procesos con inadecuada valoración de riesgos y oportunidades | F19: =+'3 - Identificación del Riesgo'!I18 -> Pérdida Reputacional | G19: =+'3 - Identificación del Riesgo'!J18 -> Posibilidad de pérdida reputacional en la imagen institucional por la inadecuada identificación y control de riesgos que afectan los procesos de la entidad | H19: 365 | I19: =IF(H19<=0,"",IF(H19<=2,"Muy Baja",IF(H19<=24,"Baja",IF(H19<=500,"Media",IF(H19<=5000,"Alta","Muy Alta"))))) -> Media | J19: =IF(I19="","",IF(I19="Muy Baja",0.2,IF(I19="Baja",0.4,IF(I19="Media",0.6,IF(I19="Alta",0.8,IF(I19="Muy Alta",1,)))))) -> 0.6 | K19: El riesgo afecta la imagen de la entidad con algunos usuarios de relevancia frente al logro de los objetivos | L19: =IF(OR(K19=[1]Datos!$A$23,K19=[1]Datos!$B$23),"Leve",IF(OR(K19=[1]Datos!$A$24,K19=[1]Datos!$B$24),"Menor",IF(OR(K19=[1]Datos!$A$25,K19=[1]Datos!$B$25),"Moderado",IF(OR(K19=[1]Datos!$A$26,K19=[1]Datos!$B$26),"Mayor",IF(OR(K19=[1]Datos!$A$27,K19=[1]Datos!$B$27),"Catastrófico",""))))) -> Moderado | M19: =IF(L19="","",IF(L19="Leve",0.2,IF(L19="Menor",0.4,IF(L19="Moderado",0.6,IF(L19="Mayor",0.8,IF(L19="Catastrófico",1,)))))) -> 0.6 | N19: =IF(OR(AND(I19="Muy Baja",L19="Leve"),AND(I19="Muy Baja",L19="Menor"),AND(I19="Baja",L19="Leve")),"Bajo",IF(OR(AND(I19="Muy baja",L19="Moderado"),AND(I19="Baja",L19="Menor"),AND(I19="Baja",L19="Moderado"),AND(I19="Media",L19="Leve"),AND(I19="Media",L19="Menor"),AND(I19="Media",L19="Moderado"),AND(I19="Alta",L19="Leve"),AND(I19="Alta",L19="Menor")),"Moderado",IF(OR(AND(I19="Muy Baja",L19="Mayor"),AND(I19="Baja",L19="Mayor"),AND(I19="Media",L19="Mayor"),AND(I19="Alta",L19="Moderado"),AND(I19="Alta",L19="Mayor"),AND(I19="Muy Alta",L19="Leve"),AND(I19="Muy Alta",L19="Menor"),AND(I19="Muy Alta",L19="Moderado"),AND(I19="Muy Alta",L19="Mayor")),"Alto",IF(OR(AND(I19="Muy Baja",L19="Catastrófico"),AND(I19="Baja",L19="Catastrófico"),AND(I19="Media",L19="Catastrófico"),AND(I19="Alta",L19="Catastrófico"),AND(I19="Muy Alta",L19="Catastrófico")),"Extremo","")))) -> Moderado | O19: =_xlfn.IFS(N19="Bajo","Aceptar",N19="Moderado","Reducir",N19="Alto","Reducir",N19="Extremo","Reducir") -> Reducir
B20: =+'3 - Identificación del Riesgo'!B19 -> DIRECCIONAMIENTO ESTRATÉGICO | C20: =+'3 - Identificación del Riesgo'!F19 -> OFICINA DE PLANEACIÓN | D20: =+'3 - Identificación del Riesgo'!G19 -> R 5 | E20: =+'3 - Identificación del Riesgo'!H19 -> Planeación y gestión de procesos con inadecuada valoración de riesgos y oportunidades | F20: =+'3 - Identificación del Riesgo'!I19 -> Pérdida Reputacional | G20: =+'3 - Identificación del Riesgo'!J19 -> Posibilidad de pérdida reputacional en la imagen institucional por la inadecuada identificación y control de riesgos que afectan los procesos de la entidad | H20: 365 | I20: =IF(H20<=0,"",IF(H20<=2,"Muy Baja",IF(H20<=24,"Baja",IF(H20<=500,"Media",IF(H20<=5000,"Alta","Muy Alta"))))) -> Media | J20: =IF(I20="","",IF(I20="Muy Baja",0.2,IF(I20="Baja",0.4,IF(I20="Media",0.6,IF(I20="Alta",0.8,IF(I20="Muy Alta",1,)))))) -> 0.6 | K20: El riesgo afecta la imagen de la entidad con algunos usuarios de relevancia frente al logro de los objetivos | L20: =IF(OR(K20=[1]Datos!$A$23,K20=[1]Datos!$B$23),"Leve",IF(OR(K20=[1]Datos!$A$24,K20=[1]Datos!$B$24),"Menor",IF(OR(K20=[1]Datos!$A$25,K20=[1]Datos!$B$25),"Moderado",IF(OR(K20=[1]Datos!$A$26,K20=[1]Datos!$B$26),"Mayor",IF(OR(K20=[1]Datos!$A$27,K20=[1]Datos!$B$27),"Catastrófico",""))))) -> Moderado | M20: =IF(L20="","",IF(L20="Leve",0.2,IF(L20="Menor",0.4,IF(L20="Moderado",0.6,IF(L20="Mayor",0.8,IF(L20="Catastrófico",1,)))))) -> 0.6 | N20: =IF(OR(AND(I20="Muy Baja",L20="Leve"),AND(I20="Muy Baja",L20="Menor"),AND(I20="Baja",L20="Leve")),"Bajo",IF(OR(AND(I20="Muy baja",L20="Moderado"),AND(I20="Baja",L20="Menor"),AND(I20="Baja",L20="Moderado"),AND(I20="Media",L20="Leve"),AND(I20="Media",L20="Menor"),AND(I20="Media",L20="Moderado"),AND(I20="Alta",L20="Leve"),AND(I20="Alta",L20="Menor")),"Moderado",IF(OR(AND(I20="Muy Baja",L20="Mayor"),AND(I20="Baja",L20="Mayor"),AND(I20="Media",L20="Mayor"),AND(I20="Alta",L20="Moderado"),AND(I20="Alta",L20="Mayor"),AND(I20="Muy Alta",L20="Leve"),AND(I20="Muy Alta",L20="Menor"),AND(I20="Muy Alta",L20="Moderado"),AND(I20="Muy Alta",L20="Mayor")),"Alto",IF(OR(AND(I20="Muy Baja",L20="Catastrófico"),AND(I20="Baja",L20="Catastrófico"),AND(I20="Media",L20="Catastrófico"),AND(I20="Alta",L20="Catastrófico"),AND(I20="Muy Alta",L20="Catastrófico")),"Extremo","")))) -> Moderado | O20: =_xlfn.IFS(N20="Bajo","Aceptar",N20="Moderado","Reducir",N20="Alto","Reducir",N20="Extremo","Reducir") -> Reducir
B21: =+'3 - Identificación del Riesgo'!B20 -> COMUNICACIÓN Y GESTIÓN CON GRUPOS DE INTERÉS | C21: =+'3 - Identificación del Riesgo'!F20 -> DIRECCIÓN GENERAL (EQUIPO DE COMUNICACIONES) | D21: =+'3 - Identificación del Riesgo'!G20 -> R 6 | E21: =+'3 - Identificación del Riesgo'!H20 -> Dar información imprecisa o errónea a la ciudadanía a través de cualquier medio de comunicación por parte de personas autorizadas y NO autorizadas | F21: =+'3 - Identificación del Riesgo'!I20 -> Pérdida Reputacional | G21: =+'3 - Identificación del Riesgo'!J20 -> Posibilidad de pérdida reputacional en la credibilidad y mala imagen institucional por deficiencia en la información interna y externa de la entidad | H21: 8760 | I21: =IF(H21<=0,"",IF(H21<=2,"Muy Baja",IF(H21<=24,"Baja",IF(H21<=500,"Media",IF(H21<=5000,"Alta","Muy Alta"))))) -> Muy Alta | J21: =IF(I21="","",IF(I21="Muy Baja",0.2,IF(I21="Baja",0.4,IF(I21="Media",0.6,IF(I21="Alta",0.8,IF(I21="Muy Alta",1,)))))) -> 1 | K21: El riesgo afecta la imagen de la entidad a nivel nacional, con efecto publicitarios sostenible a nivel país | L21: =IF(OR(K21=[1]Datos!$A$23,K21=[1]Datos!$B$23),"Leve",IF(OR(K21=[1]Datos!$A$24,K21=[1]Datos!$B$24),"Menor",IF(OR(K21=[1]Datos!$A$25,K21=[1]Datos!$B$25),"Moderado",IF(OR(K21=[1]Datos!$A$26,K21=[1]Datos!$B$26),"Mayor",IF(OR(K21=[1]Datos!$A$27,K21=[1]Datos!$B$27),"Catastrófico",""))))) -> Catastrófico | M21: =IF(L21="","",IF(L21="Leve",0.2,IF(L21="Menor",0.4,IF(L21="Moderado",0.6,IF(L21="Mayor",0.8,IF(L21="Catastrófico",1,)))))) -> 1 | N21: =IF(OR(AND(I21="Muy Baja",L21="Leve"),AND(I21="Muy Baja",L21="Menor"),AND(I21="Baja",L21="Leve")),"Bajo",IF(OR(AND(I21="Muy baja",L21="Moderado"),AND(I21="Baja",L21="Menor"),AND(I21="Baja",L21="Moderado"),AND(I21="Media",L21="Leve"),AND(I21="Media",L21="Menor"),AND(I21="Media",L21="Moderado"),AND(I21="Alta",L21="Leve"),AND(I21="Alta",L21="Menor")),"Moderado",IF(OR(AND(I21="Muy Baja",L21="Mayor"),AND(I21="Baja",L21="Mayor"),AND(I21="Media",L21="Mayor"),AND(I21="Alta",L21="Moderado"),AND(I21="Alta",L21="Mayor"),AND(I21="Muy Alta",L21="Leve"),AND(I21="Muy Alta",L21="Menor"),AND(I21="Muy Alta",L21="Moderado"),AND(I21="Muy Alta",L21="Mayor")),"Alto",IF(OR(AND(I21="Muy Baja",L21="Catastrófico"),AND(I21="Baja",L21="Catastrófico"),AND(I21="Media",L21="Catastrófico"),AND(I21="Alta",L21="Catastrófico"),AND(I21="Muy Alta",L21="Catastrófico")),"Extremo","")))) -> Extremo | O21: =_xlfn.IFS(N21="Bajo","Aceptar",N21="Moderado","Reducir",N21="Alto","Reducir",N21="Extremo","Reducir") -> Reducir
B22: =+'3 - Identificación del Riesgo'!B21 -> COMUNICACIÓN Y GESTIÓN CON GRUPOS DE INTERÉS | C22: =+'3 - Identificación del Riesgo'!F21 -> DIRECCIÓN GENERAL (EQUIPO DE COMUNICACIONES) | D22: =+'3 - Identificación del Riesgo'!G21 -> R 6 | E22: =+'3 - Identificación del Riesgo'!H21 -> Dar información imprecisa o errónea a la ciudadanía a través de cualquier medio de comunicación por parte de personas autorizadas y NO autorizadas | F22: =+'3 - Identificación del Riesgo'!I21 -> Pérdida Reputacional | G22: =+'3 - Identificación del Riesgo'!J21 -> Posibilidad de pérdida reputacional en la credibilidad y mala imagen institucional por deficiencia en la información interna y externa de la entidad | H22: 8760 | I22: =IF(H22<=0,"",IF(H22<=2,"Muy Baja",IF(H22<=24,"Baja",IF(H22<=500,"Media",IF(H22<=5000,"Alta","Muy Alta"))))) -> Muy Alta | J22: =IF(I22="","",IF(I22="Muy Baja",0.2,IF(I22="Baja",0.4,IF(I22="Media",0.6,IF(I22="Alta",0.8,IF(I22="Muy Alta",1,)))))) -> 1 | K22: El riesgo afecta la imagen de la entidad a nivel nacional, con efecto publicitarios sostenible a nivel país | L22: =IF(OR(K22=[1]Datos!$A$23,K22=[1]Datos!$B$23),"Leve",IF(OR(K22=[1]Datos!$A$24,K22=[1]Datos!$B$24),"Menor",IF(OR(K22=[1]Datos!$A$25,K22=[1]Datos!$B$25),"Moderado",IF(OR(K22=[1]Datos!$A$26,K22=[1]Datos!$B$26),"Mayor",IF(OR(K22=[1]Datos!$A$27,K22=[1]Datos!$B$27),"Catastrófico",""))))) -> Catastrófico | M22: =IF(L22="","",IF(L22="Leve",0.2,IF(L22="Menor",0.4,IF(L22="Moderado",0.6,IF(L22="Mayor",0.8,IF(L22="Catastrófico",1,)))))) -> 1 | N22: =IF(OR(AND(I22="Muy Baja",L22="Leve"),AND(I22="Muy Baja",L22="Menor"),AND(I22="Baja",L22="Leve")),"Bajo",IF(OR(AND(I22="Muy baja",L22="Moderado"),AND(I22="Baja",L22="Menor"),AND(I22="Baja",L22="Moderado"),AND(I22="Media",L22="Leve"),AND(I22="Media",L22="Menor"),AND(I22="Media",L22="Moderado"),AND(I22="Alta",L22="Leve"),AND(I22="Alta",L22="Menor")),"Moderado",IF(OR(AND(I22="Muy Baja",L22="Mayor"),AND(I22="Baja",L22="Mayor"),AND(I22="Media",L22="Mayor"),AND(I22="Alta",L22="Moderado"),AND(I22="Alta",L22="Mayor"),AND(I22="Muy Alta",L22="Leve"),AND(I22="Muy Alta",L22="Menor"),AND(I22="Muy Alta",L22="Moderado"),AND(I22="Muy Alta",L22="Mayor")),"Alto",IF(OR(AND(I22="Muy Baja",L22="Catastrófico"),AND(I22="Baja",L22="Catastrófico"),AND(I22="Media",L22="Catastrófico"),AND(I22="Alta",L22="Catastrófico"),AND(I22="Muy Alta",L22="Catastrófico")),"Extremo","")))) -> Extremo | O22: =_xlfn.IFS(N22="Bajo","Aceptar",N22="Moderado","Reducir",N22="Alto","Reducir",N22="Extremo","Reducir") -> Reducir
B23: =+'3 - Identificación del Riesgo'!B22 -> COMUNICACIÓN Y GESTIÓN CON GRUPOS DE INTERÉS | C23: =+'3 - Identificación del Riesgo'!F22 -> DIRECCIÓN GENERAL (EQUIPO DE COMUNICACIONES) | D23: =+'3 - Identificación del Riesgo'!G22 -> R 6 | E23: =+'3 - Identificación del Riesgo'!H22 -> Dar información imprecisa o errónea a la ciudadanía a través de cualquier medio de comunicación por parte de personas autorizadas y NO autorizadas | F23: =+'3 - Identificación del Riesgo'!I22 -> Pérdida Reputacional | G23: =+'3 - Identificación del Riesgo'!J22 -> Posibilidad de pérdida reputacional en la credibilidad y mala imagen institucional por deficiencia en la información interna y externa de la entidad | H23: 8760 | I23: =IF(H23<=0,"",IF(H23<=2,"Muy Baja",IF(H23<=24,"Baja",IF(H23<=500,"Media",IF(H23<=5000,"Alta","Muy Alta"))))) -> Muy Alta | J23: =IF(I23="","",IF(I23="Muy Baja",0.2,IF(I23="Baja",0.4,IF(I23="Media",0.6,IF(I23="Alta",0.8,IF(I23="Muy Alta",1,)))))) -> 1 | K23: El riesgo afecta la imagen de la entidad a nivel nacional, con efecto publicitarios sostenible a nivel país | L23: =IF(OR(K23=[1]Datos!$A$23,K23=[1]Datos!$B$23),"Leve",IF(OR(K23=[1]Datos!$A$24,K23=[1]Datos!$B$24),"Menor",IF(OR(K23=[1]Datos!$A$25,K23=[1]Datos!$B$25),"Moderado",IF(OR(K23=[1]Datos!$A$26,K23=[1]Datos!$B$26),"Mayor",IF(OR(K23=[1]Datos!$A$27,K23=[1]Datos!$B$27),"Catastrófico",""))))) -> Catastrófico | M23: =IF(L23="","",IF(L23="Leve",0.2,IF(L23="Menor",0.4,IF(L23="Moderado",0.6,IF(L23="Mayor",0.8,IF(L23="Catastrófico",1,)))))) -> 1 | N23: =IF(OR(AND(I23="Muy Baja",L23="Leve"),AND(I23="Muy Baja",L23="Menor"),AND(I23="Baja",L23="Leve")),"Bajo",IF(OR(AND(I23="Muy baja",L23="Moderado"),AND(I23="Baja",L23="Menor"),AND(I23="Baja",L23="Moderado"),AND(I23="Media",L23="Leve"),AND(I23="Media",L23="Menor"),AND(I23="Media",L23="Moderado"),AND(I23="Alta",L23="Leve"),AND(I23="Alta",L23="Menor")),"Moderado",IF(OR(AND(I23="Muy Baja",L23="Mayor"),AND(I23="Baja",L23="Mayor"),AND(I23="Media",L23="Mayor"),AND(I23="Alta",L23="Moderado"),AND(I23="Alta",L23="Mayor"),AND(I23="Muy Alta",L23="Leve"),AND(I23="Muy Alta",L23="Menor"),AND(I23="Muy Alta",L23="Moderado"),AND(I23="Muy Alta",L23="Mayor")),"Alto",IF(OR(AND(I23="Muy Baja",L23="Catastrófico"),AND(I23="Baja",L23="Catastrófico"),AND(I23="Media",L23="Catastrófico"),AND(I23="Alta",L23="Catastrófico"),AND(I23="Muy Alta",L23="Catastrófico")),"Extremo","")))) -> Extremo | O23: =_xlfn.IFS(N23="Bajo","Aceptar",N23="Moderado","Reducir",N23="Alto","Reducir",N23="Extremo","Reducir") -> Reducir
B24: =+'3 - Identificación del Riesgo'!B23 -> COMUNICACIÓN Y GESTIÓN CON GRUPOS DE INTERÉS | C24: =+'3 - Identificación del Riesgo'!F23 -> DIRECCIÓN GENERAL (EQUIPO DE COMUNICACIONES) | D24: =+'3 - Identificación del Riesgo'!G23 -> R 7 | E24: =+'3 - Identificación del Riesgo'!H23 -> Inadecuada utilización de la imagen institucional | F24: =+'3 - Identificación del Riesgo'!I23 -> Pérdida Reputacional | G24: =+'3 - Identificación del Riesgo'!J23 -> Posibilidad de pérdida reputacional en la imagen institucional por el manejo inadecuado de la imagen institucional (símbolos, nombre, colores, manual de imagen, entre otros) | H24: 8760 | I24: =IF(H24<=0,"",IF(H24<=2,"Muy Baja",IF(H24<=24,"Baja",IF(H24<=500,"Media",IF(H24<=5000,"Alta","Muy Alta"))))) -> Muy Alta | J24: =IF(I24="","",IF(I24="Muy Baja",0.2,IF(I24="Baja",0.4,IF(I24="Media",0.6,IF(I24="Alta",0.8,IF(I24="Muy Alta",1,)))))) -> 1 | K24: El riesgo afecta la imagen de la entidad con algunos usuarios de relevancia frente al logro de los objetivos | L24: =IF(OR(K24=[1]Datos!$A$23,K24=[1]Datos!$B$23),"Leve",IF(OR(K24=[1]Datos!$A$24,K24=[1]Datos!$B$24),"Menor",IF(OR(K24=[1]Datos!$A$25,K24=[1]Datos!$B$25),"Moderado",IF(OR(K24=[1]Datos!$A$26,K24=[1]Datos!$B$26),"Mayor",IF(OR(K24=[1]Datos!$A$27,K24=[1]Datos!$B$27),"Catastrófico",""))))) -> Moderado | M24: =IF(L24="","",IF(L24="Leve",0.2,IF(L24="Menor",0.4,IF(L24="Moderado",0.6,IF(L24="Mayor",0.8,IF(L24="Catastrófico",1,)))))) -> 0.6 | N24: =IF(OR(AND(I24="Muy Baja",L24="Leve"),AND(I24="Muy Baja",L24="Menor"),AND(I24="Baja",L24="Leve")),"Bajo",IF(OR(AND(I24="Muy baja",L24="Moderado"),AND(I24="Baja",L24="Menor"),AND(I24="Baja",L24="Moderado"),AND(I24="Media",L24="Leve"),AND(I24="Media",L24="Menor"),AND(I24="Media",L24="Moderado"),AND(I24="Alta",L24="Leve"),AND(I24="Alta",L24="Menor")),"Moderado",IF(OR(AND(I24="Muy Baja",L24="Mayor"),AND(I24="Baja",L24="Mayor"),AND(I24="Media",L24="Mayor"),AND(I24="Alta",L24="Moderado"),AND(I24="Alta",L24="Mayor"),AND(I24="Muy Alta",L24="Leve"),AND(I24="Muy Alta",L24="Menor"),AND(I24="Muy Alta",L24="Moderado"),AND(I24="Muy Alta",L24="Mayor")),"Alto",IF(OR(AND(I24="Muy Baja",L24="Catastrófico"),AND(I24="Baja",L24="Catastrófico"),AND(I24="Media",L24="Catastrófico"),AND(I24="Alta",L24="Catastrófico"),AND(I24="Muy Alta",L24="Catastrófico")),"Extremo","")))) -> Alto | O24: =_xlfn.IFS(N24="Bajo","Aceptar",N24="Moderado","Reducir",N24="Alto","Reducir",N24="Extremo","Reducir") -> Reducir
B25: =+'3 - Identificación del Riesgo'!B24 -> COMUNICACIÓN Y GESTIÓN CON GRUPOS DE INTERÉS | C25: =+'3 - Identificación del Riesgo'!F24 -> DIRECCIÓN GENERAL (EQUIPO DE COMUNICACIONES) | D25: =+'3 - Identificación del Riesgo'!G24 -> R 7 | E25: =+'3 - Identificación del Riesgo'!H24 -> Inadecuada utilización de la imagen institucional | F25: =+'3 - Identificación del Riesgo'!I24 -> Pérdida Reputacional | G25: =+'3 - Identificación del Riesgo'!J24 -> Posibilidad de pérdida reputacional en la imagen institucional por el manejo inadecuado de la imagen institucional (símbolos, nombre, colores, manual de imagen, entre otros) | H25: 8760 | I25: =IF(H25<=0,"",IF(H25<=2,"Muy Baja",IF(H25<=24,"Baja",IF(H25<=500,"Media",IF(H25<=5000,"Alta","Muy Alta"))))) -> Muy Alta | J25: =IF(I25="","",IF(I25="Muy Baja",0.2,IF(I25="Baja",0.4,IF(I25="Media",0.6,IF(I25="Alta",0.8,IF(I25="Muy Alta",1,)))))) -> 1 | K25: El riesgo afecta la imagen de la entidad con algunos usuarios de relevancia frente al logro de los objetivos | L25: =IF(OR(K25=[1]Datos!$A$23,K25=[1]Datos!$B$23),"Leve",IF(OR(K25=[1]Datos!$A$24,K25=[1]Datos!$B$24),"Menor",IF(OR(K25=[1]Datos!$A$25,K25=[1]Datos!$B$25),"Moderado",IF(OR(K25=[1]Datos!$A$26,K25=[1]Datos!$B$26),"Mayor",IF(OR(K25=[1]Datos!$A$27,K25=[1]Datos!$B$27),"Catastrófico",""))))) -> Moderado | M25: =IF(L25="","",IF(L25="Leve",0.2,IF(L25="Menor",0.4,IF(L25="Moderado",0.6,IF(L25="Mayor",0.8,IF(L25="Catastrófico",1,)))))) -> 0.6 | N25: =IF(OR(AND(I25="Muy Baja",L25="Leve"),AND(I25="Muy Baja",L25="Menor"),AND(I25="Baja",L25="Leve")),"Bajo",IF(OR(AND(I25="Muy baja",L25="Moderado"),AND(I25="Baja",L25="Menor"),AND(I25="Baja",L25="Moderado"),AND(I25="Media",L25="Leve"),AND(I25="Media",L25="Menor"),AND(I25="Media",L25="Moderado"),AND(I25="Alta",L25="Leve"),AND(I25="Alta",L25="Menor")),"Moderado",IF(OR(AND(I25="Muy Baja",L25="Mayor"),AND(I25="Baja",L25="Mayor"),AND(I25="Media",L25="Mayor"),AND(I25="Alta",L25="Moderado"),AND(I25="Alta",L25="Mayor"),AND(I25="Muy Alta",L25="Leve"),AND(I25="Muy Alta",L25="Menor"),AND(I25="Muy Alta",L25="Moderado"),AND(I25="Muy Alta",L25="Mayor")),"Alto",IF(OR(AND(I25="Muy Baja",L25="Catastrófico"),AND(I25="Baja",L25="Catastrófico"),AND(I25="Media",L25="Catastrófico"),AND(I25="Alta",L25="Catastrófico"),AND(I25="Muy Alta",L25="Catastrófico")),"Extremo","")))) -> Alto | O25: =_xlfn.IFS(N25="Bajo","Aceptar",N25="Moderado","Reducir",N25="Alto","Reducir",N25="Extremo","Reducir") -> Reducir
B26: =+'3 - Identificación del Riesgo'!B25 -> COMUNICACIÓN Y GESTIÓN CON GRUPOS DE INTERÉS | C26: =+'3 - Identificación del Riesgo'!F25 -> DIRECCIÓN GENERAL (EQUIPO DE COMUNICACIONES) | D26: =+'3 - Identificación del Riesgo'!G25 -> R 8 | E26: =+'3 - Identificación del Riesgo'!H25 -> Información de la ANT no llega al público objetivo | F26: =+'3 - Identificación del Riesgo'!I25 -> Pérdida Reputacional | G26: =+'3 - Identificación del Riesgo'!J25 -> Posibilidad de pérdida reputacional en la imagen institucional en los grupo de interés por que los canales de comunicación no son efectivos y su es limitado | H26: 8760 | I26: =IF(H26<=0,"",IF(H26<=2,"Muy Baja",IF(H26<=24,"Baja",IF(H26<=500,"Media",IF(H26<=5000,"Alta","Muy Alta"))))) -> Muy Alta | J26: =IF(I26="","",IF(I26="Muy Baja",0.2,IF(I26="Baja",0.4,IF(I26="Media",0.6,IF(I26="Alta",0.8,IF(I26="Muy Alta",1,)))))) -> 1 | K26: El riesgo afecta la imagen de la entidad a nivel nacional, con efecto publicitarios sostenible a nivel país | L26: =IF(OR(K26=[1]Datos!$A$23,K26=[1]Datos!$B$23),"Leve",IF(OR(K26=[1]Datos!$A$24,K26=[1]Datos!$B$24),"Menor",IF(OR(K26=[1]Datos!$A$25,K26=[1]Datos!$B$25),"Moderado",IF(OR(K26=[1]Datos!$A$26,K26=[1]Datos!$B$26),"Mayor",IF(OR(K26=[1]Datos!$A$27,K26=[1]Datos!$B$27),"Catastrófico",""))))) -> Catastrófico | M26: =IF(L26="","",IF(L26="Leve",0.2,IF(L26="Menor",0.4,IF(L26="Moderado",0.6,IF(L26="Mayor",0.8,IF(L26="Catastrófico",1,)))))) -> 1 | N26: =IF(OR(AND(I26="Muy Baja",L26="Leve"),AND(I26="Muy Baja",L26="Menor"),AND(I26="Baja",L26="Leve")),"Bajo",IF(OR(AND(I26="Muy baja",L26="Moderado"),AND(I26="Baja",L26="Menor"),AND(I26="Baja",L26="Moderado"),AND(I26="Media",L26="Leve"),AND(I26="Media",L26="Menor"),AND(I26="Media",L26="Moderado"),AND(I26="Alta",L26="Leve"),AND(I26="Alta",L26="Menor")),"Moderado",IF(OR(AND(I26="Muy Baja",L26="Mayor"),AND(I26="Baja",L26="Mayor"),AND(I26="Media",L26="Mayor"),AND(I26="Alta",L26="Moderado"),AND(I26="Alta",L26="Mayor"),AND(I26="Muy Alta",L26="Leve"),AND(I26="Muy Alta",L26="Menor"),AND(I26="Muy Alta",L26="Moderado"),AND(I26="Muy Alta",L26="Mayor")),"Alto",IF(OR(AND(I26="Muy Baja",L26="Catastrófico"),AND(I26="Baja",L26="Catastrófico"),AND(I26="Media",L26="Catastrófico"),AND(I26="Alta",L26="Catastrófico"),AND(I26="Muy Alta",L26="Catastrófico")),"Extremo","")))) -> Extremo | O26: =_xlfn.IFS(N26="Bajo","Aceptar",N26="Moderado","Reducir",N26="Alto","Reducir",N26="Extremo","Reducir") -> Reducir
... B190: =+'3 - Identificación del Riesgo'!B189 -> SEGUIMIENTO, EVALUACIÓN Y MEJORA | C190: =+'3 - Identificación del Riesgo'!F189 -> OFICINA DE CONTROL INTERNO | D190: =+'3 - Identificación del Riesgo'!G189 -> R 74 | E190: =+'3 - Identificación del Riesgo'!H189 -> Incumplimiento en la ejecución del cronograma de monitoreo de los planes de mejoramiento | F190: =+'3 - Identificación del Riesgo'!I189 -> Pérdida Reputacional | G190: =+'3 - Identificación del Riesgo'!J189 -> Posibilidad de pérdida reputacional en el deterioro de la imagen institucional y la posible exposición de sanciones para la entidad y/o servidores públicos por posibles coyunturas en los procesos de la entidad que no permiten realizar seguimiento y/o cumplimiento a los planes de mejoramiento establecidos | H190: 4 | I190: =IF(H190<=0,"",IF(H190<=2,"Muy Baja",IF(H190<=24,"Baja",IF(H190<=500,"Media",IF(H190<=5000,"Alta","Muy Alta"))))) -> Baja | J190: =IF(I190="","",IF(I190="Muy Baja",0.2,IF(I190="Baja",0.4,IF(I190="Media",0.6,IF(I190="Alta",0.8,IF(I190="Muy Alta",1,)))))) -> 0.4 | K190: El riesgo afecta la imagen de la entidad a nivel nacional, con efecto publicitarios sostenible a nivel país | L190: =IF(OR(K190=[1]Datos!$A$23,K190=[1]Datos!$B$23),"Leve",IF(OR(K190=[1]Datos!$A$24,K190=[1]Datos!$B$24),"Menor",IF(OR(K190=[1]Datos!$A$25,K190=[1]Datos!$B$25),"Moderado",IF(OR(K190=[1]Datos!$A$26,K190=[1]Datos!$B$26),"Mayor",IF(OR(K190=[1]Datos!$A$27,K190=[1]Datos!$B$27),"Catastrófico",""))))) -> Catastrófico | M190: =IF(L190="","",IF(L190="Leve",0.2,IF(L190="Menor",0.4,IF(L190="Moderado",0.6,IF(L190="Mayor",0.8,IF(L190="Catastrófico",1,)))))) -> 1 | N190: =IF(OR(AND(I190="Muy Baja",L190="Leve"),AND(I190="Muy Baja",L190="Menor"),AND(I190="Baja",L190="Leve")),"Bajo",IF(OR(AND(I190="Muy baja",L190="Moderado"),AND(I190="Baja",L190="Menor"),AND(I190="Baja",L190="Moderado"),AND(I190="Media",L190="Leve"),AND(I190="Media",L190="Menor"),AND(I190="Media",L190="Moderado"),AND(I190="Alta",L190="Leve"),AND(I190="Alta",L190="Menor")),"Moderado",IF(OR(AND(I190="Muy Baja",L190="Mayor"),AND(I190="Baja",L190="Mayor"),AND(I190="Media",L190="Mayor"),AND(I190="Alta",L190="Moderado"),AND(I190="Alta",L190="Mayor"),AND(I190="Muy Alta",L190="Leve"),AND(I190="Muy Alta",L190="Menor"),AND(I190="Muy Alta",L190="Moderado"),AND(I190="Muy Alta",L190="Mayor")),"Alto",IF(OR(AND(I190="Muy Baja",L190="Catastrófico"),AND(I190="Baja",L190="Catastrófico"),AND(I190="Media",L190="Catastrófico"),AND(I190="Alta",L190="Catastrófico"),AND(I190="Muy Alta",L190="Catastrófico")),"Extremo","")))) -> Extremo | O190: =_xlfn.IFS(N190="Bajo","Aceptar",N190="Moderado","Reducir",N190="Alto","Reducir",N190="Extremo","Reducir") -> Reducir

Sheet 5 - Diseño y Valoración Control
D2: FORMA | E2: MAPA DE RIESGOS DE GESTIÓN | V2: CÓDIGO | W2: DEST-F-001
D3: ACTIVIDAD | E3: GESTIÓN DE RIESGOS Y OPORTUNIDADES | V3: VERSIÓN | W3: 4
D4: PROCESO | E4: DIRECCIONAMIENTO ESTRATÉGICO | V4: FECHA | W4: 44636
B5: DISEÑO Y VALORACIÓN DE ACTIVIDADES DE CONTROL
B6: Al momento de diseñar el control por la primera línea de defensa, es importante considerar que estén bien diseñados, es decir, que efectivamente mitiguen las causas que hacen que el riesgo se materialice. La Oficina de Planeación actuando como segunda línea de defensa, evalúa que el control este acorde a la mitigación del riesgo identificado.
B7: FICHA DE VALORACIÓN DEL RIESGO RESIDUAL
B8: PROCESO | C8: RESPONSABLE DE LA ACTIVIDAD Responsable del Riesgo Responsable en la coordinación de la actividad y que si es compartida, se coloca el que mayor responsabilidad institucional tiene en su función. Basándose en la caracterización del proceso | D8: NÚMERO DE RIESGO | E8: NOMBRE DEL RIESGO | F8: IMPACTO DEL RIESGO | G8: DESCRIPCIÓN DEL RIESGO Debe contener todos los detalles que sean necesarios y que sea fácil de entender tanto para el líder del proceso como para personas ajenas al proceso. Se propone una estructura que facilita su redacción y claridad que inicia con la frase "POSIBILIDAD DE" | H8: DISEÑO DE CONTROL 1. El responsable del riesgo puede diseñar un control (Preventivo, Detectivo o Correctivo) para mitigar la materialización del riesgo, si la valoración del Riesgo Inherente presenta como tratamiento ACEPTAR 2. Se propone al responsable del riesgo, diseñar como mínimo un control Preventivo o Detectivo y un control Correctivo, para reducir de manera más efectiva la probabilidad e impacto del riesgo 3. Cada riesgo puede contener hasta tres (3) controles, basándose en el trabajo histórico de diseño de controles | K8: VALORACIÓN DEL DISEÑO DEL CONTROL Atributos de Eficiencia y Atributos de información | R8: VALORACIÓN DEL CONTROL Nivel del riesgo residual
H9: NÚMERO DEL CONTROL | I9: RESPONSABLE DE LA ACTIVIDAD DE CONTROL Identifica el cargo del servidor que ejecuta el control y el nombre de la dependencia, en caso de que sean controles automáticos se identificará el sistema que realiza la actividad. | J9: DESCRIPCIÓN DEL CONTROL | K9: Tipo de Control Señale el tipo de control - Mínimo debe existir un control preventivo o detectivo y un control correctivo Preventivo: peso 25% Detectivo: peso 15% Correctivo: peso 10% | L9: Afectación Probabilidad o Impacto | M9: Implementación Automático: peso 25% Manual: peso 15% | N9: Calificación (Suma de los porcentajes de Atributos de Eficiencia) La columna O es una operación y no debe diligenciarse | O9: Documentación Documentado Sin documentar | P9: Frecuencia Continua: El control se aplica siempre que se realiza la actividad que conlleva el riesgo Aleatoria: El control se aplica aleatoriamente a la actividad que conlleva el riesgo | Q9: Evidencia Con registro Sin Registro | R9: Probabilidad Residual Porcentaje (%) | S9: Probabilidad Residual Final | T9: Impacto Residual Porcentaje (%) | U9: Impacto Residual Final | V9: Zona de Riesgo Final (Exposición en Mapa de Calor Residual) | W9: OPCIÓN DE MANEJO Tratamiento
B10: =+'4 - Valor del Riesgo Inherente'!B10 -> DIRECCIONAMIENTO ESTRATÉGICO | C10: =+'4 - Valor del Riesgo Inherente'!C10 -> OFICINA DE PLANEACIÓN | D10: =+'4 - Valor del Riesgo Inherente'!D10 -> R 1 | E10: =+'4 - Valor del Riesgo Inherente'!E10 -> Aprobar planes no pertinentes a la entidad | F10: =+'4 - Valor del Riesgo Inherente'!F10 -> Afectación Económica o presupuestal | G10: =+'4 - Valor del Riesgo Inherente'!G10 -> Posibilidad de afectación económica por multa del ente de control debido al desconocimiento y/o interpretación inadecuada de la política pública para el sector rural, del contexto, del entorno y de la situación de la Agencia y de la normativa vigente relacionada con la Agencia | H10: C 1.1 | I10: CONSEJO DIRECTIVO DE LA AGENCIA NACIONAL DE TIERRAS | J10: El Consejo Directivo de la Agencia Nacional de Tierras resuelve aprobar los Planes de Acción anuales y el Plan Estratégico cuatrienal presentado por las dependencias a través del acta de sesión ordinaria del Consejo Directivo de la Entidad donde verifican el cumplimiento de las necesidades para la misionalidad de la entidad | K10: Preventivo | L10: =IF(OR(K10="Correctivo",K10="Detectivo"),"Impacto",IF(K10="Preventivo","Probabilidad","")) -> Probabilidad | M10: Manual | N10: =IF(AND(K10="Preventivo",M10="Automático"),"50%",IF(AND(K10="Preventivo",M10="Manual"),"40%",IF(AND(K10="Detectivo",M10="Automático"),"40%",IF(AND(K10="Detectivo",M10="Manual"),"30%",IF(AND(K10="Correctivo",M10="Automático"),"35%",IF(AND(K10="Correctivo",M10="Manual"),"25%","")))))) -> 40% | O10: Documentado | P10: Continua | Q10: Con registro | R10: =+IFERROR(IF(L10="Probabilidad",('4 - Valor del Riesgo Inherente'!J10-(+'4 - Valor del Riesgo Inherente'!J10*N10)),IF(L10="Impacto",'4 - Valor del Riesgo Inherente'!J10,"")),"") -> 0.12 | S10: =IFERROR(IF(R10="","",IF(R10<=0.2,"Muy Baja",IF(R10<=0.4,"Baja",IF(R10<=0.6,"Media",IF(R10<=0.8,"Alta","Muy Alta"))))),"") -> Muy Baja | T10: =+IFERROR(IF(L10="Impacto",('4 - Valor del Riesgo Inherente'!M10-(+'4 - Valor del Riesgo Inherente'!M10*N10)),IF(L10="Probabilidad",'4 - Valor del Riesgo Inherente'!M10,"")),"") -> 1 | U10: =IFERROR(IF(T10="","",IF(T10<=0.2,"Leve",IF(T10<=0.4,"Menor",IF(T10<=0.6,"Moderado",IF(T10<=0.8,"Mayor","Catastrófico"))))),"") -> Catastrófico | V10: =IF(OR(AND(S10="Muy Baja",U10="Leve"),AND(S10="Muy Baja",U10="Menor"),AND(S10="Baja",U10="Leve")),"Bajo",IF(OR(AND(S10="Muy baja",U10="Moderado"),AND(S10="Baja",U10="Menor"),AND(S10="Baja",U10="Moderado"),AND(S10="Media",U10="Leve"),AND(S10="Media",U10="Menor"),AND(S10="Media",U10="Moderado"),AND(S10="Alta",U10="Leve"),AND(S10="Alta",U10="Menor")),"Moderado",IF(OR(AND(S10="Muy Baja",U10="Mayor"),AND(S10="Baja",U10="Mayor"),AND(S10="Media",U10="Mayor"),AND(S10="Alta",U10="Moderado"),AND(S10="Alta",U10="Mayor"),AND(S10="Muy Alta",U10="Leve"),AND(S10="Muy Alta",U10="Menor"),AND(S10="Muy Alta",U10="Moderado"),AND(S10="Muy Alta",U10="Mayor")),"Alto",IF(OR(AND(S10="Muy Baja",U10="Catastrófico"),AND(S10="Baja",U10="Catastrófico"),AND(S10="Media",U10="Catastrófico"),AND(S10="Alta",U10="Catastrófico"),AND(S10="Muy Alta",U10="Catastrófico")),"Extremo","")))) -> Extremo | W10: =_xlfn.IFS(V10="Bajo","Aceptar",V10="Moderado","Reducir",V10="Alto","Reducir",V10="Extremo","Reducir") -> Reducir
B11: =+'4 - Valor del Riesgo Inherente'!B11 -> DIRECCIONAMIENTO ESTRATÉGICO | C11: =+'4 - Valor del Riesgo Inherente'!C11 -> OFICINA DE PLANEACIÓN | D11: =+'4 - Valor del Riesgo Inherente'!D11 -> R 1 | E11: =+'4 - Valor del Riesgo Inherente'!E11 -> Aprobar planes no pertinentes a la entidad | F11: =+'4 - Valor del Riesgo Inherente'!F11 -> Afectación Económica o presupuestal | G11: =+'4 - Valor del Riesgo Inherente'!G11 -> Posibilidad de afectación económica por multa del ente de control debido al desconocimiento y/o interpretación inadecuada de la política pública para el sector rural, del contexto, del entorno y de la situación de la Agencia y de la normativa vigente relacionada con la Agencia | H11: C 1.2 | I11: OFICINA DE PLANEACIÓN | J11: La Oficina de Planeación reemplaza los planes que no fueron aprobados a través de los Planes de Acción anuales y/o el Plan Estratégico cuatrienal actualizados analizando las observaciones presentadas para cumplir con los objetivos misionales y presentarlos de nuevo a revisión y aprobación del Consejo Directivo de la ANT | K11: Correctivo | L11: =IF(OR(K11="Correctivo",K11="Detectivo"),"Impacto",IF(K11="Preventivo","Probabilidad","")) -> Impacto | M11: Manual | N11: =IF(AND(K11="Preventivo",M11="Automático"),"50%",IF(AND(K11="Preventivo",M11="Manual"),"40%",IF(AND(K11="Detectivo",M11="Automático"),"40%",IF(AND(K11="Detectivo",M11="Manual"),"30%",IF(AND(K11="Correctivo",M11="Automático"),"35%",IF(AND(K11="Correctivo",M11="Manual"),"25%","")))))) -> 25% | O11: Documentado | P11: Continua | Q11: Con registro | S11: =IFERROR(IF(R11="","",IF(R11<=0.2,"Muy Baja",IF(R11<=0.4,"Baja",IF(R11<=0.6,"Media",IF(R11<=0.8,"Alta","Muy Alta"))))),"") | U11: =IFERROR(IF(T11="","",IF(T11<=0.2,"Leve",IF(T11<=0.4,"Menor",IF(T11<=0.6,"Moderado",IF(T11<=0.8,"Mayor","Catastrófico"))))),"") | V11: =IF(OR(AND(S11="Muy Baja",U11="Leve"),AND(S11="Muy Baja",U11="Menor"),AND(S11="Baja",U11="Leve")),"Bajo",IF(OR(AND(S11="Muy baja",U11="Moderado"),AND(S11="Baja",U11="Menor"),AND(S11="Baja",U11="Moderado"),AND(S11="Media",U11="Leve"),AND(S11="Media",U11="Menor"),AND(S11="Media",U11="Moderado"),AND(S11="Alta",U11="Leve"),AND(S11="Alta",U11="Menor")),"Moderado",IF(OR(AND(S11="Muy Baja",U11="Mayor"),AND(S11="Baja",U11="Mayor"),AND(S11="Media",U11="Mayor"),AND(S11="Alta",U11="Moderado"),AND(S11="Alta",U11="Mayor"),AND(S11="Muy Alta",U11="Leve"),AND(S11="Muy Alta",U11="Menor"),AND(S11="Muy Alta",U11="Moderado"),AND(S11="Muy Alta",U11="Mayor")),"Alto",IF(OR(AND(S11="Muy Baja",U11="Catastrófico"),AND(S11="Baja",U11="Catastrófico"),AND(S11="Media",U11="Catastrófico"),AND(S11="Alta",U11="Catastrófico"),AND(S11="Muy Alta",U11="Catastrófico")),"Extremo","")))) | W11: =_xlfn.IFS(V11="Bajo","Aceptar",V11="Moderado","Reducir",V11="Alto","Reducir",V11="Extremo","Reducir") -> #N/A
B12: =+'4 - Valor del Riesgo Inherente'!B12 -> DIRECCIONAMIENTO ESTRATÉGICO | C12: =+'4 - Valor del Riesgo Inherente'!C12 -> OFICINA DE PLANEACIÓN | D12: =+'4 - Valor del Riesgo Inherente'!D12 -> R 2 | E12: =+'4 - Valor del Riesgo Inherente'!E12 -> Inscribir proyectos de inversión no adecuados a las necesidades de la entidad | F12: =+'4 - Valor del Riesgo Inherente'!F12 -> Afectación Económica o presupuestal | G12: =+'4 - Valor del Riesgo Inherente'!G12 -> Posibilidad de afectación económica por multa del ente de control debido al desconocimiento de los cambios en las normas y procesos de Min Hacienda y DNP relacionados con la planeación presupuestal, del MADR relacionados con parámetros sectoriales para la presentación de proyectos, desconocimiento del procedimiento y de los instrumentos establecidos en la ANT para la formulación de proyectos de inversión por parte de las dependencias y desarticulación de las metas e indicadores del proyecto con las metas e indicadores del PND y Plan Marco de Implementación | H12: C 2.1 | I12: OFICINA DE PLANEACIÓN | J12: La Oficina de Planeación revisa la formulación de los proyectos de inversión a través del documento técnico que presenta la verificación de pertinencia y confiabilidad técnica, financiera, económica, legal, ambiental y metodológica del proyecto; en línea con la misión, objetivos, lineamientos y planes establecidos por parte de la entidad | K12: Preventivo | L12: =IF(OR(K12="Correctivo",K12="Detectivo"),"Impacto",IF(K12="Preventivo","Probabilidad","")) -> Probabilidad | M12: Manual | N12: =IF(AND(K12="Preventivo",M12="Automático"),"50%",IF(AND(K12="Preventivo",M12="Manual"),"40%",IF(AND(K12="Detectivo",M12="Automático"),"40%",IF(AND(K12="Detectivo",M12="Manual"),"30%",IF(AND(K12="Correctivo",M12="Automático"),"35%",IF(AND(K12="Correctivo",M12="Manual"),"25%","")))))) -> 40% | O12: Documentado | P12: Continua | Q12: Con registro | R12: =+IFERROR(IF(L12="Probabilidad",('4 - Valor del Riesgo Inherente'!J12-(+'4 - Valor del Riesgo Inherente'!J12*N12)),IF(L12="Impacto",'4 - Valor del Riesgo Inherente'!J12,"")),"") -> 0.12 | S12: =IFERROR(IF(R12="","",IF(R12<=0.2,"Muy Baja",IF(R12<=0.4,"Baja",IF(R12<=0.6,"Media",IF(R12<=0.8,"Alta","Muy Alta"))))),"") -> Muy Baja | T12: =+IFERROR(IF(L12="Impacto",('4 - Valor del Riesgo Inherente'!M12-(+'4 - Valor del Riesgo Inherente'!M12*N12)),IF(L12="Probabilidad",'4 - Valor del Riesgo Inherente'!M12,"")),"") -> 1 | U12: =IFERROR(IF(T12="","",IF(T12<=0.2,"Leve",IF(T12<=0.4,"Menor",IF(T12<=0.6,"Moderado",IF(T12<=0.8,"Mayor","Catastrófico"))))),"") -> Catastrófico | V12: =IF(OR(AND(S12="Muy Baja",U12="Leve"),AND(S12="Muy Baja",U12="Menor"),AND(S12="Baja",U12="Leve")),"Bajo",IF(OR(AND(S12="Muy baja",U12="Moderado"),AND(S12="Baja",U12="Menor"),AND(S12="Baja",U12="Moderado"),AND(S12="Media",U12="Leve"),AND(S12="Media",U12="Menor"),AND(S12="Media",U12="Moderado"),AND(S12="Alta",U12="Leve"),AND(S12="Alta",U12="Menor")),"Moderado",IF(OR(AND(S12="Muy Baja",U12="Mayor"),AND(S12="Baja",U12="Mayor"),AND(S12="Media",U12="Mayor"),AND(S12="Alta",U12="Moderado"),AND(S12="Alta",U12="Mayor"),AND(S12="Muy Alta",U12="Leve"),AND(S12="Muy Alta",U12="Menor"),AND(S12="Muy Alta",U12="Moderado"),AND(S12="Muy Alta",U12="Mayor")),"Alto",IF(OR(AND(S12="Muy Baja",U12="Catastrófico"),AND(S12="Baja",U12="Catastrófico"),AND(S12="Media",U12="Catastrófico"),AND(S12="Alta",U12="Catastrófico"),AND(S12="Muy Alta",U12="Catastrófico")),"Extremo","")))) -> Extremo | W12: =_xlfn.IFS(V12="Bajo","Aceptar",V12="Moderado","Reducir",V12="Alto","Reducir",V12="Extremo","Reducir") -> Reducir
B13: =+'4 - Valor del Riesgo Inherente'!B13 -> DIRECCIONAMIENTO ESTRATÉGICO | C13: =+'4 - Valor del Riesgo Inherente'!C13 -> OFICINA DE PLANEACIÓN | D13: =+'4 - Valor del Riesgo Inherente'!D13 -> R 2 | E13: =+'4 - Valor del Riesgo Inherente'!E13 -> Inscribir proyectos de inversión no adecuados a las necesidades de la entidad | F13: =+'4 - Valor del Riesgo Inherente'!F13 -> Afectación Económica o presupuestal | G13: =+'4 - Valor del Riesgo Inherente'!G13 -> Posibilidad de afectación económica por multa del ente de control debido al desconocimiento de los cambios en las normas y procesos de Min Hacienda y DNP relacionados con la planeación presupuestal, del MADR relacionados con parámetros sectoriales para la presentación de proyectos, desconocimiento del procedimiento y de los instrumentos establecidos en la ANT para la formulación de proyectos de inversión por parte de las dependencias y desarticulación de las metas e indicadores del proyecto con las metas e indicadores del PND y Plan Marco de Implementación | H13: C 2.2 | I13: OFICINA DE PLANEACIÓN | J13: La Oficina de Planeación evalúa el cumplimiento de requisitos para la formulación de los proyectos de inversión a través de una lista de verificación cumpliendo con los criterios consignados en el artículo 12 del Decreto 2844 de 2010 por parte del rol Control de Formulación En caso de tener observaciones se devolverá el trámite a través del SUIFP o en caso de dar viabilidad, se procederá a integrar el comentario de aprobación y enviará el trámite al rol Entidad Jefe de Planeación | K13: Preventivo | L13: =IF(OR(K13="Correctivo",K13="Detectivo"),"Impacto",IF(K13="Preventivo","Probabilidad","")) -> Probabilidad | M13: Manual | N13: =IF(AND(K13="Preventivo",M13="Automático"),"50%",IF(AND(K13="Preventivo",M13="Manual"),"40%",IF(AND(K13="Detectivo",M13="Automático"),"40%",IF(AND(K13="Detectivo",M13="Manual"),"30%",IF(AND(K13="Correctivo",M13="Automático"),"35%",IF(AND(K13="Correctivo",M13="Manual"),"25%","")))))) -> 40% | O13: Documentado | P13: Continua | Q13: Sin registro | R13: =IFERROR(IF(AND(L12="Probabilidad",L13="Probabilidad"),(R12-(+R12*N13)),IF(L13="Probabilidad",('4 - Valor del Riesgo Inherente'!J12-(+'4 - Valor del Riesgo Inherente'!J12*N13)),IF(L13="Impacto",R12,""))),"") -> 0.072 | S13: =IFERROR(IF(R13="","",IF(R13<=0.2,"Muy Baja",IF(R13<=0.4,"Baja",IF(R13<=0.6,"Media",IF(R13<=0.8,"Alta","Muy Alta"))))),"") -> Muy Baja | T13: =IFERROR(IF(AND(L12="Impacto",L13="Impacto"),(T12-(+T12*N13)),IF(L13="Impacto",('4 - Valor del Riesgo Inherente'!M12-(+'4 - Valor del Riesgo Inherente'!M12*N13)),IF(L13="Probabilidad",T12,""))),"") -> 1 | U13: =IFERROR(IF(T13="","",IF(T13<=0.2,"Leve",IF(T13<=0.4,"Menor",IF(T13<=0.6,"Moderado",IF(T13<=0.8,"Mayor","Catastrófico"))))),"") -> Catastrófico | V13: =IF(OR(AND(S13="Muy Baja",U13="Leve"),AND(S13="Muy Baja",U13="Menor"),AND(S13="Baja",U13="Leve")),"Bajo",IF(OR(AND(S13="Muy baja",U13="Moderado"),AND(S13="Baja",U13="Menor"),AND(S13="Baja",U13="Moderado"),AND(S13="Media",U13="Leve"),AND(S13="Media",U13="Menor"),AND(S13="Media",U13="Moderado"),AND(S13="Alta",U13="Leve"),AND(S13="Alta",U13="Menor")),"Moderado",IF(OR(AND(S13="Muy Baja",U13="Mayor"),AND(S13="Baja",U13="Mayor"),AND(S13="Media",U13="Mayor"),AND(S13="Alta",U13="Moderado"),AND(S13="Alta",U13="Mayor"),AND(S13="Muy Alta",U13="Leve"),AND(S13="Muy Alta",U13="Menor"),AND(S13="Muy Alta",U13="Moderado"),AND(S13="Muy Alta",U13="Mayor")),"Alto",IF(OR(AND(S13="Muy Baja",U13="Catastrófico"),AND(S13="Baja",U13="Catastrófico"),AND(S13="Media",U13="Catastrófico"),AND(S13="Alta",U13="Catastrófico"),AND(S13="Muy Alta",U13="Catastrófico")),"Extremo","")))) -> Extremo | W13: =_xlfn.IFS(V13="Bajo","Aceptar",V13="Moderado","Reducir",V13="Alto","Reducir",V13="Extremo","Reducir") -> Reducir
B14: =+'4 - Valor del Riesgo Inherente'!B14 -> DIRECCIONAMIENTO ESTRATÉGICO | C14: =+'4 - Valor del Riesgo Inherente'!C14 -> OFICINA DE PLANEACIÓN | D14: =+'4 - Valor del Riesgo Inherente'!D14 -> R 2 | E14: =+'4 - Valor del Riesgo Inherente'!E14 -> Inscribir proyectos de inversión no adecuados a las necesidades de la entidad | F14: =+'4 - Valor del Riesgo Inherente'!F14 -> Afectación Económica o presupuestal | G14: =+'4 - Valor del Riesgo Inherente'!G14 -> Posibilidad de afectación económica por multa del ente de control debido al desconocimiento de los cambios en las normas y procesos de Min Hacienda y DNP relacionados con la planeación presupuestal, del MADR relacionados con parámetros sectoriales para la presentación de proyectos, desconocimiento del procedimiento y de los instrumentos establecidos en la ANT para la formulación de proyectos de inversión por parte de las dependencias y desarticulación de las metas e indicadores del proyecto con las metas e indicadores del PND y Plan Marco de Implementación | H14: C 2.3 | I14: OFICINA DE PLANEACIÓN | J14: La Oficina de Planeación reemplaza los Proyectos Inversión devueltos a través de la formulación actualizada de los Proyectos de Inversión con base a las observaciones presentadas para dar cumplimiento a los criterios consignados en el artículo 12 del Decreto 2844 de 2010 por parte del rol Control de Formulación | K14: Correctivo | L14: =IF(OR(K14="Correctivo",K14="Detectivo"),"Impacto",IF(K14="Preventivo","Probabilidad","")) -> Impacto | M14: Manual | N14: =IF(AND(K14="Preventivo",M14="Automático"),"50%",IF(AND(K14="Preventivo",M14="Manual"),"40%",IF(AND(K14="Detectivo",M14="Automático"),"40%",IF(AND(K14="Detectivo",M14="Manual"),"30%",IF(AND(K14="Correctivo",M14="Automático"),"35%",IF(AND(K14="Correctivo",M14="Manual"),"25%","")))))) -> 25% | O14: Documentado | P14: Continua | Q14: Con registro | S14: =IFERROR(IF(R14="","",IF(R14<=0.2,"Muy Baja",IF(R14<=0.4,"Baja",IF(R14<=0.6,"Media",IF(R14<=0.8,"Alta","Muy Alta"))))),"") | U14: =IFERROR(IF(T14="","",IF(T14<=0.2,"Leve",IF(T14<=0.4,"Menor",IF(T14<=0.6,"Moderado",IF(T14<=0.8,"Mayor","Catastrófico"))))),"") | V14: =IF(OR(AND(S14="Muy Baja",U14="Leve"),AND(S14="Muy Baja",U14="Menor"),AND(S14="Baja",U14="Leve")),"Bajo",IF(OR(AND(S14="Muy baja",U14="Moderado"),AND(S14="Baja",U14="Menor"),AND(S14="Baja",U14="Moderado"),AND(S14="Media",U14="Leve"),AND(S14="Media",U14="Menor"),AND(S14="Media",U14="Moderado"),AND(S14="Alta",U14="Leve"),AND(S14="Alta",U14="Menor")),"Moderado",IF(OR(AND(S14="Muy Baja",U14="Mayor"),AND(S14="Baja",U14="Mayor"),AND(S14="Media",U14="Mayor"),AND(S14="Alta",U14="Moderado"),AND(S14="Alta",U14="Mayor"),AND(S14="Muy Alta",U14="Leve"),AND(S14="Muy Alta",U14="Menor"),AND(S14="Muy Alta",U14="Moderado"),AND(S14="Muy Alta",U14="Mayor")),"Alto",IF(OR(AND(S14="Muy Baja",U14="Catastrófico"),AND(S14="Baja",U14="Catastrófico"),AND(S14="Media",U14="Catastrófico"),AND(S14="Alta",U14="Catastrófico"),AND(S14="Muy Alta",U14="Catastrófico")),"Extremo","")))) | W14: =_xlfn.IFS(V14="Bajo","Aceptar",V14="Moderado","Reducir",V14="Alto","Reducir",V14="Extremo","Reducir") -> #N/A
